Workbook

Sheet ICMS2 Building
A2: Unique ID | B2: Project Scope | C2: Cost Category (Level 2) | D2: Cost Group (Level 3) | E2: Cost Sub-Group (Level 4) | F2: Cost Sub Sub-Group (Level 5) | G2: Cost Category (Level 2) | H2: Cost Group (Level 3) | I2: Cost Sub-Group (Level 4) | J2: Cost Sub Sub-Group (Level 5)
A4: =B4&"."&C4&"."&D4&"."&E4&"."&F4 -> 01.1.00.000.000 | B4: 01 | C4: 1 | D4: 00 | E4: 000 | F4: 000 | G4: Acquisition Costs (AC) | M4: =C4&"."&D4&"."&E4&"" -> 1.00.000 | N4: =COUNTIF('Building Map'!S:S,'ICMS2 Building'!M4) -> 0
A5: =B5&"."&C5&"."&D5&"."&E5&"."&F5 -> 01.1.01.000.000 | B5: 01 | C5: 1 | D5: 01 | E5: 000 | F5: 000 | G5: Acquisition Costs (AC) | H5: Site acquisition | M5: =C5&"."&D5&"."&E5&"" -> 1.01.000 | N5: =COUNTIF('Building Map'!S:S,'ICMS2 Building'!M5) -> 0
A6: =B6&"."&C6&"."&D6&"."&E6&"."&F6 -> 01.1.01.010.000 | B6: 01 | C6: 1 | D6: 01 | E6: 010 | F6: 000 | G6: Acquisition Costs (AC) | H6: Site acquisition | I6: Costs and premium required to procure site | M6: =C6&"."&D6&"."&E6&"" -> 1.01.010 | N6: =COUNTIF('Building Map'!S:S,'ICMS2 Building'!M6) -> 0
A7: =B7&"."&C7&"."&D7&"."&E7&"."&F7 -> 01.1.01.020.000 | B7: 01 | C7: 1 | D7: 01 | E7: 020 | F7: 000 | G7: Acquisition Costs (AC) | H7: Site acquisition | I7: Compensation to existing occupiers | M7: =C7&"."&D7&"."&E7&"" -> 1.01.020 | N7: =COUNTIF('Building Map'!S:S,'ICMS2 Building'!M7) -> 0
A8: =B8&"."&C8&"."&D8&"."&E8&"."&F8 -> 01.1.01.030.000 | B8: 01 | C8: 1 | D8: 01 | E8: 030 | F8: 000 | G8: Acquisition Costs (AC) | H8: Site acquisition | I8: Demolition, removal and modification of existing properties by way of payment to existing owners instead of carrying out physical work | M8: =C8&"."&D8&"."&E8&"" -> 1.01.030 | N8: =COUNTIF('Building Map'!S:S,'ICMS2 Building'!M8) -> 0
A9: =B9&"."&C9&"."&D9&"."&E9&"."&F9 -> 01.1.01.040.000 | B9: 01 | C9: 1 | D9: 01 | E9: 040 | F9: 000 | G9: Acquisition Costs (AC) | H9: Site acquisition | I9: Contributions for the preservation of heritage, culture and environment | M9: =C9&"."&D9&"."&E9&"" -> 1.01.040 | N9: =COUNTIF('Building Map'!S:S,'ICMS2 Building'!M9) -> 0
A10: =B10&"."&C10&"."&D10&"."&E10&"."&F10 -> 01.1.01.050.000 | B10: 01 | C10: 1 | D10: 01 | E10: 050 | F10: 000 | G10: Acquisition Costs (AC) | H10: Site acquisition | I10: Related fees to agents, lawyers, and the like | M10: =C10&"."&D10&"."&E10&"" -> 1.01.050 | N10: =COUNTIF('Building Map'!S:S,'ICMS2 Building'!M10) -> 0
A11: =B11&"."&C11&"."&D11&"."&E11&"."&F11 -> 01.1.01.060.000 | B11: 01 | C11: 1 | D11: 01 | E11: 060 | F11: 000 | G11: Acquisition Costs (AC) | H11: Site acquisition | I11: Related taxes and statutory charges | M11: =C11&"."&D11&"."&E11&"" -> 1.01.060 | N11: =COUNTIF('Building Map'!S:S,'ICMS2 Building'!M11) -> 0
A12: =B12&"."&C12&"."&D12&"."&E12&"."&F12 -> 01.1.02.000.000 | B12: 01 | C12: 1 | D12: 02 | E12: 000 | F12: 000 | G12: Acquisition Costs (AC) | H12: Administrative, finance, legal and marketing expenses | M12: =C12&"."&D12&"."&E12&"" -> 1.02.000 | N12: =COUNTIF('Building Map'!S:S,'ICMS2 Building'!M12) -> 0
A13: =B13&"."&C13&"."&D13&"."&E13&"."&F13 -> 01.1.02.010.000 | B13: 01 | C13: 1 | D13: 02 | E13: 010 | F13: 000 | G13: Acquisition Costs (AC) | H13: Administrative, finance, legal and marketing expenses | I13: Client’s general office overheads | M13: =C13&"."&D13&"."&E13&"" -> 1.02.010 | N13: =COUNTIF('Building Map'!S:S,'ICMS2 Building'!M13) -> 0
A14: =B14&"."&C14&"."&D14&"."&E14&"."&F14 -> 01.1.02.020.000 | B14: 01 | C14: 1 | D14: 02 | E14: 020 | F14: 000 | G14: Acquisition Costs (AC) | H14: Administrative, finance, legal and marketing expenses | I14: Client’s project-specific administrative expenses | M14: =C14&"."&D14&"."&E14&"" -> 1.02.020 | N14: =COUNTIF('Building Map'!S:S,'ICMS2 Building'!M14) -> 0
A15: =B15&"."&C15&"."&D15&"."&E15&"."&F15 -> 01.1.02.020.010 | B15: 01 | C15: 1 | D15: 02 | E15: 020 | F15: 010 | G15: Acquisition Costs (AC) | H15: Administrative, finance, legal and marketing expenses | I15: Client’s project-specific administrative expenses | J15: in-house project management and design team | M15: =C15&"."&D15&"."&E15&"" -> 1.02.020 | N15: =COUNTIF('Building Map'!S:S,'ICMS2 Building'!M15) -> 0
A16: =B16&"."&C16&"."&D16&"."&E16&"."&F16 -> 01.1.02.020.020 | B16: 01 | C16: 1 | D16: 02 | E16: 020 | F16: 020 | G16: Acquisition Costs (AC) | H16: Administrative, finance, legal and marketing expenses | I16: Client’s project-specific administrative expenses | J16: supporting project staff | M16: =C16&"."&D16&"."&E16&"" -> 1.02.020 | N16: =COUNTIF('Building Map'!S:S,'ICMS2 Building'!M16) -> 0
A17: =B17&"."&C17&"."&D17&"."&E17&"."&F17 -> 01.1.02.020.030 | B17: 01 | C17: 1 | D17: 02 | E17: 020 | F17: 030 | G17: Acquisition Costs (AC) | H17: Administrative, finance, legal and marketing expenses | I17: Client’s project-specific administrative expenses | J17: project office venue, furniture and equipment if not included in Constructor’s preliminaries | site overheads | M17: =C17&"."&D17&"."&E17&"" -> 1.02.020 | N17: =COUNTIF('Building Map'!S:S,'ICMS2 Building'!M17) -> 0
A18: =B18&"."&C18&"."&D18&"."&E18&"."&F18 -> 01.1.02.020.040 | B18: 01 | C18: 1 | D18: 02 | E18: 020 | F18: 040 | G18: Acquisition Costs (AC) | H18: Administrative, finance, legal and marketing expenses | I18: Client’s project-specific administrative expenses | J18: stores and workshops | M18: =C18&"."&D18&"."&E18&"" -> 1.02.020 | N18: =COUNTIF('Building Map'!S:S,'ICMS2 Building'!M18) -> 0
A19: =B19&"."&C19&"."&D19&"."&E19&"."&F19 -> 01.1.02.020.050 | B19: 01 | C19: 1 | D19: 02 | E19: 020 | F19: 050 | G19: Acquisition Costs (AC) | H19: Administrative, finance, legal and marketing expenses | I19: Client’s project-specific administrative expenses | J19: safety and insurances | M19: =C19&"."&D19&"."&E19&"" -> 1.02.020 | N19: =COUNTIF('Building Map'!S:S,'ICMS2 Building'!M19) -> 0
A20: =B20&"."&C20&"."&D20&"."&E20&"."&F20 -> 01.1.02.020.060 | B20: 01 | C20: 1 | D20: 02 | E20: 020 | F20: 060 | G20: Acquisition Costs (AC) | H20: Administrative, finance, legal and marketing expenses | I20: Client’s project-specific administrative expenses | J20: staff training | M20: =C20&"."&D20&"."&E20&"" -> 1.02.020 | N20: =COUNTIF('Building Map'!S:S,'ICMS2 Building'!M20) -> 0
A21: =B21&"."&C21&"."&D21&"."&E21&"."&F21 -> 01.1.02.020.070 | B21: 01 | C21: 1 | D21: 02 | E21: 020 | F21: 070 | G21: Acquisition Costs (AC) | H21: Administrative, finance, legal and marketing expenses | I21: Client’s project-specific administrative expenses | J21: accommodation and travelling expenses for in-house team and external parties | M21: =C21&"."&D21&"."&E21&"" -> 1.02.020 | N21: =COUNTIF('Building Map'!S:S,'ICMS2 Building'!M21) -> 0
A22: =B22&"."&C22&"."&D22&"."&E22&"."&F22 -> 01.1.02.030.000 | B22: 01 | C22: 1 | D22: 02 | E22: 030 | F22: 000 | G22: Acquisition Costs (AC) | H22: Administrative, finance, legal and marketing expenses | I22: Interest and finance costs | M22: =C22&"."&D22&"."&E22&"" -> 1.02.030 | N22: =COUNTIF('Building Map'!S:S,'ICMS2 Building'!M22) -> 0
A23: =B23&"."&C23&"."&D23&"."&E23&"."&F23 -> 01.1.02.040.000 | B23: 01 | C23: 1 | D23: 02 | E23: 040 | F23: 000 | G23: Acquisition Costs (AC) | H23: Administrative, finance, legal and marketing expenses | I23: Legal expenses | M23: =C23&"."&D23&"."&E23&"" -> 1.02.040 | N23: =COUNTIF('Building Map'!S:S,'ICMS2 Building'!M23) -> 0
A24: =B24&"."&C24&"."&D24&"."&E24&"."&F24 -> 01.1.02.050.000 | B24: 01 | C24: 1 | D24: 02 | E24: 050 | F24: 000 | G24: Acquisition Costs (AC) | H24: Administrative, finance, legal and marketing expenses | I24: Accounting expenses | M24: =C24&"."&D24&"."&E24&"" -> 1.02.050 | N24: =COUNTIF('Building Map'!S:S,'ICMS2 Building'!M24) -> 0
A25: =B25&"."&C25&"."&D25&"."&E25&"."&F25 -> 01.1.02.060.000 | B25: 01 | C25: 1 | D25: 02 | E25: 060 | F25: 000 | G25: Acquisition Costs (AC) | H25: Administrative, finance, legal and marketing expenses | I25: Sales, leasing, marketing, advertising and promotional expenses | M25: =C25&"."&D25&"."&E25&"" -> 1.02.060 | N25: =COUNTIF('Building Map'!S:S,'ICMS2 Building'!M25) -> 0
A26: =B26&"."&C26&"."&D26&"."&E26&"."&F26 -> 01.1.02.070.000 | B26: 01 | C26: 1 | D26: 02 | E26: 070 | F26: 000 | G26: Acquisition Costs (AC) | H26: Administrative, finance, legal and marketing expenses | I26: Taxes and statutory charges related to sales and lease | M26: =C26&"."&D26&"."&E26&"" -> 1.02.070 | N26: =COUNTIF('Building Map'!S:S,'ICMS2 Building'!M26) -> 0
A27: =B27&"."&C27&"."&D27&"."&E27&"."&F27 -> 01.1.02.080.000 | B27: 01 | C27: 1 | D27: 02 | E27: 080 | F27: 000 | G27: Acquisition Costs (AC) | H27: Administrative, finance, legal and marketing expenses | I27: License and permit charges for operation and use | M27: =C27&"."&D27&"."&E27&"" -> 1.02.080 | N27: =COUNTIF('Building Map'!S:S,'ICMS2 Building'!M27) -> 0
A28: =B28&"."&C28&"."&D28&"."&E28&"."&F28 -> 01.2.00.000.000 | B28: 01 | C28: 2 | D28: 00 | E28: 000 | F28: 000 | G28: Construction Costs | M28: =C28&"."&D28&"."&E28&"" -> 2.00.000 | N28: =COUNTIF('Building Map'!S:S,'ICMS2 Building'!M28) -> 0
A29: =B29&"."&C29&"."&D29&"."&E29&"."&F29 -> 01.2.01.000.000 | B29: 01 | C29: 2 | D29: 01 | E29: 000 | F29: 000 | G29: Construction Costs | H29: Demolition, site preparation and formation | M29: =C29&"."&D29&"."&E29&"" -> 2.01.000 | N29: =COUNTIF('Building Map'!S:S,'ICMS2 Building'!M29) -> 0
A30: =B30&"."&C30&"."&D30&"."&E30&"."&F30 -> 01.2.01.010.000 | B30: 01 | C30: 2 | D30: 01 | E30: 010 | F30: 000 | G30: Construction Costs | H30: Demolition, site preparation and formation | I30: Site survey and ground investigation | M30: =C30&"."&D30&"."&E30&"" -> 2.01.010 | N30: =COUNTIF('Building Map'!S:S,'ICMS2 Building'!M30) -> 1
A31: =B31&"."&C31&"."&D31&"."&E31&"."&F31 -> 01.2.01.020.000 | B31: 01 | C31: 2 | D31: 01 | E31: 020 | F31: 000 | G31: Construction Costs | H31: Demolition, site preparation and formation | I31: Environmental treatment | M31: =C31&"."&D31&"."&E31&"" -> 2.01.020 | N31: =COUNTIF('Building Map'!S:S,'ICMS2 Building'!M31) -> 13
A32: =B32&"."&C32&"."&D32&"."&E32&"."&F32 -> 01.2.01.030.000 | B32: 01 | C32: 2 | D32: 01 | E32: 030 | F32: 000 | G32: Construction Costs | H32: Demolition, site preparation and formation | I32: Sampling of hazardous or useful materials or conditions | M32: =C32&"."&D32&"."&E32&"" -> 2.01.030 | N32: =COUNTIF('Building Map'!S:S,'ICMS2 Building'!M32) -> 0
A33: =B33&"."&C33&"."&D33&"."&E33&"."&F33 -> 01.2.01.040.000 | B33: 01 | C33: 2 | D33: 01 | E33: 040 | F33: 000 | G33: Construction Costs | H33: Demolition, site preparation and formation | I33: Temporary fencing | M33: =C33&"."&D33&"."&E33&"" -> 2.01.040 | N33: =COUNTIF('Building Map'!S:S,'ICMS2 Building'!M33) -> 0
A34: =B34&"."&C34&"."&D34&"."&E34&"."&F34 -> 01.2.01.050.000 | B34: 01 | C34: 2 | D34: 01 | E34: 050 | F34: 000 | G34: Construction Costs | H34: Demolition, site preparation and formation | I34: Demolition of existing buildings and support to adjacent structures | M34: =C34&"."&D34&"."&E34&"" -> 2.01.050 | N34: =COUNTIF('Building Map'!S:S,'ICMS2 Building'!M34) -> 0
A35: =B35&"."&C35&"."&D35&"."&E35&"."&F35 -> 01.2.01.060.000 | B35: 01 | C35: 2 | D35: 01 | E35: 060 | F35: 000 | G35: Construction Costs | H35: Demolition, site preparation and formation | I35: Site surface clearance (clearing, grubbing, topsoil stripping, tree felling, minor earthwork, removal) | M35: =C35&"."&D35&"."&E35&"" -> 2.01.060 | N35: =COUNTIF('Building Map'!S:S,'ICMS2 Building'!M35) -> 0
A36: =B36&"."&C36&"."&D36&"."&E36&"."&F36 -> 01.2.01.070.000 | B36: 01 | C36: 2 | D36: 01 | E36: 070 | F36: 000 | G36: Construction Costs | H36: Demolition, site preparation and formation | I36: Tree transplant | M36: =C36&"."&D36&"."&E36&"" -> 2.01.070 | N36: =COUNTIF('Building Map'!S:S,'ICMS2 Building'!M36) -> 0
A37: =B37&"."&C37&"."&D37&"."&E37&"."&F37 -> 01.2.01.080.000 | B37: 01 | C37: 2 | D37: 01 | E37: 080 | F37: 000 | G37: Construction Costs | H37: Demolition, site preparation and formation | I37: Site formation and slope treatment | M37: =C37&"."&D37&"."&E37&"" -> 2.01.080 | N37: =COUNTIF('Building Map'!S:S,'ICMS2 Building'!M37) -> 2
A38: =B38&"."&C38&"."&D38&"."&E38&"."&F38 -> 01.2.01.090.000 | B38: 01 | C38: 2 | D38: 01 | E38: 090 | F38: 000 | G38: Construction Costs | H38: Demolition, site preparation and formation | I38: Temporary surface drainage and dewatering | M38: =C38&"."&D38&"."&E38&"" -> 2.01.090 | N38: =COUNTIF('Building Map'!S:S,'ICMS2 Building'!M38) -> 3
A39: =B39&"."&C39&"."&D39&"."&E39&"."&F39 -> 01.2.01.100.000 | B39: 01 | C39: 2 | D39: 01 | E39: 100 | F39: 000 | G39: Construction Costs | H39: Demolition, site preparation and formation | I39: Temporary protection, diversion and relocation of public utilities | M39: =C39&"."&D39&"."&E39&"" -> 2.01.100 | N39: =COUNTIF('Building Map'!S:S,'ICMS2 Building'!M39) -> 9
A40: =B40&"."&C40&"."&D40&"."&E40&"."&F40 -> 01.2.01.110.000 | B40: 01 | C40: 2 | D40: 01 | E40: 110 | F40: 000 | G40: Construction Costs | H40: Demolition, site preparation and formation | I40: Erosion control | M40: =C40&"."&D40&"."&E40&"" -> 2.01.110 | N40: =COUNTIF('Building Map'!S:S,'ICMS2 Building'!M40) -> 0
A41: =B41&"."&C41&"."&D41&"."&E41&"."&F41 -> 01.2.02.000.000 | B41: 01 | C41: 2 | D41: 02 | E41: 000 | F41: 000 | G41: Construction Costs | H41: Substructure | M41: =C41&"."&D41&"."&E41&"" -> 2.02.000 | N41: =COUNTIF('Building Map'!S:S,'ICMS2 Building'!M41) -> 2
A42: =B42&"."&C42&"."&D42&"."&E42&"."&F42 -> 01.2.02.010.000 | B42: 01 | C42: 2 | D42: 02 | E42: 010 | F42: 000 | G42: Construction Costs | H42: Substructure | I42: Foundation piling and underpinning | M42: =C42&"."&D42&"."&E42&"" -> 2.02.010 | N42: =COUNTIF('Building Map'!S:S,'ICMS2 Building'!M42) -> 22
A43: =B43&"."&C43&"."&D43&"."&E43&"."&F43 -> 01.2.02.010.010 | B43: 01 | C43: 2 | D43: 02 | E43: 010 | F43: 010 | G43: Construction Costs | H43: Substructure | I43: Foundation piling and underpinning | J43: mobilisation and demobilisation | M43: =C43&"."&D43&"."&E43&"" -> 2.02.010 | N43: =COUNTIF('Building Map'!S:S,'ICMS2 Building'!M43) -> 22
A44: =B44&"."&C44&"."&D44&"."&E44&"."&F44 -> 01.2.02.010.020 | B44: 01 | C44: 2 | D44: 02 | E44: 010 | F44: 020 | G44: Construction Costs | H44: Substructure | I44: Foundation piling and underpinning | J44: trial piles and caisson | M44: =C44&"."&D44&"."&E44&"" -> 2.02.010 | N44: =COUNTIF('Building Map'!S:S,'ICMS2 Building'!M44) -> 22
A45: =B45&"."&C45&"."&D45&"."&E45&"."&F45 -> 01.2.02.010.030 | B45: 01 | C45: 2 | D45: 02 | E45: 010 | F45: 030 | G45: Construction Costs | H45: Substructure | I45: Foundation piling and underpinning | J45: permanent piles and caisson | M45: =C45&"."&D45&"."&E45&"" -> 2.02.010 | N45: =COUNTIF('Building Map'!S:S,'ICMS2 Building'!M45) -> 22
A46: =B46&"."&C46&"."&D46&"."&E46&"."&F46 -> 01.2.02.010.040 | B46: 01 | C46: 2 | D46: 02 | E46: 010 | F46: 040 | G46: Construction Costs | H46: Substructure | I46: Foundation piling and underpinning | J46: pile and caisson testing | M46: =C46&"."&D46&"."&E46&"" -> 2.02.010 | N46: =COUNTIF('Building Map'!S:S,'ICMS2 Building'!M46) -> 22
A47: =B47&"."&C47&"."&D47&"."&E47&"."&F47 -> 01.2.02.010.050 | B47: 01 | C47: 2 | D47: 02 | E47: 010 | F47: 050 | G47: Construction Costs | H47: Substructure | I47: Foundation piling and underpinning | J47: underpinning | M47: =C47&"."&D47&"."&E47&"" -> 2.02.010 | N47: =COUNTIF('Building Map'!S:S,'ICMS2 Building'!M47) -> 22
A48: =B48&"."&C48&"."&D48&"."&E48&"."&F48 -> 01.2.02.020.000 | B48: 01 | C48: 2 | D48: 02 | E48: 020 | F48: 000 | G48: Construction Costs | H48: Substructure | I48: Foundations up to top of lowest floor slabs | M48: =C48&"."&D48&"."&E48&"" -> 2.02.020 | N48: =COUNTIF('Building Map'!S:S,'ICMS2 Building'!M48) -> 19
A49: =B49&"."&C49&"."&D49&"."&E49&"."&F49 -> 01.2.02.020.010 | B49: 01 | C49: 2 | D49: 02 | E49: 020 | F49: 010 | G49: Construction Costs | H49: Substructure | I49: Foundations up to top of lowest floor slabs | J49: excavation and disposal | M49: =C49&"."&D49&"."&E49&"" -> 2.02.020 | N49: =COUNTIF('Building Map'!S:S,'ICMS2 Building'!M49) -> 19
A50: =B50&"."&C50&"."&D50&"."&E50&"."&F50 -> 01.2.02.020.020 | B50: 01 | C50: 2 | D50: 02 | E50: 020 | F50: 020 | G50: Construction Costs | H50: Substructure | I50: Foundations up to top of lowest floor slabs | J50: lateral supports | M50: =C50&"."&D50&"."&E50&"" -> 2.02.020 | N50: =COUNTIF('Building Map'!S:S,'ICMS2 Building'!M50) -> 19
A51: =B51&"."&C51&"."&D51&"."&E51&"."&F51 -> 01.2.02.020.030 | B51: 01 | C51: 2 | D51: 02 | E51: 020 | F51: 030 | G51: Construction Costs | H51: Substructure | I51: Foundations up to top of lowest floor slabs | J51: raft footings, pile caps, column bases, wall footings, strap beams, tie beams | M51: =C51&"."&D51&"."&E51&"" -> 2.02.020 | N51: =COUNTIF('Building Map'!S:S,'ICMS2 Building'!M51) -> 19
A52: =B52&"."&C52&"."&D52&"."&E52&"."&F52 -> 01.2.02.020.040 | B52: 01 | C52: 2 | D52: 02 | E52: 020 | F52: 040 | G52: Construction Costs | H52: Substructure | I52: Foundations up to top of lowest floor slabs | J52: substructure walls and columns | M52: =C52&"."&D52&"."&E52&"" -> 2.02.020 | N52: =COUNTIF('Building Map'!S:S,'ICMS2 Building'!M52) -> 19
A53: =B53&"."&C53&"."&D53&"."&E53&"."&F53 -> 01.2.02.020.050 | B53: 01 | C53: 2 | D53: 02 | E53: 020 | F53: 050 | G53: Construction Costs | H53: Substructure | I53: Foundations up to top of lowest floor slabs | J53: lowest floor slabs and beams (excluding basement bottom slabs) | M53: =C53&"."&D53&"."&E53&"" -> 2.02.020 | N53: =COUNTIF('Building Map'!S:S,'ICMS2 Building'!M53) -> 19
A54: =B54&"."&C54&"."&D54&"."&E54&"."&F54 -> 01.2.02.020.060 | B54: 01 | C54: 2 | D54: 02 | E54: 020 | F54: 060 | G54: Construction Costs | H54: Substructure | I54: Foundations up to top of lowest floor slabs | J54: lift pits | M54: =C54&"."&D54&"."&E54&"" -> 2.02.020 | N54: =COUNTIF('Building Map'!S:S,'ICMS2 Building'!M54) -> 19
A55: =B55&"."&C55&"."&D55&"."&E55&"."&F55 -> 01.2.02.020.070 | B55: 01 | C55: 2 | D55: 02 | E55: 020 | F55: 070 | G55: Construction Costs | H55: Substructure | I55: Foundations up to top of lowest floor slabs | J55: composite or prefabricated work | M55: =C55&"."&D55&"."&E55&"" -> 2.02.020 | N55: =COUNTIF('Building Map'!S:S,'ICMS2 Building'!M55) -> 19
A56: =B56&"."&C56&"."&D56&"."&E56&"."&F56 -> 01.2.02.030.000 | B56: 01 | C56: 2 | D56: 02 | E56: 030 | F56: 000 | G56: Construction Costs | H56: Substructure | I56: Basement sides and bottom | M56: =C56&"."&D56&"."&E56&"" -> 2.02.030 | N56: =COUNTIF('Building Map'!S:S,'ICMS2 Building'!M56) -> 9
A57: =B57&"."&C57&"."&D57&"."&E57&"."&F57 -> 01.2.02.030.010 | B57: 01 | C57: 2 | D57: 02 | E57: 030 | F57: 010 | G57: Construction Costs | H57: Substructure | I57: Basement sides and bottom | J57: excavation and disposal | M57: =C57&"."&D57&"."&E57&"" -> 2.02.030 | N57: =COUNTIF('Building Map'!S:S,'ICMS2 Building'!M57) -> 9
A58: =B58&"."&C58&"."&D58&"."&E58&"."&F58 -> 01.2.02.030.020 | B58: 01 | C58: 2 | D58: 02 | E58: 030 | F58: 020 | G58: Construction Costs | H58: Substructure | I58: Basement sides and bottom | J58: lateral supports | M58: =C58&"."&D58&"."&E58&"" -> 2.02.030 | N58: =COUNTIF('Building Map'!S:S,'ICMS2 Building'!M58) -> 9
A59: =B59&"."&C59&"."&D59&"."&E59&"."&F59 -> 01.2.02.030.030 | B59: 01 | C59: 2 | D59: 02 | E59: 030 | F59: 030 | G59: Construction Costs | H59: Substructure | I59: Basement sides and bottom | J59: bottom slabs and blinding | M59: =C59&"."&D59&"."&E59&"" -> 2.02.030 | N59: =COUNTIF('Building Map'!S:S,'ICMS2 Building'!M59) -> 9
A60: =B60&"."&C60&"."&D60&"."&E60&"."&F60 -> 01.2.02.030.040 | B60: 01 | C60: 2 | D60: 02 | E60: 030 | F60: 040 | G60: Construction Costs | H60: Substructure | I60: Basement sides and bottom | J60: sides | M60: =C60&"."&D60&"."&E60&"" -> 2.02.030 | N60: =COUNTIF('Building Map'!S:S,'ICMS2 Building'!M60) -> 9
A61: =B61&"."&C61&"."&D61&"."&E61&"."&F61 -> 01.2.02.030.050 | B61: 01 | C61: 2 | D61: 02 | E61: 030 | F61: 050 | G61: Construction Costs | H61: Substructure | I61: Basement sides and bottom | J61: vertical waterproof tanking, drainage blanket, drains and skin wall | M61: =C61&"."&D61&"."&E61&"" -> 2.02.030 | N61: =COUNTIF('Building Map'!S:S,'ICMS2 Building'!M61) -> 9
A62: =B62&"."&C62&"."&D62&"."&E62&"."&F62 -> 01.2.02.030.060 | B62: 01 | C62: 2 | D62: 02 | E62: 030 | F62: 060 | G62: Construction Costs | H62: Substructure | I62: Basement sides and bottom | J62: horizontal waterproof tanking, drainage blanket, drains and topping slab | M62: =C62&"."&D62&"."&E62&"" -> 2.02.030 | N62: =COUNTIF('Building Map'!S:S,'ICMS2 Building'!M62) -> 9
A63: =B63&"."&C63&"."&D63&"."&E63&"."&F63 -> 01.2.02.030.070 | B63: 01 | C63: 2 | D63: 02 | E63: 030 | F63: 070 | G63: Construction Costs | H63: Substructure | I63: Basement sides and bottom | J63: insulation | M63: =C63&"."&D63&"."&E63&"" -> 2.02.030 | N63: =COUNTIF('Building Map'!S:S,'ICMS2 Building'!M63) -> 9
A64: =B64&"."&C64&"."&D64&"."&E64&"."&F64 -> 01.2.02.030.080 | B64: 01 | C64: 2 | D64: 02 | E64: 030 | F64: 080 | G64: Construction Costs | H64: Substructure | I64: Basement sides and bottom | J64: lift pits, sump pits, sleeves. | M64: =C64&"."&D64&"."&E64&"" -> 2.02.030 | N64: =COUNTIF('Building Map'!S:S,'ICMS2 Building'!M64) -> 9
A65: =B65&"."&C65&"."&D65&"."&E65&"."&F65 -> 01.2.02.030.090 | B65: 01 | C65: 2 | D65: 02 | E65: 030 | F65: 090 | G65: Construction Costs | H65: Substructure | I65: Basement sides and bottom | J65: composite or prefabricated work | M65: =C65&"."&D65&"."&E65&"" -> 2.02.030 | N65: =COUNTIF('Building Map'!S:S,'ICMS2 Building'!M65) -> 9
A66: =B66&"."&C66&"."&D66&"."&E66&"."&F66 -> 01.2.03.000.000 | B66: 01 | C66: 2 | D66: 03 | E66: 000 | F66: 000 | G66: Construction Costs | H66: Structure | M66: =C66&"."&D66&"."&E66&"" -> 2.03.000 | N66: =COUNTIF('Building Map'!S:S,'ICMS2 Building'!M66) -> 1
A67: =B67&"."&C67&"."&D67&"."&E67&"."&F67 -> 01.2.03.010.000 | B67: 01 | C67: 2 | D67: 03 | E67: 010 | F67: 000 | G67: Construction Costs | H67: Structure | I67: Structural removal and alterations | M67: =C67&"."&D67&"."&E67&"" -> 2.03.010 | N67: =COUNTIF('Building Map'!S:S,'ICMS2 Building'!M67) -> 14
A68: =B68&"."&C68&"."&D68&"."&E68&"."&F68 -> 01.2.03.020.000 | B68: 01 | C68: 2 | D68: 03 | E68: 020 | F68: 000 | G68: Construction Costs | H68: Structure | I68: Basement suspended floors (up to top of ground floor slabs) | M68: =C68&"."&D68&"."&E68&"" -> 2.03.020 | N68: =COUNTIF('Building Map'!S:S,'ICMS2 Building'!M68) -> 26
A69: =B69&"."&C69&"."&D69&"."&E69&"."&F69 -> 01.2.03.020.010 | B69: 01 | C69: 2 | D69: 03 | E69: 020 | F69: 010 | G69: Construction Costs | H69: Structure | I69: Basement suspended floors (up to top of ground floor slabs) | J69: structural walls and columns | M69: =C69&"."&D69&"."&E69&"" -> 2.03.020 | N69: =COUNTIF('Building Map'!S:S,'ICMS2 Building'!M69) -> 26
A70: =B70&"."&C70&"."&D70&"."&E70&"."&F70 -> 01.2.03.020.020 | B70: 01 | C70: 2 | D70: 03 | E70: 020 | F70: 020 | G70: Construction Costs | H70: Structure | I70: Basement suspended floors (up to top of ground floor slabs) | J70: beams and slabs | M70: =C70&"."&D70&"."&E70&"" -> 2.03.020 | N70: =COUNTIF('Building Map'!S:S,'ICMS2 Building'!M70) -> 26
A71: =B71&"."&C71&"."&D71&"."&E71&"."&F71 -> 01.2.03.020.030 | B71: 01 | C71: 2 | D71: 03 | E71: 020 | F71: 030 | G71: Construction Costs | H71: Structure | I71: Basement suspended floors (up to top of ground floor slabs) | J71: staircases | M71: =C71&"."&D71&"."&E71&"" -> 2.03.020 | N71: =COUNTIF('Building Map'!S:S,'ICMS2 Building'!M71) -> 26
A72: =B72&"."&C72&"."&D72&"."&E72&"."&F72 -> 01.2.03.030. | B72: 01 | C72: 2 | D72: 03 | E72: 030 | G72: Construction Costs | H72: Structure | I72: Frames and slabs (above top of ground floor slabs) | M72: =C72&"."&D72&"."&E72&"" -> 2.03.030 | N72: =COUNTIF('Building Map'!S:S,'ICMS2 Building'!M72) -> 108
A73: =B73&"."&C73&"."&D73&"."&E73&"."&F73 -> 01.2.03.030.010 | B73: 01 | C73: 2 | D73: 03 | E73: 030 | F73: 010 | G73: Construction Costs | H73: Structure | I73: Frames and slabs (above top of ground floor slabs) | J73: structural walls and columns | M73: =C73&"."&D73&"."&E73&"" -> 2.03.030 | N73: =COUNTIF('Building Map'!S:S,'ICMS2 Building'!M73) -> 108
A74: =B74&"."&C74&"."&D74&"."&E74&"."&F74 -> 01.2.03.030.020 | B74: 01 | C74: 2 | D74: 03 | E74: 030 | F74: 020 | G74: Construction Costs | H74: Structure | I74: Frames and slabs (above top of ground floor slabs) | J74: upper floor beams and slabs | M74: =C74&"."&D74&"."&E74&"" -> 2.03.030 | N74: =COUNTIF('Building Map'!S:S,'ICMS2 Building'!M74) -> 108
A75: =B75&"."&C75&"."&D75&"."&E75&"."&F75 -> 01.2.03.030.030 | B75: 01 | C75: 2 | D75: 03 | E75: 030 | F75: 030 | G75: Construction Costs | H75: Structure | I75: Frames and slabs (above top of ground floor slabs) | J75: roof beams and slabs | M75: =C75&"."&D75&"."&E75&"" -> 2.03.030 | N75: =COUNTIF('Building Map'!S:S,'ICMS2 Building'!M75) -> 108
A76: =B76&"."&C76&"."&D76&"."&E76&"."&F76 -> 01.2.03.030.040 | B76: 01 | C76: 2 | D76: 03 | E76: 030 | F76: 040 | G76: Construction Costs | H76: Structure | I76: Frames and slabs (above top of ground floor slabs) | J76: staircases | M76: =C76&"."&D76&"."&E76&"" -> 2.03.030 | N76: =COUNTIF('Building Map'!S:S,'ICMS2 Building'!M76) -> 108
A77: =B77&"."&C77&"."&D77&"."&E77&"."&F77 -> 01.2.03.030.050 | B77: 01 | C77: 2 | D77: 03 | E77: 030 | F77: 050 | G77: Construction Costs | H77: Structure | I77: Frames and slabs (above top of ground floor slabs) | J77: fireproofing to steel structure | M77: =C77&"."&D77&"."&E77&"" -> 2.03.030 | N77: =COUNTIF('Building Map'!S:S,'ICMS2 Building'!M77) -> 108
A78: =B78&"."&C78&"."&D78&"."&E78&"."&F78 -> 01.2.03.040.000 | B78: 01 | C78: 2 | D78: 03 | E78: 040 | F78: 000 | G78: Construction Costs | H78: Structure | I78: Tanks, pools, sundries | M78: =C78&"."&D78&"."&E78&"" -> 2.03.040 | N78: =COUNTIF('Building Map'!S:S,'ICMS2 Building'!M78) -> 0
A79: =B79&"."&C79&"."&D79&"."&E79&"."&F79 -> 01.2.03.050.000 | B79: 01 | C79: 2 | D79: 03 | E79: 050 | F79: 000 | G79: Construction Costs | H79: Structure | I79: Composite or prefabricated work | M79: =C79&"."&D79&"."&E79&"" -> 2.03.050 | N79: =COUNTIF('Building Map'!S:S,'ICMS2 Building'!M79) -> 0
A80: =B80&"."&C80&"."&D80&"."&E80&"."&F80 -> 01.2.04.000.000 | B80: 01 | C80: 2 | D80: 04 | E80: 000 | F80: 000 | G80: Construction Costs | H80: Architectural works | Non-structural works | M80: =C80&"."&D80&"."&E80&"" -> 2.04.000 | N80: =COUNTIF('Building Map'!S:S,'ICMS2 Building'!M80) -> 0
A81: =B81&"."&C81&"."&D81&"."&E81&"."&F81 -> 01.2.04.010.000 | B81: 01 | C81: 2 | D81: 04 | E81: 010 | F81: 000 | G81: Construction Costs | H81: Architectural works | Non-structural works | I81: Non-structural removal and alterations | M81: =C81&"."&D81&"."&E81&"" -> 2.04.010 | N81: =COUNTIF('Building Map'!S:S,'ICMS2 Building'!M81) -> 20
A82: =B82&"."&C82&"."&D82&"."&E82&"."&F82 -> 01.2.04.020.000 | B82: 01 | C82: 2 | D82: 04 | E82: 020 | F82: 000 | G82: Construction Costs | H82: Architectural works | Non-structural works | I82: External elevations | M82: =C82&"."&D82&"."&E82&"" -> 2.04.020 | N82: =COUNTIF('Building Map'!S:S,'ICMS2 Building'!M82) -> 203
A83: =B83&"."&C83&"."&D83&"."&E83&"."&F83 -> 01.2.04.020.010 | B83: 01 | C83: 2 | D83: 04 | E83: 020 | F83: 010 | G83: Construction Costs | H83: Architectural works | Non-structural works | I83: External elevations | J83: non-structural external walls and features | M83: =C83&"."&D83&"."&E83&"" -> 2.04.020 | N83: =COUNTIF('Building Map'!S:S,'ICMS2 Building'!M83) -> 203
A84: =B84&"."&C84&"."&D84&"."&E84&"."&F84 -> 01.2.04.020.020 | B84: 01 | C84: 2 | D84: 04 | E84: 020 | F84: 020 | G84: Construction Costs | H84: Architectural works | Non-structural works | I84: External elevations | J84: external wall finishes except cladding | M84: =C84&"."&D84&"."&E84&"" -> 2.04.020 | N84: =COUNTIF('Building Map'!S:S,'ICMS2 Building'!M84) -> 203
A85: =B85&"."&C85&"."&D85&"."&E85&"."&F85 -> 01.2.04.020.030 | B85: 01 | C85: 2 | D85: 04 | E85: 020 | F85: 030 | G85: Construction Costs | H85: Architectural works | Non-structural works | I85: External elevations | J85: facade cladding and curtain walls | M85: =C85&"."&D85&"."&E85&"" -> 2.04.020 | N85: =COUNTIF('Building Map'!S:S,'ICMS2 Building'!M85) -> 203
A86: =B86&"."&C86&"."&D86&"."&E86&"."&F86 -> 01.2.04.020.040 | B86: 01 | C86: 2 | D86: 04 | E86: 020 | F86: 040 | G86: Construction Costs | H86: Architectural works | Non-structural works | I86: External elevations | J86: external windows | M86: =C86&"."&D86&"."&E86&"" -> 2.04.020 | N86: =COUNTIF('Building Map'!S:S,'ICMS2 Building'!M86) -> 203
A87: =B87&"."&C87&"."&D87&"."&E87&"."&F87 -> 01.2.04.020.050 | B87: 01 | C87: 2 | D87: 04 | E87: 020 | F87: 050 | G87: Construction Costs | H87: Architectural works | Non-structural works | I87: External elevations | J87: external doors | M87: =C87&"."&D87&"."&E87&"" -> 2.04.020 | N87: =COUNTIF('Building Map'!S:S,'ICMS2 Building'!M87) -> 203
A88: =B88&"."&C88&"."&D88&"."&E88&"."&F88 -> 01.2.04.020.060 | B88: 01 | C88: 2 | D88: 04 | E88: 020 | F88: 060 | G88: Construction Costs | H88: Architectural works | Non-structural works | I88: External elevations | J88: external shop fronts | M88: =C88&"."&D88&"."&E88&"" -> 2.04.020 | N88: =COUNTIF('Building Map'!S:S,'ICMS2 Building'!M88) -> 203
A89: =B89&"."&C89&"."&D89&"."&E89&"."&F89 -> 01.2.04.020.070 | B89: 01 | C89: 2 | D89: 04 | E89: 020 | F89: 070 | G89: Construction Costs | H89: Architectural works | Non-structural works | I89: External elevations | J89: roller shutters and fire shutters | M89: =C89&"."&D89&"."&E89&"" -> 2.04.020 | N89: =COUNTIF('Building Map'!S:S,'ICMS2 Building'!M89) -> 203
A90: =B90&"."&C90&"."&D90&"."&E90&"."&F90 -> 01.2.04.030.000 | B90: 01 | C90: 2 | D90: 04 | E90: 030 | F90: 000 | G90: Construction Costs | H90: Architectural works | Non-structural works | I90: Roof finishes, skylights and landscaping (including waterproofing and insulation) | M90: =C90&"."&D90&"."&E90&"" -> 2.04.030 | N90: =COUNTIF('Building Map'!S:S,'ICMS2 Building'!M90) -> 120
A91: =B91&"."&C91&"."&D91&"."&E91&"."&F91 -> 01.2.04.030.010 | B91: 01 | C91: 2 | D91: 04 | E91: 030 | F91: 010 | G91: Construction Costs | H91: Architectural works | Non-structural works | I91: Roof finishes, skylights and landscaping (including waterproofing and insulation) | J91: roof finishes | M91: =C91&"."&D91&"."&E91&"" -> 2.04.030 | N91: =COUNTIF('Building Map'!S:S,'ICMS2 Building'!M91) -> 120
A92: =B92&"."&C92&"."&D92&"."&E92&"."&F92 -> 01.2.04.030.020 | B92: 01 | C92: 2 | D92: 04 | E92: 030 | F92: 020 | G92: Construction Costs | H92: Architectural works | Non-structural works | I92: Roof finishes, skylights and landscaping (including waterproofing and insulation) | J92: skylights | M92: =C92&"."&D92&"."&E92&"" -> 2.04.030 | N92: =COUNTIF('Building Map'!S:S,'ICMS2 Building'!M92) -> 120
A93: =B93&"."&C93&"."&D93&"."&E93&"."&F93 -> 01.2.04.030.030 | B93: 01 | C93: 2 | D93: 04 | E93: 030 | F93: 030 | G93: Construction Costs | H93: Architectural works | Non-structural works | I93: Roof finishes, skylights and landscaping (including waterproofing and insulation) | J93: other roof features | M93: =C93&"."&D93&"."&E93&"" -> 2.04.030 | N93: =COUNTIF('Building Map'!S:S,'ICMS2 Building'!M93) -> 120
A94: =B94&"."&C94&"."&D94&"."&E94&"."&F94 -> 01.2.04.030.040 | B94: 01 | C94: 2 | D94: 04 | E94: 030 | F94: 040 | G94: Construction Costs | H94: Architectural works | Non-structural works | I94: Roof finishes, skylights and landscaping (including waterproofing and insulation) | J94: roof landscaping (hard and soft) | M94: =C94&"."&D94&"."&E94&"" -> 2.04.030 | N94: =COUNTIF('Building Map'!S:S,'ICMS2 Building'!M94) -> 120
A95: =B95&"."&C95&"."&D95&"."&E95&"."&F95 -> 01.2.04.040.000 | B95: 01 | C95: 2 | D95: 04 | E95: 040 | F95: 000 | G95: Construction Costs | H95: Architectural works | Non-structural works | I95: Internal divisions | M95: =C95&"."&D95&"."&E95&"" -> 2.04.040 | N95: =COUNTIF('Building Map'!S:S,'ICMS2 Building'!M95) -> 38
A96: =B96&"."&C96&"."&D96&"."&E96&"."&F96 -> 01.2.04.040.010 | B96: 01 | C96: 2 | D96: 04 | E96: 040 | F96: 010 | G96: Construction Costs | H96: Architectural works | Non-structural works | I96: Internal divisions | J96: non-structural internal walls and partitions | M96: =C96&"."&D96&"."&E96&"" -> 2.04.040 | N96: =COUNTIF('Building Map'!S:S,'ICMS2 Building'!M96) -> 38
A97: =B97&"."&C97&"."&D97&"."&E97&"."&F97 -> 01.2.04.040.020 | B97: 01 | C97: 2 | D97: 04 | E97: 040 | F97: 020 | G97: Construction Costs | H97: Architectural works | Non-structural works | I97: Internal divisions | J97: shop fronts | M97: =C97&"."&D97&"."&E97&"" -> 2.04.040 | N97: =COUNTIF('Building Map'!S:S,'ICMS2 Building'!M97) -> 38
A98: =B98&"."&C98&"."&D98&"."&E98&"."&F98 -> 01.2.04.040.030 | B98: 01 | C98: 2 | D98: 04 | E98: 040 | F98: 030 | G98: Construction Costs | H98: Architectural works | Non-structural works | I98: Internal divisions | J98: toilet cubicles | M98: =C98&"."&D98&"."&E98&"" -> 2.04.040 | N98: =COUNTIF('Building Map'!S:S,'ICMS2 Building'!M98) -> 38
A99: =B99&"."&C99&"."&D99&"."&E99&"."&F99 -> 01.2.04.040.040 | B99: 01 | C99: 2 | D99: 04 | E99: 040 | F99: 040 | G99: Construction Costs | H99: Architectural works | Non-structural works | I99: Internal divisions | J99: moveable partitions | M99: =C99&"."&D99&"."&E99&"" -> 2.04.040 | N99: =COUNTIF('Building Map'!S:S,'ICMS2 Building'!M99) -> 38
A100: =B100&"."&C100&"."&D100&"."&E100&"."&F100 -> 01.2.04.040.050 | B100: 01 | C100: 2 | D100: 04 | E100: 040 | F100: 050 | G100: Construction Costs | H100: Architectural works | Non-structural works | I100: Internal divisions | J100: cold rooms | M100: =C100&"."&D100&"."&E100&"" -> 2.04.040 | N100: =COUNTIF('Building Map'!S:S,'ICMS2 Building'!M100) -> 38
A101: =B101&"."&C101&"."&D101&"."&E101&"."&F101 -> 01.2.04.040.060 | B101: 01 | C101: 2 | D101: 04 | E101: 040 | F101: 060 | G101: Construction Costs | H101: Architectural works | Non-structural works | I101: Internal divisions | J101: internal doors | M101: =C101&"."&D101&"."&E101&"" -> 2.04.040 | N101: =COUNTIF('Building Map'!S:S,'ICMS2 Building'!M101) -> 38
A102: =B102&"."&C102&"."&D102&"."&E102&"."&F102 -> 01.2.04.040.070 | B102: 01 | C102: 2 | D102: 04 | E102: 040 | F102: 070 | G102: Construction Costs | H102: Architectural works | Non-structural works | I102: Internal divisions | J102: internal windows | M102: =C102&"."&D102&"."&E102&"" -> 2.04.040 | N102: =COUNTIF('Building Map'!S:S,'ICMS2 Building'!M102) -> 38
...

Sheet ICMS2 Civil Work
A2: Unique ID | B2: Project Scope | C2: Cost Category (Level 2) | D2: Cost Group (Level 3) | E2: Cost Sub-Group (Level 4) | F2: Cost Sub Sub-Group (Level 5) | G2: Cost Category (Level 2) | H2: Cost Group (Level 3) | I2: Cost Sub-Group (Level 4) | J2: Cost Sub Sub-Group (Level 5)
A4: =B4&"."&C4&"."&D4&"."&E4&"."&F4 -> 02.1.00.000.000 | B4: 02 | C4: 1 | D4: 00 | E4: 000 | F4: 000 | G4: Acquisition Costs (AC)
A5: =B5&"."&C5&"."&D5&"."&E5&"."&F5 -> 02.1.01.000.000 | B5: 02 | C5: 1 | D5: 01 | E5: 000 | F5: 000 | G5: Acquisition Costs (AC) | H5: Site acquisition
A6: =B6&"."&C6&"."&D6&"."&E6&"."&F6 -> 02.1.01.010.000 | B6: 02 | C6: 1 | D6: 01 | E6: 010 | F6: 000 | G6: Acquisition Costs (AC) | H6: Site acquisition | I6: Costs and premium required to procure site
A7: =B7&"."&C7&"."&D7&"."&E7&"."&F7 -> 02.1.01.020.000 | B7: 02 | C7: 1 | D7: 01 | E7: 020 | F7: 000 | G7: Acquisition Costs (AC) | H7: Site acquisition | I7: Compensation to existing occupiers
A8: =B8&"."&C8&"."&D8&"."&E8&"."&F8 -> 02.1.01.030.000 | B8: 02 | C8: 1 | D8: 01 | E8: 030 | F8: 000 | G8: Acquisition Costs (AC) | H8: Site acquisition | I8: Demolition, removal and modification of existing properties by way of payment to existing owners instead of carrying out physical work
A9: =B9&"."&C9&"."&D9&"."&E9&"."&F9 -> 02.1.01.040.000 | B9: 02 | C9: 1 | D9: 01 | E9: 040 | F9: 000 | G9: Acquisition Costs (AC) | H9: Site acquisition | I9: Contributions for the preservation of heritage, culture and environment
A10: =B10&"."&C10&"."&D10&"."&E10&"."&F10 -> 02.1.01.050.000 | B10: 02 | C10: 1 | D10: 01 | E10: 050 | F10: 000 | G10: Acquisition Costs (AC) | H10: Site acquisition | I10: Related fees to agents, lawyers, and the like
A11: =B11&"."&C11&"."&D11&"."&E11&"."&F11 -> 02.1.01.060.000 | B11: 02 | C11: 1 | D11: 01 | E11: 060 | F11: 000 | G11: Acquisition Costs (AC) | H11: Site acquisition | I11: Related taxes and statutory charges
A12: =B12&"."&C12&"."&D12&"."&E12&"."&F12 -> 02.1.02.000.000 | B12: 02 | C12: 1 | D12: 02 | E12: 000 | F12: 000 | G12: Acquisition Costs (AC) | H12: Administrative, finance, legal and marketing expenses
A13: =B13&"."&C13&"."&D13&"."&E13&"."&F13 -> 02.1.02.010.000 | B13: 02 | C13: 1 | D13: 02 | E13: 010 | F13: 000 | G13: Acquisition Costs (AC) | H13: Administrative, finance, legal and marketing expenses | I13: Client’s general office overheads
A14: =B14&"."&C14&"."&D14&"."&E14&"."&F14 -> 02.1.02.020.000 | B14: 02 | C14: 1 | D14: 02 | E14: 020 | F14: 000 | G14: Acquisition Costs (AC) | H14: Administrative, finance, legal and marketing expenses | I14: Client’s project-specific administrative expenses
A15: =B15&"."&C15&"."&D15&"."&E15&"."&F15 -> 02.1.02.020.010 | B15: 02 | C15: 1 | D15: 02 | E15: 020 | F15: 010 | G15: Acquisition Costs (AC) | H15: Administrative, finance, legal and marketing expenses | I15: Client’s project-specific administrative expenses | J15: in-house project management and design team
A16: =B16&"."&C16&"."&D16&"."&E16&"."&F16 -> 02.1.02.020.020 | B16: 02 | C16: 1 | D16: 02 | E16: 020 | F16: 020 | G16: Acquisition Costs (AC) | H16: Administrative, finance, legal and marketing expenses | I16: Client’s project-specific administrative expenses | J16: supporting project staff
A17: =B17&"."&C17&"."&D17&"."&E17&"."&F17 -> 02.1.02.020.030 | B17: 02 | C17: 1 | D17: 02 | E17: 020 | F17: 030 | G17: Acquisition Costs (AC) | H17: Administrative, finance, legal and marketing expenses | I17: Client’s project-specific administrative expenses | J17: project office venue, furniture and equipment if not included in Constructor’s preliminaries | site overheads
A18: =B18&"."&C18&"."&D18&"."&E18&"."&F18 -> 02.1.02.020.040 | B18: 02 | C18: 1 | D18: 02 | E18: 020 | F18: 040 | G18: Acquisition Costs (AC) | H18: Administrative, finance, legal and marketing expenses | I18: Client’s project-specific administrative expenses | J18: stores and workshops
A19: =B19&"."&C19&"."&D19&"."&E19&"."&F19 -> 02.1.02.020.050 | B19: 02 | C19: 1 | D19: 02 | E19: 020 | F19: 050 | G19: Acquisition Costs (AC) | H19: Administrative, finance, legal and marketing expenses | I19: Client’s project-specific administrative expenses | J19: safety and insurances
A20: =B20&"."&C20&"."&D20&"."&E20&"."&F20 -> 02.1.02.020.060 | B20: 02 | C20: 1 | D20: 02 | E20: 020 | F20: 060 | G20: Acquisition Costs (AC) | H20: Administrative, finance, legal and marketing expenses | I20: Client’s project-specific administrative expenses | J20: staff training
A21: =B21&"."&C21&"."&D21&"."&E21&"."&F21 -> 02.1.02.020.070 | B21: 02 | C21: 1 | D21: 02 | E21: 020 | F21: 070 | G21: Acquisition Costs (AC) | H21: Administrative, finance, legal and marketing expenses | I21: Client’s project-specific administrative expenses | J21: accommodation and travelling expenses for in-house team and external parties
A22: =B22&"."&C22&"."&D22&"."&E22&"."&F22 -> 02.1.02.030.000 | B22: 02 | C22: 1 | D22: 02 | E22: 030 | F22: 000 | G22: Acquisition Costs (AC) | H22: Administrative, finance, legal and marketing expenses | I22: Interest and finance costs
A23: =B23&"."&C23&"."&D23&"."&E23&"."&F23 -> 02.1.02.040.000 | B23: 02 | C23: 1 | D23: 02 | E23: 040 | F23: 000 | G23: Acquisition Costs (AC) | H23: Administrative, finance, legal and marketing expenses | I23: Legal expenses
A24: =B24&"."&C24&"."&D24&"."&E24&"."&F24 -> 02.1.02.050.000 | B24: 02 | C24: 1 | D24: 02 | E24: 050 | F24: 000 | G24: Acquisition Costs (AC) | H24: Administrative, finance, legal and marketing expenses | I24: Accounting expenses
A25: =B25&"."&C25&"."&D25&"."&E25&"."&F25 -> 02.1.02.060.000 | B25: 02 | C25: 1 | D25: 02 | E25: 060 | F25: 000 | G25: Acquisition Costs (AC) | H25: Administrative, finance, legal and marketing expenses | I25: Sales, leasing, marketing, advertising and promotional expenses
A26: =B26&"."&C26&"."&D26&"."&E26&"."&F26 -> 02.1.02.070.000 | B26: 02 | C26: 1 | D26: 02 | E26: 070 | F26: 000 | G26: Acquisition Costs (AC) | H26: Administrative, finance, legal and marketing expenses | I26: Taxes and statutory charges related to sales and lease
A27: =B27&"."&C27&"."&D27&"."&E27&"."&F27 -> 02.1.02.080.000 | B27: 02 | C27: 1 | D27: 02 | E27: 080 | F27: 000 | G27: Acquisition Costs (AC) | H27: Administrative, finance, legal and marketing expenses | I27: License and permit charges for operation and use
A28: =B28&"."&C28&"."&D28&"."&E28&"."&F28 -> 02.2.00.000.000 | B28: 02 | C28: 2 | D28: 00 | E28: 000 | F28: 000 | G28: Construction Costs
A29: =B29&"."&C29&"."&D29&"."&E29&"."&F29 -> 02.2.01.000.000 | B29: 02 | C29: 2 | D29: 01 | E29: 000 | F29: 000 | G29: Construction Costs | H29: Demolition, site preparation and formation
A30: =B30&"."&C30&"."&D30&"."&E30&"."&F30 -> 02.2.01.010.000 | B30: 02 | C30: 2 | D30: 01 | E30: 010 | F30: 000 | G30: Construction Costs | H30: Demolition, site preparation and formation | I30: Site survey and ground investigation
A31: =B31&"."&C31&"."&D31&"."&E31&"."&F31 -> 02.2.01.020.000 | B31: 02 | C31: 2 | D31: 01 | E31: 020 | F31: 000 | G31: Construction Costs | H31: Demolition, site preparation and formation | I31: Environmental treatment
A32: =B32&"."&C32&"."&D32&"."&E32&"."&F32 -> 02.2.01.030.000 | B32: 02 | C32: 2 | D32: 01 | E32: 030 | F32: 000 | G32: Construction Costs | H32: Demolition, site preparation and formation | I32: Sampling of hazardous or useful materials or conditions
A33: =B33&"."&C33&"."&D33&"."&E33&"."&F33 -> 02.2.01.040.000 | B33: 02 | C33: 2 | D33: 01 | E33: 040 | F33: 000 | G33: Construction Costs | H33: Demolition, site preparation and formation | I33: Temporary fencing
A34: =B34&"."&C34&"."&D34&"."&E34&"."&F34 -> 02.2.01.050.000 | B34: 02 | C34: 2 | D34: 01 | E34: 050 | F34: 000 | G34: Construction Costs | H34: Demolition, site preparation and formation | I34: Demolition of existing structures and support to adjacent structures
A35: =B35&"."&C35&"."&D35&"."&E35&"."&F35 -> 02.2.01.060.000 | B35: 02 | C35: 2 | D35: 01 | E35: 060 | F35: 000 | G35: Construction Costs | H35: Demolition, site preparation and formation | I35: Site surface clearance (clearing, grubbing, topsoil stripping, tree felling, minor earthwork, removal)
A36: =B36&"."&C36&"."&D36&"."&E36&"."&F36 -> 02.2.01.070.000 | B36: 02 | C36: 2 | D36: 01 | E36: 070 | F36: 000 | G36: Construction Costs | H36: Demolition, site preparation and formation | I36: Tree transplant
A37: =B37&"."&C37&"."&D37&"."&E37&"."&F37 -> 02.2.01.080.000 | B37: 02 | C37: 2 | D37: 01 | E37: 080 | F37: 000 | G37: Construction Costs | H37: Demolition, site preparation and formation | I37: General site formation and slope treatment
A38: =B38&"."&C38&"."&D38&"."&E38&"."&F38 -> 02.2.01.090.000 | B38: 02 | C38: 2 | D38: 01 | E38: 090 | F38: 000 | G38: Construction Costs | H38: Demolition, site preparation and formation | I38: Temporary surface drainage and dewatering
A39: =B39&"."&C39&"."&D39&"."&E39&"."&F39 -> 02.2.01.100.000 | B39: 02 | C39: 2 | D39: 01 | E39: 100 | F39: 000 | G39: Construction Costs | H39: Demolition, site preparation and formation | I39: Temporary access roads and storage areas (provided under an advance contract)
A40: =B40&"."&C40&"."&D40&"."&E40&"."&F40 -> 02.2.01.110.000 | B40: 02 | C40: 2 | D40: 01 | E40: 110 | F40: 000 | G40: Construction Costs | H40: Demolition, site preparation and formation | I40: Temporary protection, diversion and relocation of public utilities
A41: =B41&"."&C41&"."&D41&"."&E41&"."&F41 -> 02.2.02.120.000 | B41: 02 | C41: 2 | D41: 02 | E41: 120 | F41: 000 | G41: Construction Costs | H41: Demolition, site preparation and formation | I41: Erosion control
A42: =B42&"."&C42&"."&D42&"."&E42&"."&F42 -> 02.2.02.000.000 | B42: 02 | C42: 2 | D42: 02 | E42: 000 | F42: 000 | G42: Construction Costs | H42: Substructure
A43: =B43&"."&C43&"."&D43&"."&E43&"."&F43 -> 02.2.02.010.000 | B43: 02 | C43: 2 | D43: 02 | E43: 010 | F43: 000 | G43: Construction Costs | H43: Substructure | I43: Embankments/cuttings
A44: =B44&"."&C44&"."&D44&"."&E44&"."&F44 -> 02.2.02.020.000 | B44: 02 | C44: 2 | D44: 02 | E44: 020 | F44: 000 | G44: Construction Costs | H44: Substructure | I44: Excavation, disposal and lateral supports (specifically to receive any substructure construction but excluding general site formation and slope treatment)
A45: =B45&"."&C45&"."&D45&"."&E45&"."&F45 -> 02.2.02.030.000 | B45: 02 | C45: 2 | D45: 02 | E45: 030 | F45: 000 | G45: Construction Costs | H45: Substructure | I45: Trenching
A46: =B46&"."&C46&"."&D46&"."&E46&"."&F46 -> 02.2.02.040.000 | B46: 02 | C46: 2 | D46: 02 | E46: 040 | F46: 000 | G46: Construction Costs | H46: Substructure | I46: Drilling/boring
A47: =B47&"."&C47&"."&D47&"."&E47&"."&F47 -> 02.2.02.050.000 | B47: 02 | C47: 2 | D47: 02 | E47: 050 | F47: 000 | G47: Construction Costs | H47: Substructure | I47: Piling/anchoring
A48: =B48&"."&C48&"."&D48&"."&E48&"."&F48 -> 02.2.02.060.000 | B48: 02 | C48: 2 | D48: 02 | E48: 060 | F48: 000 | G48: Construction Costs | H48: Substructure | I48: Structural backfill/ground remediation
A49: =B49&"."&C49&"."&D49&"."&E49&"."&F49 -> 02.2.02.070.000 | B49: 02 | C49: 2 | D49: 02 | E49: 070 | F49: 000 | G49: Construction Costs | H49: Substructure | I49: Earth-retaining structures
A50: =B50&"."&C50&"."&D50&"."&E50&"."&F50 -> 02.2.02.080.000 | B50: 02 | C50: 2 | D50: 02 | E50: 080 | F50: 000 | G50: Construction Costs | H50: Substructure | I50: Abutments/wing walls
A51: =B51&"."&C51&"."&D51&"."&E51&"."&F51 -> 02.2.02.090.000 | B51: 02 | C51: 2 | D51: 02 | E51: 090 | F51: 000 | G51: Construction Costs | H51: Substructure | I51: Pile caps/footings/bases (nearest to the ground level or water level if constructed in water)
A52: =B52&"."&C52&"."&D52&"."&E52&"."&F52 -> 02.2.02.100.000 | B52: 02 | C52: 2 | D52: 02 | E52: 100 | F52: 000 | G52: Construction Costs | H52: Substructure | I52: Sub-base to pavements and rail track structures
A53: =B53&"."&C53&"."&D53&"."&E53&"."&F53 -> 02.2.02.110.000 | B53: 02 | C53: 2 | D53: 02 | E53: 110 | F53: 000 | G53: Construction Costs | H53: Substructure | I53: Bases to supports for tanks, pipes, well heads and the like
A54: =B54&"."&C54&"."&D54&"."&E54&"."&F54 -> 02.2.02.120.000 | B54: 02 | C54: 2 | D54: 02 | E54: 120 | F54: 000 | G54: Construction Costs | H54: Substructure | I54: Beds and surrounds to underground pipes
A55: =B55&"."&C55&"."&D55&"."&E55&"."&F55 -> 02.2.03.000.000 | B55: 02 | C55: 2 | D55: 03 | E55: 000 | F55: 000 | G55: Construction Costs | H55: Structure
A56: =B56&"."&C56&"."&D56&"."&E56&"."&F56 -> 02.2.03.010.000 | B56: 02 | C56: 2 | D56: 03 | E56: 010 | F56: 000 | G56: Construction Costs | H56: Structure | I56: Piers and towers
A57: =B57&"."&C57&"."&D57&"."&E57&"."&F57 -> 02.2.03.020.000 | B57: 02 | C57: 2 | D57: 03 | E57: 020 | F57: 000 | G57: Construction Costs | H57: Structure | I57: Suspension system
A58: =B58&"."&C58&"."&D58&"."&E58&"."&F58 -> 02.2.03.030.000 | B58: 02 | C58: 2 | D58: 03 | E58: 030 | F58: 000 | G58: Construction Costs | H58: Structure | I58: Decks
A59: =B59&"."&C59&"."&D59&"."&E59&"."&F59 -> 02.2.03.040.000 | B59: 02 | C59: 2 | D59: 03 | E59: 040 | F59: 000 | G59: Construction Costs | H59: Structure | I59: Bearings
A60: =B60&"."&C60&"."&D60&"."&E60&"."&F60 -> 02.2.03.050.000 | B60: 02 | C60: 2 | D60: 03 | E60: 050 | F60: 000 | G60: Construction Costs | H60: Structure | I60: Tunnel lining
A61: =B61&"."&C61&"."&D61&"."&E61&"."&F61 -> 02.2.03.060.000 | B61: 02 | C61: 2 | D61: 03 | E61: 060 | F61: 000 | G61: Construction Costs | H61: Structure | I61: Road/track base
A62: =B62&"."&C62&"."&D62&"."&E62&"."&F62 -> 02.2.03.070.000 | B62: 02 | C62: 2 | D62: 03 | E62: 070 | F62: 000 | G62: Construction Costs | H62: Structure | I62: Pavement
A63: =B63&"."&C63&"."&D63&"."&E63&"."&F63 -> 02.2.03.080.000 | B63: 02 | C63: 2 | D63: 03 | E63: 080 | F63: 000 | G63: Construction Costs | H63: Structure | I63: Service roads and approaches
A64: =B64&"."&C64&"."&D64&"."&E64&"."&F64 -> 02.2.03.090.000 | B64: 02 | C64: 2 | D64: 03 | E64: 090 | F64: 000 | G64: Construction Costs | H64: Structure | I64: Parapets/edge treatment
A65: =B65&"."&C65&"."&D65&"."&E65&"."&F65 -> 02.2.03.100.000 | B65: 02 | C65: 2 | D65: 03 | E65: 100 | F65: 000 | G65: Construction Costs | H65: Structure | I65: Main structures
A66: =B66&"."&C66&"."&D66&"."&E66&"."&F66 -> 02.2.03.110.000 | B66: 02 | C66: 2 | D66: 03 | E66: 110 | F66: 000 | G66: Construction Costs | H66: Structure | I66: Tanks, rigs, storage containers and the like
A67: =B67&"."&C67&"."&D67&"."&E67&"."&F67 -> 02.2.03.120.000 | B67: 02 | C67: 2 | D67: 03 | E67: 120 | F67: 000 | G67: Construction Costs | H67: Structure | I67: Supports for tanks, pipes and the like
... A69: =B69&"."&C69&"."&D69&"."&E69&"."&F69 -> 02.2.03.140.000 | B69: 02 | C69: 2 | D69: 03 | E69: 140 | F69: 000 | G69: Construction Costs | H69: Structure | I69: Valves and fittings
A70: =B70&"."&C70&"."&D70&"."&E70&"."&F70 -> 02.2.04.000.000 | B70: 02 | C70: 2 | D70: 04 | E70: 000 | F70: 000 | G70: Construction Costs | H70: Non-structural works
A71: =B71&"."&C71&"."&D71&"."&E71&"."&F71 -> 02.2.04.010.000 | B71: 02 | C71: 2 | D71: 04 | E71: 010 | F71: 000 | G71: Construction Costs | H71: Non-structural works | I71: Non-structural removal and alterations
A72: =B72&"."&C72&"."&D72&"."&E72&"."&F72 -> 02.2.04.020.000 | B72: 02 | C72: 2 | D72: 04 | E72: 020 | F72: 000 | G72: Construction Costs | H72: Non-structural works | I72: Non-structural construction
A73: =B73&"."&C73&"."&D73&"."&E73&"."&F73 -> 02.2.04.030.000 | B73: 02 | C73: 2 | D73: 04 | E73: 030 | F73: 000 | G73: Construction Costs | H73: Non-structural works | I73: Running surface
A74: =B74&"."&C74&"."&D74&"."&E74&"."&F74 -> 02.2.04.040.000 | B74: 02 | C74: 2 | D74: 04 | E74: 040 | F74: 000 | G74: Construction Costs | H74: Non-structural works | I74: Signage, markings and the like
A75: =B75&"."&C75&"."&D75&"."&E75&"."&F75 -> 02.2.04.050.000 | B75: 02 | C75: 2 | D75: 04 | E75: 050 | F75: 000 | G75: Construction Costs | H75: Non-structural works | I75: Gantries and the like
A76: =B76&"."&C76&"."&D76&"."&E76&"."&F76 -> 02.2.04.060.000 | B76: 02 | C76: 2 | D76: 04 | E76: 060 | F76: 000 | G76: Construction Costs | H76: Non-structural works | I76: Safety facilities
A77: =B77&"."&C77&"."&D77&"."&E77&"."&F77 -> 02.2.04.070.000 | B77: 02 | C77: 2 | D77: 04 | E77: 070 | F77: 000 | G77: Construction Costs | H77: Non-structural works | I77: Barriers/rails and means of access
A78: =B78&"."&C78&"."&D78&"."&E78&"."&F78 -> 02.2.04.080.000 | B78: 02 | C78: 2 | D78: 04 | E78: 080 | F78: 000 | G78: Construction Costs | H78: Non-structural works | I78: Special equipment and fittings
A79: =B79&"."&C79&"."&D79&"."&E79&"."&F79 -> 02.2.04.090.000 | B79: 02 | C79: 2 | D79: 04 | E79: 090 | F79: 000 | G79: Construction Costs | H79: Non-structural works | I79: Interior landscaping
A80: =B80&"."&C80&"."&D80&"."&E80&"."&F80 -> 02.2.04.100.000 | B80: 02 | C80: 2 | D80: 04 | E80: 100 | F80: 000 | G80: Construction Costs | H80: Non-structural works | I80: Builders’ work in connection with services
A81: =B81&"."&C81&"."&D81&"."&E81&"."&F81 -> 02.2.05.000.000 | B81: 02 | C81: 2 | D81: 05 | E81: 000 | F81: 000 | G81: Construction Costs | H81: Services and equipment
A82: =B82&"."&C82&"."&D82&"."&E82&"."&F82 -> 02.2.05.010.000 | B82: 02 | C82: 2 | D82: 05 | E82: 010 | F82: 000 | G82: Construction Costs | H82: Services and equipment | I82: Mechanical systems
A83: =B83&"."&C83&"."&D83&"."&E83&"."&F83 -> 02.2.05.020.000 | B83: 02 | C83: 2 | D83: 05 | E83: 020 | F83: 000 | G83: Construction Costs | H83: Services and equipment | I83: Lighting systems
A84: =B84&"."&C84&"."&D84&"."&E84&"."&F84 -> 02.2.05.030.000 | B84: 02 | C84: 2 | D84: 05 | E84: 030 | F84: 000 | G84: Construction Costs | H84: Services and equipment | I84: Illuminations
A85: =B85&"."&C85&"."&D85&"."&E85&"."&F85 -> 02.2.05.040.000 | B85: 02 | C85: 2 | D85: 05 | E85: 040 | F85: 000 | G85: Construction Costs | H85: Services and equipment | I85: Low-voltage power supply
A86: =B86&"."&C86&"."&D86&"."&E86&"."&F86 -> 02.2.05.050.000 | B86: 02 | C86: 2 | D86: 05 | E86: 050 | F86: 000 | G86: Construction Costs | H86: Services and equipment | I86: High-voltage power supply
A87: =B87&"."&C87&"."&D87&"."&E87&"."&F87 -> 02.2.05.060.000 | B87: 02 | C87: 2 | D87: 05 | E87: 060 | F87: 000 | G87: Construction Costs | H87: Services and equipment | I87: Cables/cable trays
A88: =B88&"."&C88&"."&D88&"."&E88&"."&F88 -> 02.2.05.070.000 | B88: 02 | C88: 2 | D88: 05 | E88: 070 | F88: 000 | G88: Construction Costs | H88: Services and equipment | I88: Other electrical services
A89: =B89&"."&C89&"."&D89&"."&E89&"."&F89 -> 02.2.05.080.000 | B89: 02 | C89: 2 | D89: 05 | E89: 080 | F89: 000 | G89: Construction Costs | H89: Services and equipment | I89: Control systems and instrumentation
A90: =B90&"."&C90&"."&D90&"."&E90&"."&F90 -> 02.2.05.090.000 | B90: 02 | C90: 2 | D90: 05 | E90: 090 | F90: 000 | G90: Construction Costs | H90: Services and equipment | I90: Pipe racks/supports
A91: =B91&"."&C91&"."&D91&"."&E91&"."&F91 -> 02.2.05.100.000 | B91: 02 | C91: 2 | D91: 05 | E91: 100 | F91: 000 | G91: Construction Costs | H91: Services and equipment | I91: Water supply and drainage above ground or inside underground construction
A92: =B92&"."&C92&"."&D92&"."&E92&"."&F92 -> 02.2.05.110.000 | B92: 02 | C92: 2 | D92: 05 | E92: 110 | F92: 000 | G92: Construction Costs | H92: Services and equipment | I92: Fire services
A93: =B93&"."&C93&"."&D93&"."&E93&"."&F93 -> 02.2.05.120.000 | B93: 02 | C93: 2 | D93: 05 | E93: 120 | F93: 000 | G93: Construction Costs | H93: Services and equipment | I93: Movement systems: lifts/ elevators/ conveyors
A94: =B94&"."&C94&"."&D94&"."&E94&"."&F94 -> 02.2.06.000.000 | B94: 02 | C94: 2 | D94: 06 | E94: 000 | F94: 000 | G94: Construction Costs | H94: Surface and underground drainage
A95: =B95&"."&C95&"."&D95&"."&E95&"."&F95 -> 02.2.06.010.000 | B95: 02 | C95: 2 | D95: 06 | E95: 010 | F95: 000 | G95: Construction Costs | H95: Surface and underground drainage | I95: Surface water drainage
A96: =B96&"."&C96&"."&D96&"."&E96&"."&F96 -> 02.2.06.020.000 | B96: 02 | C96: 2 | D96: 06 | E96: 020 | F96: 000 | G96: Construction Costs | H96: Surface and underground drainage | I96: Storm water drainage
A97: =B97&"."&C97&"."&D97&"."&E97&"."&F97 -> 02.2.06.030.000 | B97: 02 | C97: 2 | D97: 06 | E97: 030 | F97: 000 | G97: Construction Costs | H97: Surface and underground drainage | I97: Foul and waste water drainage
A98: =B98&"."&C98&"."&D98&"."&E98&"."&F98 -> 02.2.06.040.000 | B98: 02 | C98: 2 | D98: 06 | E98: 040 | F98: 000 | G98: Construction Costs | H98: Surface and underground drainage | I98: Pumping systems
A99: =B99&"."&C99&"."&D99&"."&E99&"."&F99 -> 02.2.06.050.000 | B99: 02 | C99: 2 | D99: 06 | E99: 050 | F99: 000 | G99: Construction Costs | H99: Surface and underground drainage | I99: Drainage connections
A100: =B100&"."&C100&"."&D100&"."&E100&"."&F100 -> 02.2.07.000.000 | B100: 02 | C100: 2 | D100: 07 | E100: 000 | F100: 000 | G100: Construction Costs | H100: External and ancillary works
A101: =B101&"."&C101&"."&D101&"."&E101&"."&F101 -> 02.2.07.010.000 | B101: 02 | C101: 2 | D101: 07 | E101: 010 | F101: 000 | G101: Construction Costs | H101: External and ancillary works | I101: Site enclosures and divisions
A102: =B102&"."&C102&"."&D102&"."&E102&"."&F102 -> 02.2.07.020.000 | B102: 02 | C102: 2 | D102: 07 | E102: 020 | F102: 000 | G102: Construction Costs | H102: External and ancillary works | I102: Ancillary structures
A103: =B103&"."&C103&"."&D103&"."&E103&"."&F103 -> 02.2.07.030.000 | B103: 02 | C103: 2 | D103: 07 | E103: 030 | F103: 000 | G103: Construction Costs | H103: External and ancillary works | I103: Roads and paving (not amounting to a Sub- Project)
...

Sheet Building Level
A1: Project | D1: Cost Category | F1: Cost Category | G1: Cost Group | I1: Cost Group | J1: Cost Sub-Group
A2: Buildings | B2: 01 | C2: Buildings | D2: Acquisition Costs (AC) | E2: 1 | F2: Acquisition Costs (AC) | G2: Site acquisition | H2: 01 | I2: Site acquisition | J2: Costs and premium required to procure site | K2: 010
A3: Roads, runways and motorways | B3: 02 | C3: Buildings | D3: Construction Costs (CC) | E3: 2 | F3: Acquisition Costs (AC) | G3: Administrative, financial, legal and marketing expenses | H3: 02 | I3: Site acquisition | J3: Compensation to existing occupiers | K3: 020
A4: Railways | B4: 03 | C4: Buildings | D4: Renewal Costs (RC) | E4: 3 | F4: Construction Costs (CC) | G4: Demolition, site preparation and formation | H4: 01 | I4: Site acquisition | J4: Demolition, removal and modification of existing properties by way of payment to existing owners instead of carrying out physical work | K4: 030
A5: Bridges | B5: 04 | C5: Buildings | D5: Operation Costs (OC) | E5: 4 | F5: Construction Costs (CC) | G5: Substructure | H5: 02 | I5: Site acquisition | J5: Contributions for the preservation of heritage, culture and environment | K5: 040
A6: Tunnels | B6: 05 | C6: Buildings | D6: Maintenance Costs (MC) | E6: 5 | F6: Construction Costs (CC) | G6: Structure | H6: 03 | I6: Site acquisition | J6: Related fees to agents, lawyers, and the like | K6: 050
A7: Waste water treatment works | B7: 06 | C7: Buildings | D7: End of Life Costs (EC) | E7: 6 | F7: Construction Costs (CC) | G7: Architectural works | Non-structural works | H7: 04 | I7: Site acquisition | J7: Related taxes and statutory charges | K7: 060
A8: Water treatment works | B8: 07 | F8: Construction Costs (CC) | G8: Services and equipment | H8: 05 | I8: Administrative, financial, legal and marketing expenses | J8: Client’s general office overheads | K8: 010
A9: Pipelines | B9: 08 | F9: Construction Costs (CC) | G9: Surface and underground drainage | H9: 06 | I9: Administrative, financial, legal and marketing expenses | J9: Client’s project-specific administrative expenses | K9: 020
A10: Wells and boreholes | B10: 09 | F10: Construction Costs (CC) | G10: External and ancillary works | H10: 07 | I10: Administrative, financial, legal and marketing expenses | J10: Interest and finance costs | K10: 030
A11: Power-generating plants | B11: 10 | F11: Construction Costs (CC) | G11: Preliminaries | Constructors’ site overheads | general requirements | H11: 08 | I11: Administrative, financial, legal and marketing expenses | J11: Legal expenses | K11: 040
A12: Chemical plants | B12: 11 | F12: Construction Costs (CC) | G12: Risk Allowances | H12: 09 | I12: Administrative, financial, legal and marketing expenses | J12: Accounting expenses | K12: 050
A13: Refineries | B13: 12 | F13: Construction Costs (CC) | G13: Taxes and Levies | H13: 10 | I13: Administrative, financial, legal and marketing expenses | J13: Sales, leasing, marketing, advertising and promotional expenses | K13: 060
A14: Dams and reservoirs | B14: 13 | F14: Construction Costs (CC) | G14: Work and utilities off-site | H14: 11 | I14: Administrative, financial, legal and marketing expenses | J14: Taxes and statutory charges related to sales and lease | K14: 070
A15: Mines and quarries | B15: 14 | F15: Construction Costs (CC) | G15: Post-completion loose furniture, fittings and equipment | H15: 12 | I15: Administrative, financial, legal and marketing expenses | J15: License and permit charges for operation and use | K15: 080
F16: Construction Costs (CC) | G16: Construction | Renewal | Maintenance-related consultancies and supervision | H16: 13 | I16: Demolition, site preparation and formation | J16: Site survey and ground investigation | K16: 010
F17: Renewal Costs (RC) | G17: Demolition, site preparation and formation | H17: 01 | I17: Demolition, site preparation and formation | J17: Environmental treatment | K17: 020
F18: Renewal Costs (RC) | G18: Substructure | H18: 02 | I18: Demolition, site preparation and formation | J18: Sampling of hazardous or useful materials or conditions | K18: 030
F19: Renewal Costs (RC) | G19: Structure | H19: 03 | I19: Demolition, site preparation and formation | J19: Temporary fencing | K19: 040
F20: Renewal Costs (RC) | G20: Architectural works | Non-structural works | H20: 04 | I20: Demolition, site preparation and formation | J20: Demolition of existing buildings and support to adjacent structures | K20: 050
F21: Renewal Costs (RC) | G21: Services and equipment | H21: 05 | I21: Demolition, site preparation and formation | J21: Site surface clearance (clearing, grubbing, topsoil stripping, tree felling, minor earthwork, removal) | K21: 060
F22: Renewal Costs (RC) | G22: Surface and underground drainage | H22: 06 | I22: Demolition, site preparation and formation | J22: Tree transplant | K22: 070
F23: Renewal Costs (RC) | G23: External and ancillary works | H23: 07 | I23: Demolition, site preparation and formation | J23: Site formation and slope treatment | K23: 080
F24: Renewal Costs (RC) | G24: Preliminaries | Constructors’ site overheads | general requirements | H24: 08 | I24: Demolition, site preparation and formation | J24: Temporary surface drainage and dewatering | K24: 090
F25: Renewal Costs (RC) | G25: Risk Allowances | H25: 09 | I25: Demolition, site preparation and formation | J25: Temporary protection, diversion and relocation of public utilities | K25: 100
F26: Renewal Costs (RC) | G26: Taxes and Levies | H26: 10 | I26: Demolition, site preparation and formation | J26: Erosion control | K26: 110
F27: Renewal Costs (RC) | G27: Work and utilities off-site | H27: 11 | I27: Substructure | J27: Foundation piling and underpinning | K27: 010
... F57: End of Life Costs (EC) | G57: Taxes and Levies | H57: 07 | I57: Services and equipment | J57: Water and waste water treatment equipment | K57: 150
I58: Services and equipment | J58: Fountains, pools and filtration plant | K58: 160
I59: Services and equipment | J59: Powered building signage | K59: 170
I60: Services and equipment | J60: Audio/visual entertainment system | K60: 175
I61: Services and equipment | J61: Kitchen equipment | K61: 180
I62: Services and equipment | J62: Cold room equipment | K62: 190
I63: Services and equipment | J63: Laboratory equipment | K63: 200
I64: Services and equipment | J64: Medical equipment | K64: 210
I65: Services and equipment | J65: Hotel equipment | K65: 220
I66: Services and equipment | J66: Car park or entrances access control | K66: 230
I67: Services and equipment | J67: Domestic appliances | K67: 240
I68: Services and equipment | J68: Other specialist services | K68: 250
I69: Services and equipment | J69: Builder’s profit and attendance on services | K69: 260
... I141: Taxes and Levies | J141: Credit for grants | K141: 030

Sheet Civil Level
A1: Project | D1: Cost Category | F1: Cost Category | G1: Cost Group | I1: Cost Group | J1: Cost Sub-Group
A2: Buildings | B2: 01 | C2: Buildings | D2: Acquisition Costs (AC) | E2: 1 | F2: Acquisition Costs (AC) | G2: Site acquisition | H2: 01 | I2: Site acquisition | J2: Costs and premium required to procure site | K2: 010
A3: Roads, runways and motorways | B3: 02 | C3: Buildings | D3: Construction Costs (CC) | E3: 2 | F3: Acquisition Costs (AC) | G3: Administrative, financial, legal and marketing expenses | H3: 02 | I3: Site acquisition | J3: Compensation to existing occupiers | K3: 020
A4: Railways | B4: 03 | C4: Buildings | D4: Renewal Costs (RC) | E4: 3 | F4: Construction Costs (CC) | G4: Demolition, site preparation and formation | H4: 01 | I4: Site acquisition | J4: Demolition, removal and modification of existing properties by way of payment to existing owners instead of carrying out physical work | K4: 030
A5: Bridges | B5: 04 | C5: Buildings | D5: Operation Costs (OC) | E5: 4 | F5: Construction Costs (CC) | G5: Substructure | H5: 02 | I5: Site acquisition | J5: Contributions for the preservation of heritage, culture and environment | K5: 040
A6: Tunnels | B6: 05 | C6: Buildings | D6: Maintenance Costs (MC) | E6: 5 | F6: Construction Costs (CC) | G6: Structure | H6: 03 | I6: Site acquisition | J6: Related fees to agents, lawyers, and the like | K6: 050
A7: Waste water treatment works | B7: 06 | C7: Buildings | D7: End of Life Costs (EC) | E7: 6 | F7: Construction Costs (CC) | G7: Non-structural works | H7: 04 | I7: Site acquisition | J7: Related taxes and statutory charges | K7: 060
A8: Water treatment works | B8: 07 | F8: Construction Costs (CC) | G8: Services and equipment | H8: 05 | I8: Administrative, financial, legal and marketing expenses | J8: Client’s general office overheads | K8: 010
A9: Pipelines | B9: 08 | F9: Construction Costs (CC) | G9: Surface and underground drainage | H9: 06 | I9: Administrative, financial, legal and marketing expenses | J9: Client’s project-specific administrative expenses | K9: 020
A10: Wells and boreholes | B10: 09 | F10: Construction Costs (CC) | G10: External and ancillary works | H10: 07 | I10: Administrative, financial, legal and marketing expenses | J10: Interest and finance costs | K10: 030
A11: Power-generating plants | B11: 10 | F11: Construction Costs (CC) | G11: Preliminaries | Constructors’ site overheads | general requirements | H11: 08 | I11: Administrative, financial, legal and marketing expenses | J11: Legal expenses | K11: 040
A12: Chemical plants | B12: 11 | F12: Construction Costs (CC) | G12: Risk Allowances | H12: 09 | I12: Administrative, financial, legal and marketing expenses | J12: Accounting expenses | K12: 050
A13: Refineries | B13: 12 | F13: Construction Costs (CC) | G13: Taxes and Levies | H13: 10 | I13: Administrative, financial, legal and marketing expenses | J13: Sales, leasing, marketing, advertising and promotional expenses | K13: 060
A14: Dams and reservoirs | B14: 13 | F14: Construction Costs (CC) | G14: Work and utilities off-site | H14: 11 | I14: Administrative, financial, legal and marketing expenses | J14: Taxes and statutory charges related to sales and lease | K14: 070
A15: Mines and quarries | B15: 14 | F15: Construction Costs (CC) | G15: Post-completion loose furniture, fittings and equipment | H15: 12 | I15: Administrative, financial, legal and marketing expenses | J15: License and permit charges for operation and use | K15: 080
F16: Construction Costs (CC) | G16: Construction | Renewal | Maintenance-related consultancies and supervision | H16: 13 | I16: Demolition, site preparation and formation | J16: Site survey and ground investigation | K16: 010
F17: Renewal Costs (RC) | G17: Demolition, site preparation and formation | H17: 01 | I17: Demolition, site preparation and formation | J17: Environmental treatment | K17: 020
F18: Renewal Costs (RC) | G18: Substructure | H18: 02 | I18: Demolition, site preparation and formation | J18: Sampling of hazardous or useful materials or conditions | K18: 030
F19: Renewal Costs (RC) | G19: Structure | H19: 03 | I19: Demolition, site preparation and formation | J19: Temporary fencing | K19: 040
F20: Renewal Costs (RC) | G20: Architectural works | Non-structural works | H20: 04 | I20: Demolition, site preparation and formation | J20: Demolition of existing structures and support to adjacent structures | K20: 050
F21: Renewal Costs (RC) | G21: Services and equipment | H21: 05 | I21: Demolition, site preparation and formation | J21: Site surface clearance (clearing, grubbing, topsoil stripping, tree felling, minor earthwork, removal) | K21: 060
F22: Renewal Costs (RC) | G22: Surface and underground drainage | H22: 06 | I22: Demolition, site preparation and formation | J22: Tree transplant | K22: 070
F23: Renewal Costs (RC) | G23: External and ancillary works | H23: 07 | I23: Demolition, site preparation and formation | J23: General site formation and slope treatment | K23: 080
F24: Renewal Costs (RC) | G24: Preliminaries | Constructors’ site overheads | general requirements | H24: 08 | I24: Demolition, site preparation and formation | J24: Temporary surface drainage and dewatering | K24: 090
F25: Renewal Costs (RC) | G25: Risk Allowances | H25: 09 | I25: Demolition, site preparation and formation | J25: Temporary access roads and storage areas (provided under an advance contract) | K25: 100
F26: Renewal Costs (RC) | G26: Taxes and Levies | H26: 10 | I26: Demolition, site preparation and formation | J26: Temporary protection, diversion and relocation of public utilities | K26: 110
F27: Renewal Costs (RC) | G27: Work and utilities off-site | H27: 11 | I27: Demolition, site preparation and formation | J27: Erosion control | K27: 120
F28: Renewal Costs (RC) | G28: Post-completion loose furniture, fittings and equipment | H28: 12 | I28: Substructure | J28: Embankments/cuttings | K28: 010
F29: Renewal Costs (RC) | G29: Construction | Renewal | Maintenance-related consultancies and supervision | H29: 13 | I29: Substructure | J29: Excavation, disposal and lateral supports (specifically to receive any substructure construction but excluding general site formation and slope treatment) | K29: 020
F30: Operation Costs (OC) | G30: Cleaning | H30: 01 | I30: Substructure | J30: Trenching | K30: 030
F31: Operation Costs (OC) | G31: Utilities | H31: 02 | I31: Substructure | J31: Drilling/boring | K31: 040
F32: Operation Costs (OC) | G32: Waste management | H32: 03 | I32: Substructure | J32: Piling/anchoring | K32: 050
F33: Operation Costs (OC) | G33: Security | H33: 04 | I33: Substructure | J33: Structural backfill/ground remediation | K33: 060
F34: Operation Costs (OC) | G34: Information and communications technology | H34: 05 | I34: Substructure | J34: Earth-retaining structures | K34: 070
F35: Operation Costs (OC) | G35: Operators’ site overheads | general requirements | H35: 06 | I35: Substructure | J35: Abutments/wing walls | K35: 080
F36: Operation Costs (OC) | G36: Risk Allowances | H36: 07 | I36: Substructure | J36: Pile caps/footings/bases (nearest to the ground level or water level if constructed in water) | K36: 090
F37: Operation Costs (OC) | G37: Taxes and Levies | H37: 08 | I37: Substructure | J37: Sub-base to pavements and rail track structures | K37: 100
F38: Maintenance Costs (MC) | G38: Demolition, site preparation and formation | H38: 01 | I38: Substructure | J38: Bases to supports for tanks, pipes, well heads and the like | K38: 110
F39: Maintenance Costs (MC) | G39: Substructure | H39: 02 | I39: Substructure | J39: Beds and surrounds to underground pipes | K39: 120
F40: Maintenance Costs (MC) | G40: Structure | H40: 03 | I40: Structure | J40: Piers and towers | K40: 010
F41: Maintenance Costs (MC) | G41: Architectural works | Non-structural works | H41: 04 | I41: Structure | J41: Suspension system | K41: 020
F42: Maintenance Costs (MC) | G42: Services and equipment | H42: 05 | I42: Structure | J42: Decks | K42: 030
F43: Maintenance Costs (MC) | G43: Surface and underground drainage | H43: 06 | I43: Structure | J43: Bearings | K43: 040
F44: Maintenance Costs (MC) | G44: External and ancillary works | H44: 07 | I44: Structure | J44: Tunnel lining | K44: 050
F45: Maintenance Costs (MC) | G45: Preliminaries | Constructors’ site overheads | general requirements | H45: 08 | I45: Structure | J45: Road/track base | K45: 060
F46: Maintenance Costs (MC) | G46: Risk Allowances | H46: 09 | I46: Structure | J46: Pavement | K46: 070
F47: Maintenance Costs (MC) | G47: Taxes and Levies | H47: 10 | I47: Structure | J47: Service roads and approaches | K47: 080
F48: Maintenance Costs (MC) | G48: Work and utilities off-site | H48: 11 | I48: Structure | J48: Parapets/edge treatment | K48: 090
F49: Maintenance Costs (MC) | G49: Post-completion loose furniture, fittings and equipment | H49: 12 | I49: Structure | J49: Main structures | K49: 100
F50: Maintenance Costs (MC) | G50: Construction | Renewal | Maintenance-related consultancies and supervision | H50: 13 | I50: Structure | J50: Tanks, rigs, storage containers and the like | K50: 110
F51: End of Life Costs (EC) | G51: Disposal inspection | H51: 01 | I51: Structure | J51: Supports for tanks, pipes and the like | K51: 120
... F57: End of Life Costs (EC) | G57: Taxes and Levies | H57: 07 | I57: Non-structural works | J57: Signage, markings and the like | K57: 040
I58: Non-structural works | J58: Gantries and the like | K58: 050
I59: Non-structural works | J59: Safety facilities | K59: 060
I60: Non-structural works | J60: Barriers/rails and means of access | K60: 070
I61: Non-structural works | J61: Special equipment and fittings | K61: 080
I62: Non-structural works | J62: Interior landscaping | K62: 090
I63: Non-structural works | J63: Builders’ work in connection with services | K63: 100
I64: Services and equipment | J64: Mechanical systems | K64: 010
I65: Services and equipment | J65: Lighting systems | K65: 020
I66: Services and equipment | J66: Illuminations | K66: 030
I67: Services and equipment | J67: Low-voltage power supply | K67: 040
I68: Services and equipment | J68: High-voltage power supply | K68: 050
I69: Services and equipment | J69: Cables/cable trays | K69: 060
... I144: Taxes and Levies | J144: Credit for grants | K144: 030

Sheet Building Map
A1: Ss Systems - 08 February 2019 - v1.13
A4: Code | B4: Group | C4: Sub group | D4: Section | E4: Object | F4: Title | I4: Cost Category | J4: Cost Group | K4: Cost Sub-Group | L4: Cost Sub Sub-Group | N4: L2 | O4: L3 | P4: L4 | Q4: L5 | S4: Unique ID | U4: Notes
A5: Ss_15 | B5: 15 | F5: Earthworks, remediation and temporary systems - Also See Civil Map | N5: =IF(I5=0, "00", VLOOKUP(I5,'Building Level'!$D$2:$E$100,2,FALSE)) -> 00 | O5: =IF(J5=0,"00",VLOOKUP(J5,'Building Level'!$G$2:$H$100,2,FALSE)) -> 00 | P5: =IF(K5=0,"000",VLOOKUP(K5,'Building Level'!$J$2:$K$200,2,FALSE)) -> 000 | Q5: =IF(L5=0,"000",VLOOKUP(L5,'Building Level'!$M$2:$N$172,2,FALSE)) -> 000 | S5: =N5&"."&O5&"."&P5 -> 00.00.000
A6: Ss_15_10 | B6: 15 | C6: 10 | F6: Groundworks and earthworks systems | I6: Construction Costs (CC) | J6: Substructure | K6: Basement sides and bottom | N6: =IF(I6=0, "00", VLOOKUP(I6,'Building Level'!$D$2:$E$100,2,FALSE)) -> 2 | O6: =IF(J6=0,"00",VLOOKUP(J6,'Building Level'!$G$2:$H$100,2,FALSE)) -> 02 | P6: =IF(K6=0,"000",VLOOKUP(K6,'Building Level'!$J$2:$K$200,2,FALSE)) -> 030 | Q6: =IF(L6=0,"000",VLOOKUP(L6,'Building Level'!$M$2:$N$172,2,FALSE)) -> 000 | S6: =N6&"."&O6&"."&P6 -> 2.02.030
A7: Ss_15_10 | B7: 15 | C7: 10 | F7: Groundworks and earthworks systems | I7: Renewal Costs (RC) | J7: Substructure | K7: Basement sides and bottom | N7: =IF(I7=0, "00", VLOOKUP(I7,'Building Level'!$D$2:$E$100,2,FALSE)) -> 3 | O7: =IF(J7=0,"00",VLOOKUP(J7,'Building Level'!$G$2:$H$100,2,FALSE)) -> 02 | P7: =IF(K7=0,"000",VLOOKUP(K7,'Building Level'!$J$2:$K$200,2,FALSE)) -> 030 | Q7: =IF(L7=0,"000",VLOOKUP(L7,'Building Level'!$M$2:$N$172,2,FALSE)) -> 000 | S7: =N7&"."&O7&"."&P7 -> 3.02.030
A8: Ss_15_10 | B8: 15 | C8: 10 | F8: Groundworks and earthworks systems | I8: Maintenance Costs (MC) | J8: Substructure | K8: Basement sides and bottom | N8: =IF(I8=0, "00", VLOOKUP(I8,'Building Level'!$D$2:$E$100,2,FALSE)) -> 5 | O8: =IF(J8=0,"00",VLOOKUP(J8,'Building Level'!$G$2:$H$100,2,FALSE)) -> 02 | P8: =IF(K8=0,"000",VLOOKUP(K8,'Building Level'!$J$2:$K$200,2,FALSE)) -> 030 | Q8: =IF(L8=0,"000",VLOOKUP(L8,'Building Level'!$M$2:$N$172,2,FALSE)) -> 000 | S8: =N8&"."&O8&"."&P8 -> 5.02.030
A9: Ss_15_10 | B9: 15 | C9: 10 | F9: Groundworks and earthworks systems | I9: Construction Costs (CC) | J9: Substructure | K9: Foundations up to top of lowest floor slabs | N9: =IF(I9=0, "00", VLOOKUP(I9,'Building Level'!$D$2:$E$100,2,FALSE)) -> 2 | O9: =IF(J9=0,"00",VLOOKUP(J9,'Building Level'!$G$2:$H$100,2,FALSE)) -> 02 | P9: =IF(K9=0,"000",VLOOKUP(K9,'Building Level'!$J$2:$K$200,2,FALSE)) -> 020 | Q9: =IF(L9=0,"000",VLOOKUP(L9,'Building Level'!$M$2:$N$172,2,FALSE)) -> 000 | S9: =N9&"."&O9&"."&P9 -> 2.02.020
A10: Ss_15_10 | B10: 15 | C10: 10 | F10: Groundworks and earthworks systems | I10: Renewal Costs (RC) | J10: Substructure | K10: Foundations up to top of lowest floor slabs | N10: =IF(I10=0, "00", VLOOKUP(I10,'Building Level'!$D$2:$E$100,2,FALSE)) -> 3 | O10: =IF(J10=0,"00",VLOOKUP(J10,'Building Level'!$G$2:$H$100,2,FALSE)) -> 02 | P10: =IF(K10=0,"000",VLOOKUP(K10,'Building Level'!$J$2:$K$200,2,FALSE)) -> 020 | Q10: =IF(L10=0,"000",VLOOKUP(L10,'Building Level'!$M$2:$N$172,2,FALSE)) -> 000 | S10: =N10&"."&O10&"."&P10 -> 3.02.020
A11: Ss_15_10 | B11: 15 | C11: 10 | F11: Groundworks and earthworks systems | I11: Maintenance Costs (MC) | J11: Substructure | K11: Foundations up to top of lowest floor slabs | N11: =IF(I11=0, "00", VLOOKUP(I11,'Building Level'!$D$2:$E$100,2,FALSE)) -> 5 | O11: =IF(J11=0,"00",VLOOKUP(J11,'Building Level'!$G$2:$H$100,2,FALSE)) -> 02 | P11: =IF(K11=0,"000",VLOOKUP(K11,'Building Level'!$J$2:$K$200,2,FALSE)) -> 020 | Q11: =IF(L11=0,"000",VLOOKUP(L11,'Building Level'!$M$2:$N$172,2,FALSE)) -> 000 | S11: =N11&"."&O11&"."&P11 -> 5.02.020
A12: Ss_15_10_30 | B12: 15 | C12: 10 | D12: 30 | F12: Excavating and filling systems | I12: Construction Costs (CC) | J12: Substructure | K12: Basement sides and bottom | N12: =IF(I12=0, "00", VLOOKUP(I12,'Building Level'!$D$2:$E$100,2,FALSE)) -> 2 | O12: =IF(J12=0,"00",VLOOKUP(J12,'Building Level'!$G$2:$H$100,2,FALSE)) -> 02 | P12: =IF(K12=0,"000",VLOOKUP(K12,'Building Level'!$J$2:$K$200,2,FALSE)) -> 030 | Q12: =IF(L12=0,"000",VLOOKUP(L12,'Building Level'!$M$2:$N$172,2,FALSE)) -> 000 | S12: =N12&"."&O12&"."&P12 -> 2.02.030
A13: Ss_15_10_30 | B13: 15 | C13: 10 | D13: 30 | F13: Excavating and filling systems | I13: Renewal Costs (RC) | J13: Substructure | K13: Basement sides and bottom | N13: =IF(I13=0, "00", VLOOKUP(I13,'Building Level'!$D$2:$E$100,2,FALSE)) -> 3 | O13: =IF(J13=0,"00",VLOOKUP(J13,'Building Level'!$G$2:$H$100,2,FALSE)) -> 02 | P13: =IF(K13=0,"000",VLOOKUP(K13,'Building Level'!$J$2:$K$200,2,FALSE)) -> 030 | Q13: =IF(L13=0,"000",VLOOKUP(L13,'Building Level'!$M$2:$N$172,2,FALSE)) -> 000 | S13: =N13&"."&O13&"."&P13 -> 3.02.030
A14: Ss_15_10_30 | B14: 15 | C14: 10 | D14: 30 | F14: Excavating and filling systems | I14: Maintenance Costs (MC) | J14: Substructure | K14: Basement sides and bottom | N14: =IF(I14=0, "00", VLOOKUP(I14,'Building Level'!$D$2:$E$100,2,FALSE)) -> 5 | O14: =IF(J14=0,"00",VLOOKUP(J14,'Building Level'!$G$2:$H$100,2,FALSE)) -> 02 | P14: =IF(K14=0,"000",VLOOKUP(K14,'Building Level'!$J$2:$K$200,2,FALSE)) -> 030 | Q14: =IF(L14=0,"000",VLOOKUP(L14,'Building Level'!$M$2:$N$172,2,FALSE)) -> 000 | S14: =N14&"."&O14&"."&P14 -> 5.02.030
A15: Ss_15_10_30 | B15: 15 | C15: 10 | D15: 30 | F15: Excavating and filling systems | I15: Construction Costs (CC) | J15: Substructure | K15: Foundations up to top of lowest floor slabs | N15: =IF(I15=0, "00", VLOOKUP(I15,'Building Level'!$D$2:$E$100,2,FALSE)) -> 2 | O15: =IF(J15=0,"00",VLOOKUP(J15,'Building Level'!$G$2:$H$100,2,FALSE)) -> 02 | P15: =IF(K15=0,"000",VLOOKUP(K15,'Building Level'!$J$2:$K$200,2,FALSE)) -> 020 | Q15: =IF(L15=0,"000",VLOOKUP(L15,'Building Level'!$M$2:$N$172,2,FALSE)) -> 000 | S15: =N15&"."&O15&"."&P15 -> 2.02.020
A16: Ss_15_10_30 | B16: 15 | C16: 10 | D16: 30 | F16: Excavating and filling systems | I16: Renewal Costs (RC) | J16: Substructure | K16: Foundations up to top of lowest floor slabs | N16: =IF(I16=0, "00", VLOOKUP(I16,'Building Level'!$D$2:$E$100,2,FALSE)) -> 3 | O16: =IF(J16=0,"00",VLOOKUP(J16,'Building Level'!$G$2:$H$100,2,FALSE)) -> 02 | P16: =IF(K16=0,"000",VLOOKUP(K16,'Building Level'!$J$2:$K$200,2,FALSE)) -> 020 | Q16: =IF(L16=0,"000",VLOOKUP(L16,'Building Level'!$M$2:$N$172,2,FALSE)) -> 000 | S16: =N16&"."&O16&"."&P16 -> 3.02.020
A17: Ss_15_10_30 | B17: 15 | C17: 10 | D17: 30 | F17: Excavating and filling systems | I17: Maintenance Costs (MC) | J17: Substructure | K17: Foundations up to top of lowest floor slabs | N17: =IF(I17=0, "00", VLOOKUP(I17,'Building Level'!$D$2:$E$100,2,FALSE)) -> 5 | O17: =IF(J17=0,"00",VLOOKUP(J17,'Building Level'!$G$2:$H$100,2,FALSE)) -> 02 | P17: =IF(K17=0,"000",VLOOKUP(K17,'Building Level'!$J$2:$K$200,2,FALSE)) -> 020 | Q17: =IF(L17=0,"000",VLOOKUP(L17,'Building Level'!$M$2:$N$172,2,FALSE)) -> 000 | S17: =N17&"."&O17&"."&P17 -> 5.02.020
A18: Ss_15_10_30_05 | B18: 15 | C18: 10 | D18: 30 | E18: 05 | F18: Backfill systems | I18: Construction Costs (CC) | J18: Substructure | K18: Basement sides and bottom | N18: =IF(I18=0, "00", VLOOKUP(I18,'Building Level'!$D$2:$E$100,2,FALSE)) -> 2 | O18: =IF(J18=0,"00",VLOOKUP(J18,'Building Level'!$G$2:$H$100,2,FALSE)) -> 02 | P18: =IF(K18=0,"000",VLOOKUP(K18,'Building Level'!$J$2:$K$200,2,FALSE)) -> 030 | Q18: =IF(L18=0,"000",VLOOKUP(L18,'Building Level'!$M$2:$N$172,2,FALSE)) -> 000 | S18: =N18&"."&O18&"."&P18 -> 2.02.030
A19: Ss_15_10_30_05 | B19: 15 | C19: 10 | D19: 30 | E19: 05 | F19: Backfill systems | I19: Renewal Costs (RC) | J19: Substructure | K19: Basement sides and bottom | N19: =IF(I19=0, "00", VLOOKUP(I19,'Building Level'!$D$2:$E$100,2,FALSE)) -> 3 | O19: =IF(J19=0,"00",VLOOKUP(J19,'Building Level'!$G$2:$H$100,2,FALSE)) -> 02 | P19: =IF(K19=0,"000",VLOOKUP(K19,'Building Level'!$J$2:$K$200,2,FALSE)) -> 030 | Q19: =IF(L19=0,"000",VLOOKUP(L19,'Building Level'!$M$2:$N$172,2,FALSE)) -> 000 | S19: =N19&"."&O19&"."&P19 -> 3.02.030
A20: Ss_15_10_30_05 | B20: 15 | C20: 10 | D20: 30 | E20: 05 | F20: Backfill systems | I20: Maintenance Costs (MC) | J20: Substructure | K20: Basement sides and bottom | N20: =IF(I20=0, "00", VLOOKUP(I20,'Building Level'!$D$2:$E$100,2,FALSE)) -> 5 | O20: =IF(J20=0,"00",VLOOKUP(J20,'Building Level'!$G$2:$H$100,2,FALSE)) -> 02 | P20: =IF(K20=0,"000",VLOOKUP(K20,'Building Level'!$J$2:$K$200,2,FALSE)) -> 030 | Q20: =IF(L20=0,"000",VLOOKUP(L20,'Building Level'!$M$2:$N$172,2,FALSE)) -> 000 | S20: =N20&"."&O20&"."&P20 -> 5.02.030
A21: Ss_15_10_30_05 | B21: 15 | C21: 10 | D21: 30 | E21: 05 | F21: Backfill systems | I21: Construction Costs (CC) | J21: Substructure | K21: Foundations up to top of lowest floor slabs | N21: =IF(I21=0, "00", VLOOKUP(I21,'Building Level'!$D$2:$E$100,2,FALSE)) -> 2 | O21: =IF(J21=0,"00",VLOOKUP(J21,'Building Level'!$G$2:$H$100,2,FALSE)) -> 02 | P21: =IF(K21=0,"000",VLOOKUP(K21,'Building Level'!$J$2:$K$200,2,FALSE)) -> 020 | Q21: =IF(L21=0,"000",VLOOKUP(L21,'Building Level'!$M$2:$N$172,2,FALSE)) -> 000 | S21: =N21&"."&O21&"."&P21 -> 2.02.020
A22: Ss_15_10_30_05 | B22: 15 | C22: 10 | D22: 30 | E22: 05 | F22: Backfill systems | I22: Renewal Costs (RC) | J22: Substructure | K22: Foundations up to top of lowest floor slabs | N22: =IF(I22=0, "00", VLOOKUP(I22,'Building Level'!$D$2:$E$100,2,FALSE)) -> 3 | O22: =IF(J22=0,"00",VLOOKUP(J22,'Building Level'!$G$2:$H$100,2,FALSE)) -> 02 | P22: =IF(K22=0,"000",VLOOKUP(K22,'Building Level'!$J$2:$K$200,2,FALSE)) -> 020 | Q22: =IF(L22=0,"000",VLOOKUP(L22,'Building Level'!$M$2:$N$172,2,FALSE)) -> 000 | S22: =N22&"."&O22&"."&P22 -> 3.02.020
A23: Ss_15_10_30_05 | B23: 15 | C23: 10 | D23: 30 | E23: 05 | F23: Backfill systems | I23: Maintenance Costs (MC) | J23: Substructure | K23: Foundations up to top of lowest floor slabs | N23: =IF(I23=0, "00", VLOOKUP(I23,'Building Level'!$D$2:$E$100,2,FALSE)) -> 5 | O23: =IF(J23=0,"00",VLOOKUP(J23,'Building Level'!$G$2:$H$100,2,FALSE)) -> 02 | P23: =IF(K23=0,"000",VLOOKUP(K23,'Building Level'!$J$2:$K$200,2,FALSE)) -> 020 | Q23: =IF(L23=0,"000",VLOOKUP(L23,'Building Level'!$M$2:$N$172,2,FALSE)) -> 000 | S23: =N23&"."&O23&"."&P23 -> 5.02.020
A24: Ss_15_10_30_25 | B24: 15 | C24: 10 | D24: 30 | E24: 25 | F24: Earthworks excavating systems | I24: Construction Costs (CC) | J24: Substructure | K24: Basement sides and bottom | N24: =IF(I24=0, "00", VLOOKUP(I24,'Building Level'!$D$2:$E$100,2,FALSE)) -> 2 | O24: =IF(J24=0,"00",VLOOKUP(J24,'Building Level'!$G$2:$H$100,2,FALSE)) -> 02 | P24: =IF(K24=0,"000",VLOOKUP(K24,'Building Level'!$J$2:$K$200,2,FALSE)) -> 030 | Q24: =IF(L24=0,"000",VLOOKUP(L24,'Building Level'!$M$2:$N$172,2,FALSE)) -> 000 | S24: =N24&"."&O24&"."&P24 -> 2.02.030
A25: Ss_15_10_30_25 | B25: 15 | C25: 10 | D25: 30 | E25: 25 | F25: Earthworks excavating systems | I25: Renewal Costs (RC) | J25: Substructure | K25: Basement sides and bottom | N25: =IF(I25=0, "00", VLOOKUP(I25,'Building Level'!$D$2:$E$100,2,FALSE)) -> 3 | O25: =IF(J25=0,"00",VLOOKUP(J25,'Building Level'!$G$2:$H$100,2,FALSE)) -> 02 | P25: =IF(K25=0,"000",VLOOKUP(K25,'Building Level'!$J$2:$K$200,2,FALSE)) -> 030 | Q25: =IF(L25=0,"000",VLOOKUP(L25,'Building Level'!$M$2:$N$172,2,FALSE)) -> 000 | S25: =N25&"."&O25&"."&P25 -> 3.02.030
A26: Ss_15_10_30_25 | B26: 15 | C26: 10 | D26: 30 | E26: 25 | F26: Earthworks excavating systems | I26: Maintenance Costs (MC) | J26: Substructure | K26: Basement sides and bottom | N26: =IF(I26=0, "00", VLOOKUP(I26,'Building Level'!$D$2:$E$100,2,FALSE)) -> 5 | O26: =IF(J26=0,"00",VLOOKUP(J26,'Building Level'!$G$2:$H$100,2,FALSE)) -> 02 | P26: =IF(K26=0,"000",VLOOKUP(K26,'Building Level'!$J$2:$K$200,2,FALSE)) -> 030 | Q26: =IF(L26=0,"000",VLOOKUP(L26,'Building Level'!$M$2:$N$172,2,FALSE)) -> 000 | S26: =N26&"."&O26&"."&P26 -> 5.02.030
A27: Ss_15_10_30_25 | B27: 15 | C27: 10 | D27: 30 | E27: 25 | F27: Earthworks excavating systems | I27: Construction Costs (CC) | J27: Substructure | K27: Foundations up to top of lowest floor slabs | N27: =IF(I27=0, "00", VLOOKUP(I27,'Building Level'!$D$2:$E$100,2,FALSE)) -> 2 | O27: =IF(J27=0,"00",VLOOKUP(J27,'Building Level'!$G$2:$H$100,2,FALSE)) -> 02 | P27: =IF(K27=0,"000",VLOOKUP(K27,'Building Level'!$J$2:$K$200,2,FALSE)) -> 020 | Q27: =IF(L27=0,"000",VLOOKUP(L27,'Building Level'!$M$2:$N$172,2,FALSE)) -> 000 | S27: =N27&"."&O27&"."&P27 -> 2.02.020
A28: Ss_15_10_30_25 | B28: 15 | C28: 10 | D28: 30 | E28: 25 | F28: Earthworks excavating systems | I28: Renewal Costs (RC) | J28: Substructure | K28: Foundations up to top of lowest floor slabs | N28: =IF(I28=0, "00", VLOOKUP(I28,'Building Level'!$D$2:$E$100,2,FALSE)) -> 3 | O28: =IF(J28=0,"00",VLOOKUP(J28,'Building Level'!$G$2:$H$100,2,FALSE)) -> 02 | P28: =IF(K28=0,"000",VLOOKUP(K28,'Building Level'!$J$2:$K$200,2,FALSE)) -> 020 | Q28: =IF(L28=0,"000",VLOOKUP(L28,'Building Level'!$M$2:$N$172,2,FALSE)) -> 000 | S28: =N28&"."&O28&"."&P28 -> 3.02.020
A29: Ss_15_10_30_25 | B29: 15 | C29: 10 | D29: 30 | E29: 25 | F29: Earthworks excavating systems | I29: Maintenance Costs (MC) | J29: Substructure | K29: Foundations up to top of lowest floor slabs | N29: =IF(I29=0, "00", VLOOKUP(I29,'Building Level'!$D$2:$E$100,2,FALSE)) -> 5 | O29: =IF(J29=0,"00",VLOOKUP(J29,'Building Level'!$G$2:$H$100,2,FALSE)) -> 02 | P29: =IF(K29=0,"000",VLOOKUP(K29,'Building Level'!$J$2:$K$200,2,FALSE)) -> 020 | Q29: =IF(L29=0,"000",VLOOKUP(L29,'Building Level'!$M$2:$N$172,2,FALSE)) -> 000 | S29: =N29&"."&O29&"."&P29 -> 5.02.020
... A47: Ss_15_10_30_90 | B47: 15 | C47: 10 | D47: 30 | E47: 90 | F47: Topsoil filling systems | I47: Maintenance Costs (MC) | J47: Demolition, site preparation and formation | K47: Site formation and slope treatment | N47: =IF(I47=0, "00", VLOOKUP(I47,'Building Level'!$D$2:$E$100,2,FALSE)) -> 5 | O47: =IF(J47=0,"00",VLOOKUP(J47,'Building Level'!$G$2:$H$100,2,FALSE)) -> 01 | P47: =IF(K47=0,"000",VLOOKUP(K47,'Building Level'!$J$2:$K$200,2,FALSE)) -> 080 | Q47: =IF(L47=0,"000",VLOOKUP(L47,'Building Level'!$M$2:$N$172,2,FALSE)) -> 000 | S47: =N47&"."&O47&"."&P47 -> 5.01.080
A48: Ss_15_10_33 | B48: 15 | C48: 10 | D48: 33 | F48: Ground gas disposal systems | I48: Construction Costs (CC) | J48: Demolition, site preparation and formation | K48: Environmental treatment | N48: =IF(I48=0, "00", VLOOKUP(I48,'Building Level'!$D$2:$E$100,2,FALSE)) -> 2 | O48: =IF(J48=0,"00",VLOOKUP(J48,'Building Level'!$G$2:$H$100,2,FALSE)) -> 01 | P48: =IF(K48=0,"000",VLOOKUP(K48,'Building Level'!$J$2:$K$200,2,FALSE)) -> 020 | Q48: =IF(L48=0,"000",VLOOKUP(L48,'Building Level'!$M$2:$N$172,2,FALSE)) -> 000 | S48: =N48&"."&O48&"."&P48 -> 2.01.020
A49: Ss_15_10_33 | B49: 15 | C49: 10 | D49: 33 | F49: Ground gas disposal systems | I49: Renewal Costs (RC) | J49: Demolition, site preparation and formation | K49: Environmental treatment | N49: =IF(I49=0, "00", VLOOKUP(I49,'Building Level'!$D$2:$E$100,2,FALSE)) -> 3 | O49: =IF(J49=0,"00",VLOOKUP(J49,'Building Level'!$G$2:$H$100,2,FALSE)) -> 01 | P49: =IF(K49=0,"000",VLOOKUP(K49,'Building Level'!$J$2:$K$200,2,FALSE)) -> 020 | Q49: =IF(L49=0,"000",VLOOKUP(L49,'Building Level'!$M$2:$N$172,2,FALSE)) -> 000 | S49: =N49&"."&O49&"."&P49 -> 3.01.020
A50: Ss_15_10_33 | B50: 15 | C50: 10 | D50: 33 | F50: Ground gas disposal systems | I50: Maintenance Costs (MC) | J50: Demolition, site preparation and formation | K50: Environmental treatment | N50: =IF(I50=0, "00", VLOOKUP(I50,'Building Level'!$D$2:$E$100,2,FALSE)) -> 5 | O50: =IF(J50=0,"00",VLOOKUP(J50,'Building Level'!$G$2:$H$100,2,FALSE)) -> 01 | P50: =IF(K50=0,"000",VLOOKUP(K50,'Building Level'!$J$2:$K$200,2,FALSE)) -> 020 | Q50: =IF(L50=0,"000",VLOOKUP(L50,'Building Level'!$M$2:$N$172,2,FALSE)) -> 000 | S50: =N50&"."&O50&"."&P50 -> 5.01.020
A51: Ss_15_10_33_34 | B51: 15 | C51: 10 | D51: 33 | E51: 34 | F51: Ground gas collection and venting systems | I51: Construction Costs (CC) | J51: Demolition, site preparation and formation | K51: Environmental treatment | N51: =IF(I51=0, "00", VLOOKUP(I51,'Building Level'!$D$2:$E$100,2,FALSE)) -> 2 | O51: =IF(J51=0,"00",VLOOKUP(J51,'Building Level'!$G$2:$H$100,2,FALSE)) -> 01 | P51: =IF(K51=0,"000",VLOOKUP(K51,'Building Level'!$J$2:$K$200,2,FALSE)) -> 020 | Q51: =IF(L51=0,"000",VLOOKUP(L51,'Building Level'!$M$2:$N$172,2,FALSE)) -> 000 | S51: =N51&"."&O51&"."&P51 -> 2.01.020
A52: Ss_15_10_33_34 | B52: 15 | C52: 10 | D52: 33 | E52: 34 | F52: Ground gas collection and venting systems | I52: Renewal Costs (RC) | J52: Demolition, site preparation and formation | K52: Environmental treatment | N52: =IF(I52=0, "00", VLOOKUP(I52,'Building Level'!$D$2:$E$100,2,FALSE)) -> 3 | O52: =IF(J52=0,"00",VLOOKUP(J52,'Building Level'!$G$2:$H$100,2,FALSE)) -> 01 | P52: =IF(K52=0,"000",VLOOKUP(K52,'Building Level'!$J$2:$K$200,2,FALSE)) -> 020 | Q52: =IF(L52=0,"000",VLOOKUP(L52,'Building Level'!$M$2:$N$172,2,FALSE)) -> 000 | S52: =N52&"."&O52&"."&P52 -> 3.01.020
A53: Ss_15_10_33_34 | B53: 15 | C53: 10 | D53: 33 | E53: 34 | F53: Ground gas collection and venting systems | I53: Maintenance Costs (MC) | J53: Demolition, site preparation and formation | K53: Environmental treatment | N53: =IF(I53=0, "00", VLOOKUP(I53,'Building Level'!$D$2:$E$100,2,FALSE)) -> 5 | O53: =IF(J53=0,"00",VLOOKUP(J53,'Building Level'!$G$2:$H$100,2,FALSE)) -> 01 | P53: =IF(K53=0,"000",VLOOKUP(K53,'Building Level'!$J$2:$K$200,2,FALSE)) -> 020 | Q53: =IF(L53=0,"000",VLOOKUP(L53,'Building Level'!$M$2:$N$172,2,FALSE)) -> 000 | S53: =N53&"."&O53&"."&P53 -> 5.01.020
A54: Ss_15_10_35 | B54: 15 | C54: 10 | D54: 35 | F54: Ground remediation systems | I54: Construction Costs (CC) | J54: Demolition, site preparation and formation | K54: Environmental treatment | N54: =IF(I54=0, "00", VLOOKUP(I54,'Building Level'!$D$2:$E$100,2,FALSE)) -> 2 | O54: =IF(J54=0,"00",VLOOKUP(J54,'Building Level'!$G$2:$H$100,2,FALSE)) -> 01 | P54: =IF(K54=0,"000",VLOOKUP(K54,'Building Level'!$J$2:$K$200,2,FALSE)) -> 020 | Q54: =IF(L54=0,"000",VLOOKUP(L54,'Building Level'!$M$2:$N$172,2,FALSE)) -> 000 | S54: =N54&"."&O54&"."&P54 -> 2.01.020
A55: Ss_15_10_35 | B55: 15 | C55: 10 | D55: 35 | F55: Ground remediation systems | I55: Renewal Costs (RC) | J55: Demolition, site preparation and formation | K55: Environmental treatment | N55: =IF(I55=0, "00", VLOOKUP(I55,'Building Level'!$D$2:$E$100,2,FALSE)) -> 3 | O55: =IF(J55=0,"00",VLOOKUP(J55,'Building Level'!$G$2:$H$100,2,FALSE)) -> 01 | P55: =IF(K55=0,"000",VLOOKUP(K55,'Building Level'!$J$2:$K$200,2,FALSE)) -> 020 | Q55: =IF(L55=0,"000",VLOOKUP(L55,'Building Level'!$M$2:$N$172,2,FALSE)) -> 000 | S55: =N55&"."&O55&"."&P55 -> 3.01.020
A56: Ss_15_10_35 | B56: 15 | C56: 10 | D56: 35 | F56: Ground remediation systems | I56: Maintenance Costs (MC) | J56: Demolition, site preparation and formation | K56: Environmental treatment | N56: =IF(I56=0, "00", VLOOKUP(I56,'Building Level'!$D$2:$E$100,2,FALSE)) -> 5 | O56: =IF(J56=0,"00",VLOOKUP(J56,'Building Level'!$G$2:$H$100,2,FALSE)) -> 01 | P56: =IF(K56=0,"000",VLOOKUP(K56,'Building Level'!$J$2:$K$200,2,FALSE)) -> 020 | Q56: =IF(L56=0,"000",VLOOKUP(L56,'Building Level'!$M$2:$N$172,2,FALSE)) -> 000 | S56: =N56&"."&O56&"."&P56 -> 5.01.020
A57: Ss_15_10_35_07 | B57: 15 | C57: 10 | D57: 35 | E57: 07 | F57: Bioremediation systems | I57: Construction Costs (CC) | J57: Demolition, site preparation and formation | K57: Environmental treatment | N57: =IF(I57=0, "00", VLOOKUP(I57,'Building Level'!$D$2:$E$100,2,FALSE)) -> 2 | O57: =IF(J57=0,"00",VLOOKUP(J57,'Building Level'!$G$2:$H$100,2,FALSE)) -> 01 | P57: =IF(K57=0,"000",VLOOKUP(K57,'Building Level'!$J$2:$K$200,2,FALSE)) -> 020 | Q57: =IF(L57=0,"000",VLOOKUP(L57,'Building Level'!$M$2:$N$172,2,FALSE)) -> 000 | S57: =N57&"."&O57&"."&P57 -> 2.01.020
A58: Ss_15_10_35_07 | B58: 15 | C58: 10 | D58: 35 | E58: 07 | F58: Bioremediation systems | I58: Renewal Costs (RC) | J58: Demolition, site preparation and formation | K58: Environmental treatment | N58: =IF(I58=0, "00", VLOOKUP(I58,'Building Level'!$D$2:$E$100,2,FALSE)) -> 3 | O58: =IF(J58=0,"00",VLOOKUP(J58,'Building Level'!$G$2:$H$100,2,FALSE)) -> 01 | P58: =IF(K58=0,"000",VLOOKUP(K58,'Building Level'!$J$2:$K$200,2,FALSE)) -> 020 | Q58: =IF(L58=0,"000",VLOOKUP(L58,'Building Level'!$M$2:$N$172,2,FALSE)) -> 000 | S58: =N58&"."&O58&"."&P58 -> 3.01.020
A59: Ss_15_10_35_07 | B59: 15 | C59: 10 | D59: 35 | E59: 07 | F59: Bioremediation systems | I59: Maintenance Costs (MC) | J59: Demolition, site preparation and formation | K59: Environmental treatment | N59: =IF(I59=0, "00", VLOOKUP(I59,'Building Level'!$D$2:$E$100,2,FALSE)) -> 5 | O59: =IF(J59=0,"00",VLOOKUP(J59,'Building Level'!$G$2:$H$100,2,FALSE)) -> 01 | P59: =IF(K59=0,"000",VLOOKUP(K59,'Building Level'!$J$2:$K$200,2,FALSE)) -> 020 | Q59: =IF(L59=0,"000",VLOOKUP(L59,'Building Level'!$M$2:$N$172,2,FALSE)) -> 000 | S59: =N59&"."&O59&"."&P59 -> 5.01.020
A60: Ss_15_10_45 | B60: 15 | C60: 10 | D60: 45 | F60: Landfill systems | I60: Construction Costs (CC) | J60: Preliminaries | Constructors’ site overheads | general requirements | K60: Other temporary facilities and services | N60: =IF(I60=0, "00", VLOOKUP(I60,'Building Level'!$D$2:$E$100,2,FALSE)) -> 2 | O60: =IF(J60=0,"00",VLOOKUP(J60,'Building Level'!$G$2:$H$100,2,FALSE)) -> 08 | P60: =IF(K60=0,"000",VLOOKUP(K60,'Building Level'!$J$2:$K$200,2,FALSE)) -> 060 | Q60: =IF(L60=0,"000",VLOOKUP(L60,'Building Level'!$M$2:$N$172,2,FALSE)) -> 000 | S60: =N60&"."&O60&"."&P60 -> 2.08.060
A61: Ss_15_10_45 | B61: 15 | C61: 10 | D61: 45 | F61: Landfill systems | I61: Renewal Costs (RC) | J61: Preliminaries | Constructors’ site overheads | general requirements | K61: Other temporary facilities and services | N61: =IF(I61=0, "00", VLOOKUP(I61,'Building Level'!$D$2:$E$100,2,FALSE)) -> 3 | O61: =IF(J61=0,"00",VLOOKUP(J61,'Building Level'!$G$2:$H$100,2,FALSE)) -> 08 | P61: =IF(K61=0,"000",VLOOKUP(K61,'Building Level'!$J$2:$K$200,2,FALSE)) -> 060 | Q61: =IF(L61=0,"000",VLOOKUP(L61,'Building Level'!$M$2:$N$172,2,FALSE)) -> 000 | S61: =N61&"."&O61&"."&P61 -> 3.08.060
A62: Ss_15_10_45 | B62: 15 | C62: 10 | D62: 45 | F62: Landfill systems | I62: Maintenance Costs (MC) | J62: Preliminaries | Constructors’ site overheads | general requirements | K62: Other temporary facilities and services | N62: =IF(I62=0, "00", VLOOKUP(I62,'Building Level'!$D$2:$E$100,2,FALSE)) -> 5 | O62: =IF(J62=0,"00",VLOOKUP(J62,'Building Level'!$G$2:$H$100,2,FALSE)) -> 08 | P62: =IF(K62=0,"000",VLOOKUP(K62,'Building Level'!$J$2:$K$200,2,FALSE)) -> 060 | Q62: =IF(L62=0,"000",VLOOKUP(L62,'Building Level'!$M$2:$N$172,2,FALSE)) -> 000 | S62: =N62&"."&O62&"."&P62 -> 5.08.060
A63: Ss_15_10_76 | B63: 15 | C63: 10 | D63: 76 | F63: Site waste disposal systems | I63: Construction Costs (CC) | J63: Preliminaries | Constructors’ site overheads | general requirements | K63: Other temporary facilities and services | N63: =IF(I63=0, "00", VLOOKUP(I63,'Building Level'!$D$2:$E$100,2,FALSE)) -> 2 | O63: =IF(J63=0,"00",VLOOKUP(J63,'Building Level'!$G$2:$H$100,2,FALSE)) -> 08 | P63: =IF(K63=0,"000",VLOOKUP(K63,'Building Level'!$J$2:$K$200,2,FALSE)) -> 060 | Q63: =IF(L63=0,"000",VLOOKUP(L63,'Building Level'!$M$2:$N$172,2,FALSE)) -> 000 | S63: =N63&"."&O63&"."&P63 -> 2.08.060
A64: Ss_15_10_76 | B64: 15 | C64: 10 | D64: 76 | F64: Site waste disposal systems | I64: Renewal Costs (RC) | J64: Preliminaries | Constructors’ site overheads | general requirements | K64: Other temporary facilities and services | N64: =IF(I64=0, "00", VLOOKUP(I64,'Building Level'!$D$2:$E$100,2,FALSE)) -> 3 | O64: =IF(J64=0,"00",VLOOKUP(J64,'Building Level'!$G$2:$H$100,2,FALSE)) -> 08 | P64: =IF(K64=0,"000",VLOOKUP(K64,'Building Level'!$J$2:$K$200,2,FALSE)) -> 060 | Q64: =IF(L64=0,"000",VLOOKUP(L64,'Building Level'!$M$2:$N$172,2,FALSE)) -> 000 | S64: =N64&"."&O64&"."&P64 -> 3.08.060
A65: Ss_15_10_76 | B65: 15 | C65: 10 | D65: 76 | F65: Site waste disposal systems | I65: Maintenance Costs (MC) | J65: Preliminaries | Constructors’ site overheads | general requirements | K65: Other temporary facilities and services | N65: =IF(I65=0, "00", VLOOKUP(I65,'Building Level'!$D$2:$E$100,2,FALSE)) -> 5 | O65: =IF(J65=0,"00",VLOOKUP(J65,'Building Level'!$G$2:$H$100,2,FALSE)) -> 08 | P65: =IF(K65=0,"000",VLOOKUP(K65,'Building Level'!$J$2:$K$200,2,FALSE)) -> 060 | Q65: =IF(L65=0,"000",VLOOKUP(L65,'Building Level'!$M$2:$N$172,2,FALSE)) -> 000 | S65: =N65&"."&O65&"."&P65 -> 5.08.060
A66: Ss_15_10_76_21 | B66: 15 | C66: 10 | D66: 76 | E66: 21 | F66: Dewatering systems | I66: Construction Costs (CC) | J66: Demolition, site preparation and formation | K66: Temporary surface drainage and dewatering | N66: =IF(I66=0, "00", VLOOKUP(I66,'Building Level'!$D$2:$E$100,2,FALSE)) -> 2 | O66: =IF(J66=0,"00",VLOOKUP(J66,'Building Level'!$G$2:$H$100,2,FALSE)) -> 01 | P66: =IF(K66=0,"000",VLOOKUP(K66,'Building Level'!$J$2:$K$200,2,FALSE)) -> 090 | Q66: =IF(L66=0,"000",VLOOKUP(L66,'Building Level'!$M$2:$N$172,2,FALSE)) -> 000 | S66: =N66&"."&O66&"."&P66 -> 2.01.090
A67: Ss_15_10_76_21 | B67: 15 | C67: 10 | D67: 76 | E67: 21 | F67: Dewatering systems | I67: Renewal Costs (RC) | J67: Demolition, site preparation and formation | K67: Temporary surface drainage and dewatering | N67: =IF(I67=0, "00", VLOOKUP(I67,'Building Level'!$D$2:$E$100,2,FALSE)) -> 3 | O67: =IF(J67=0,"00",VLOOKUP(J67,'Building Level'!$G$2:$H$100,2,FALSE)) -> 01 | P67: =IF(K67=0,"000",VLOOKUP(K67,'Building Level'!$J$2:$K$200,2,FALSE)) -> 090 | Q67: =IF(L67=0,"000",VLOOKUP(L67,'Building Level'!$M$2:$N$172,2,FALSE)) -> 000 | S67: =N67&"."&O67&"."&P67 -> 3.01.090
A68: Ss_15_10_76_21 | B68: 15 | C68: 10 | D68: 76 | E68: 21 | F68: Dewatering systems | I68: Maintenance Costs (MC) | J68: Demolition, site preparation and formation | K68: Temporary surface drainage and dewatering | N68: =IF(I68=0, "00", VLOOKUP(I68,'Building Level'!$D$2:$E$100,2,FALSE)) -> 5 | O68: =IF(J68=0,"00",VLOOKUP(J68,'Building Level'!$G$2:$H$100,2,FALSE)) -> 01 | P68: =IF(K68=0,"000",VLOOKUP(K68,'Building Level'!$J$2:$K$200,2,FALSE)) -> 090 | Q68: =IF(L68=0,"000",VLOOKUP(L68,'Building Level'!$M$2:$N$172,2,FALSE)) -> 000 | S68: =N68&"."&O68&"."&P68 -> 5.01.090
A69: Ss_15_10_78 | B69: 15 | C69: 10 | D69: 78 | F69: Slurry wall systems | I69: Construction Costs (CC) | J69: Substructure | K69: Basement sides and bottom | N69: =IF(I69=0, "00", VLOOKUP(I69,'Building Level'!$D$2:$E$100,2,FALSE)) -> 2 | O69: =IF(J69=0,"00",VLOOKUP(J69,'Building Level'!$G$2:$H$100,2,FALSE)) -> 02 | P69: =IF(K69=0,"000",VLOOKUP(K69,'Building Level'!$J$2:$K$200,2,FALSE)) -> 030 | Q69: =IF(L69=0,"000",VLOOKUP(L69,'Building Level'!$M$2:$N$172,2,FALSE)) -> 000 | S69: =N69&"."&O69&"."&P69 -> 2.02.030
A70: Ss_15_10_78 | B70: 15 | C70: 10 | D70: 78 | F70: Slurry wall systems | I70: Renewal Costs (RC) | J70: Substructure | K70: Basement sides and bottom | N70: =IF(I70=0, "00", VLOOKUP(I70,'Building Level'!$D$2:$E$100,2,FALSE)) -> 3 | O70: =IF(J70=0,"00",VLOOKUP(J70,'Building Level'!$G$2:$H$100,2,FALSE)) -> 02 | P70: =IF(K70=0,"000",VLOOKUP(K70,'Building Level'!$J$2:$K$200,2,FALSE)) -> 030 | Q70: =IF(L70=0,"000",VLOOKUP(L70,'Building Level'!$M$2:$N$172,2,FALSE)) -> 000 | S70: =N70&"."&O70&"."&P70 -> 3.02.030
A71: Ss_15_10_78 | B71: 15 | C71: 10 | D71: 78 | F71: Slurry wall systems | I71: Maintenance Costs (MC) | J71: Substructure | K71: Basement sides and bottom | N71: =IF(I71=0, "00", VLOOKUP(I71,'Building Level'!$D$2:$E$100,2,FALSE)) -> 5 | O71: =IF(J71=0,"00",VLOOKUP(J71,'Building Level'!$G$2:$H$100,2,FALSE)) -> 02 | P71: =IF(K71=0,"000",VLOOKUP(K71,'Building Level'!$J$2:$K$200,2,FALSE)) -> 030 | Q71: =IF(L71=0,"000",VLOOKUP(L71,'Building Level'!$M$2:$N$172,2,FALSE)) -> 000 | S71: =N71&"."&O71&"."&P71 -> 5.02.030
A72: Ss_15_10_80 | B72: 15 | C72: 10 | D72: 80 | F72: Stabilization systems | I72: Construction Costs (CC) | J72: Substructure | K72: Foundations up to top of lowest floor slabs | N72: =IF(I72=0, "00", VLOOKUP(I72,'Building Level'!$D$2:$E$100,2,FALSE)) -> 2 | O72: =IF(J72=0,"00",VLOOKUP(J72,'Building Level'!$G$2:$H$100,2,FALSE)) -> 02 | P72: =IF(K72=0,"000",VLOOKUP(K72,'Building Level'!$J$2:$K$200,2,FALSE)) -> 020 | Q72: =IF(L72=0,"000",VLOOKUP(L72,'Building Level'!$M$2:$N$172,2,FALSE)) -> 000 | S72: =N72&"."&O72&"."&P72 -> 2.02.020
A73: Ss_15_10_80 | B73: 15 | C73: 10 | D73: 80 | F73: Stabilization systems | I73: Renewal Costs (RC) | J73: Substructure | K73: Foundations up to top of lowest floor slabs | N73: =IF(I73=0, "00", VLOOKUP(I73,'Building Level'!$D$2:$E$100,2,FALSE)) -> 3 | O73: =IF(J73=0,"00",VLOOKUP(J73,'Building Level'!$G$2:$H$100,2,FALSE)) -> 02 | P73: =IF(K73=0,"000",VLOOKUP(K73,'Building Level'!$J$2:$K$200,2,FALSE)) -> 020 | Q73: =IF(L73=0,"000",VLOOKUP(L73,'Building Level'!$M$2:$N$172,2,FALSE)) -> 000 | S73: =N73&"."&O73&"."&P73 -> 3.02.020
A74: Ss_15_10_80 | B74: 15 | C74: 10 | D74: 80 | F74: Stabilization systems | I74: Maintenance Costs (MC) | J74: Substructure | K74: Foundations up to top of lowest floor slabs | N74: =IF(I74=0, "00", VLOOKUP(I74,'Building Level'!$D$2:$E$100,2,FALSE)) -> 5 | O74: =IF(J74=0,"00",VLOOKUP(J74,'Building Level'!$G$2:$H$100,2,FALSE)) -> 02 | P74: =IF(K74=0,"000",VLOOKUP(K74,'Building Level'!$J$2:$K$200,2,FALSE)) -> 020 | Q74: =IF(L74=0,"000",VLOOKUP(L74,'Building Level'!$M$2:$N$172,2,FALSE)) -> 000 | S74: =N74&"."&O74&"."&P74 -> 5.02.020
A75: Ss_15_10_80_33 | B75: 15 | C75: 10 | D75: 80 | E75: 33 | F75: Erosion control systems | I75: Construction Costs (CC) | J75: Demolition, site preparation and formation | K75: Site formation and slope treatment | N75: =IF(I75=0, "00", VLOOKUP(I75,'Building Level'!$D$2:$E$100,2,FALSE)) -> 2 | O75: =IF(J75=0,"00",VLOOKUP(J75,'Building Level'!$G$2:$H$100,2,FALSE)) -> 01 | P75: =IF(K75=0,"000",VLOOKUP(K75,'Building Level'!$J$2:$K$200,2,FALSE)) -> 080 | Q75: =IF(L75=0,"000",VLOOKUP(L75,'Building Level'!$M$2:$N$172,2,FALSE)) -> 000 | S75: =N75&"."&O75&"."&P75 -> 2.01.080
A76: Ss_15_10_80_33 | B76: 15 | C76: 10 | D76: 80 | E76: 33 | F76: Erosion control systems | I76: Renewal Costs (RC) | J76: Demolition, site preparation and formation | K76: Site formation and slope treatment | N76: =IF(I76=0, "00", VLOOKUP(I76,'Building Level'!$D$2:$E$100,2,FALSE)) -> 3 | O76: =IF(J76=0,"00",VLOOKUP(J76,'Building Level'!$G$2:$H$100,2,FALSE)) -> 01 | P76: =IF(K76=0,"000",VLOOKUP(K76,'Building Level'!$J$2:$K$200,2,FALSE)) -> 080 | Q76: =IF(L76=0,"000",VLOOKUP(L76,'Building Level'!$M$2:$N$172,2,FALSE)) -> 000 | S76: =N76&"."&O76&"."&P76 -> 3.01.080
A77: Ss_15_10_80_33 | B77: 15 | C77: 10 | D77: 80 | E77: 33 | F77: Erosion control systems | I77: Maintenance Costs (MC) | J77: Demolition, site preparation and formation | K77: Site formation and slope treatment | N77: =IF(I77=0, "00", VLOOKUP(I77,'Building Level'!$D$2:$E$100,2,FALSE)) -> 5 | O77: =IF(J77=0,"00",VLOOKUP(J77,'Building Level'!$G$2:$H$100,2,FALSE)) -> 01 | P77: =IF(K77=0,"000",VLOOKUP(K77,'Building Level'!$J$2:$K$200,2,FALSE)) -> 080 | Q77: =IF(L77=0,"000",VLOOKUP(L77,'Building Level'!$M$2:$N$172,2,FALSE)) -> 000 | S77: =N77&"."&O77&"."&P77 -> 5.01.080
A78: Ss_15_10_80_70 | B78: 15 | C78: 10 | D78: 80 | E78: 70 | F78: Rock bolting and dowelling systems | I78: Construction Costs (CC) | J78: Substructure | K78: Foundation piling and underpinning | N78: =IF(I78=0, "00", VLOOKUP(I78,'Building Level'!$D$2:$E$100,2,FALSE)) -> 2 | O78: =IF(J78=0,"00",VLOOKUP(J78,'Building Level'!$G$2:$H$100,2,FALSE)) -> 02 | P78: =IF(K78=0,"000",VLOOKUP(K78,'Building Level'!$J$2:$K$200,2,FALSE)) -> 010 | Q78: =IF(L78=0,"000",VLOOKUP(L78,'Building Level'!$M$2:$N$172,2,FALSE)) -> 000 | S78: =N78&"."&O78&"."&P78 -> 2.02.010
A79: Ss_15_10_80_70 | B79: 15 | C79: 10 | D79: 80 | E79: 70 | F79: Rock bolting and dowelling systems | I79: Renewal Costs (RC) | J79: Substructure | K79: Foundation piling and underpinning | N79: =IF(I79=0, "00", VLOOKUP(I79,'Building Level'!$D$2:$E$100,2,FALSE)) -> 3 | O79: =IF(J79=0,"00",VLOOKUP(J79,'Building Level'!$G$2:$H$100,2,FALSE)) -> 02 | P79: =IF(K79=0,"000",VLOOKUP(K79,'Building Level'!$J$2:$K$200,2,FALSE)) -> 010 | Q79: =IF(L79=0,"000",VLOOKUP(L79,'Building Level'!$M$2:$N$172,2,FALSE)) -> 000 | S79: =N79&"."&O79&"."&P79 -> 3.02.010
A80: Ss_15_10_80_70 | B80: 15 | C80: 10 | D80: 80 | E80: 70 | F80: Rock bolting and dowelling systems | I80: Maintenance Costs (MC) | J80: Substructure | K80: Foundation piling and underpinning | N80: =IF(I80=0, "00", VLOOKUP(I80,'Building Level'!$D$2:$E$100,2,FALSE)) -> 5 | O80: =IF(J80=0,"00",VLOOKUP(J80,'Building Level'!$G$2:$H$100,2,FALSE)) -> 02 | P80: =IF(K80=0,"000",VLOOKUP(K80,'Building Level'!$J$2:$K$200,2,FALSE)) -> 010 | Q80: =IF(L80=0,"000",VLOOKUP(L80,'Building Level'!$M$2:$N$172,2,FALSE)) -> 000 | S80: =N80&"."&O80&"."&P80 -> 5.02.010
A81: Ss_15_10_80_80 | B81: 15 | C81: 10 | D81: 80 | E81: 80 | F81: Soil nailing systems | I81: Construction Costs (CC) | J81: Substructure | K81: Foundation piling and underpinning | N81: =IF(I81=0, "00", VLOOKUP(I81,'Building Level'!$D$2:$E$100,2,FALSE)) -> 2 | O81: =IF(J81=0,"00",VLOOKUP(J81,'Building Level'!$G$2:$H$100,2,FALSE)) -> 02 | P81: =IF(K81=0,"000",VLOOKUP(K81,'Building Level'!$J$2:$K$200,2,FALSE)) -> 010 | Q81: =IF(L81=0,"000",VLOOKUP(L81,'Building Level'!$M$2:$N$172,2,FALSE)) -> 000 | S81: =N81&"."&O81&"."&P81 -> 2.02.010
A82: Ss_15_10_80_80 | B82: 15 | C82: 10 | D82: 80 | E82: 80 | F82: Soil nailing systems | I82: Renewal Costs (RC) | J82: Substructure | K82: Foundation piling and underpinning | N82: =IF(I82=0, "00", VLOOKUP(I82,'Building Level'!$D$2:$E$100,2,FALSE)) -> 3 | O82: =IF(J82=0,"00",VLOOKUP(J82,'Building Level'!$G$2:$H$100,2,FALSE)) -> 02 | P82: =IF(K82=0,"000",VLOOKUP(K82,'Building Level'!$J$2:$K$200,2,FALSE)) -> 010 | Q82: =IF(L82=0,"000",VLOOKUP(L82,'Building Level'!$M$2:$N$172,2,FALSE)) -> 000 | S82: =N82&"."&O82&"."&P82 -> 3.02.010
A83: Ss_15_10_80_80 | B83: 15 | C83: 10 | D83: 80 | E83: 80 | F83: Soil nailing systems | I83: Maintenance Costs (MC) | J83: Substructure | K83: Foundation piling and underpinning | N83: =IF(I83=0, "00", VLOOKUP(I83,'Building Level'!$D$2:$E$100,2,FALSE)) -> 5 | O83: =IF(J83=0,"00",VLOOKUP(J83,'Building Level'!$G$2:$H$100,2,FALSE)) -> 02 | P83: =IF(K83=0,"000",VLOOKUP(K83,'Building Level'!$J$2:$K$200,2,FALSE)) -> 010 | Q83: =IF(L83=0,"000",VLOOKUP(L83,'Building Level'!$M$2:$N$172,2,FALSE)) -> 000 | S83: =N83&"."&O83&"."&P83 -> 5.02.010
A84: Ss_15_10_80_85 | B84: 15 | C84: 10 | D84: 80 | E84: 85 | F84: Subterranean void filling systems | I84: Construction Costs (CC) | J84: Structure | K84: Structural removal and alterations | N84: =IF(I84=0, "00", VLOOKUP(I84,'Building Level'!$D$2:$E$100,2,FALSE)) -> 2 | O84: =IF(J84=0,"00",VLOOKUP(J84,'Building Level'!$G$2:$H$100,2,FALSE)) -> 03 | P84: =IF(K84=0,"000",VLOOKUP(K84,'Building Level'!$J$2:$K$200,2,FALSE)) -> 010 | Q84: =IF(L84=0,"000",VLOOKUP(L84,'Building Level'!$M$2:$N$172,2,FALSE)) -> 000 | S84: =N84&"."&O84&"."&P84 -> 2.03.010
A85: Ss_15_10_80_85 | B85: 15 | C85: 10 | D85: 80 | E85: 85 | F85: Subterranean void filling systems | I85: Renewal Costs (RC) | J85: Structure | K85: Structural removal and alterations | N85: =IF(I85=0, "00", VLOOKUP(I85,'Building Level'!$D$2:$E$100,2,FALSE)) -> 3 | O85: =IF(J85=0,"00",VLOOKUP(J85,'Building Level'!$G$2:$H$100,2,FALSE)) -> 03 | P85: =IF(K85=0,"000",VLOOKUP(K85,'Building Level'!$J$2:$K$200,2,FALSE)) -> 010 | Q85: =IF(L85=0,"000",VLOOKUP(L85,'Building Level'!$M$2:$N$172,2,FALSE)) -> 000 | S85: =N85&"."&O85&"."&P85 -> 3.03.010
A86: Ss_15_10_80_85 | B86: 15 | C86: 10 | D86: 80 | E86: 85 | F86: Subterranean void filling systems | I86: Maintenance Costs (MC) | J86: Structure | K86: Structural removal and alterations | N86: =IF(I86=0, "00", VLOOKUP(I86,'Building Level'!$D$2:$E$100,2,FALSE)) -> 5 | O86: =IF(J86=0,"00",VLOOKUP(J86,'Building Level'!$G$2:$H$100,2,FALSE)) -> 03 | P86: =IF(K86=0,"000",VLOOKUP(K86,'Building Level'!$J$2:$K$200,2,FALSE)) -> 010 | Q86: =IF(L86=0,"000",VLOOKUP(L86,'Building Level'!$M$2:$N$172,2,FALSE)) -> 000 | S86: =N86&"."&O86&"."&P86 -> 5.03.010
A87: Ss_15_30 | B87: 15 | C87: 30 | F87: Remediation, repair and renovation systems | I87: Construction Costs (CC) | J87: Demolition, site preparation and formation | K87: Environmental treatment | N87: =IF(I87=0, "00", VLOOKUP(I87,'Building Level'!$D$2:$E$100,2,FALSE)) -> 2 | O87: =IF(J87=0,"00",VLOOKUP(J87,'Building Level'!$G$2:$H$100,2,FALSE)) -> 01 | P87: =IF(K87=0,"000",VLOOKUP(K87,'Building Level'!$J$2:$K$200,2,FALSE)) -> 020 | Q87: =IF(L87=0,"000",VLOOKUP(L87,'Building Level'!$M$2:$N$172,2,FALSE)) -> 000 | S87: =N87&"."&O87&"."&P87 -> 2.01.020
A88: Ss_15_30 | B88: 15 | C88: 30 | F88: Remediation, repair and renovation systems | I88: Renewal Costs (RC) | J88: Demolition, site preparation and formation | K88: Environmental treatment | N88: =IF(I88=0, "00", VLOOKUP(I88,'Building Level'!$D$2:$E$100,2,FALSE)) -> 3 | O88: =IF(J88=0,"00",VLOOKUP(J88,'Building Level'!$G$2:$H$100,2,FALSE)) -> 01 | P88: =IF(K88=0,"000",VLOOKUP(K88,'Building Level'!$J$2:$K$200,2,FALSE)) -> 020 | Q88: =IF(L88=0,"000",VLOOKUP(L88,'Building Level'!$M$2:$N$172,2,FALSE)) -> 000 | S88: =N88&"."&O88&"."&P88 -> 3.01.020
A89: Ss_15_30 | B89: 15 | C89: 30 | F89: Remediation, repair and renovation systems | I89: Maintenance Costs (MC) | J89: Demolition, site preparation and formation | K89: Environmental treatment | N89: =IF(I89=0, "00", VLOOKUP(I89,'Building Level'!$D$2:$E$100,2,FALSE)) -> 5 | O89: =IF(J89=0,"00",VLOOKUP(J89,'Building Level'!$G$2:$H$100,2,FALSE)) -> 01 | P89: =IF(K89=0,"000",VLOOKUP(K89,'Building Level'!$J$2:$K$200,2,FALSE)) -> 020 | Q89: =IF(L89=0,"000",VLOOKUP(L89,'Building Level'!$M$2:$N$172,2,FALSE)) -> 000 | S89: =N89&"."&O89&"."&P89 -> 5.01.020
A90: Ss_15_30_10 | B90: 15 | C90: 30 | D90: 10 | F90: Building services remediation systems | I90: Construction Costs (CC) | J90: Architectural works | Non-structural works | K90: Non-structural removal and alterations | N90: =IF(I90=0, "00", VLOOKUP(I90,'Building Level'!$D$2:$E$100,2,FALSE)) -> 2 | O90: =IF(J90=0,"00",VLOOKUP(J90,'Building Level'!$G$2:$H$100,2,FALSE)) -> 04 | P90: =IF(K90=0,"000",VLOOKUP(K90,'Building Level'!$J$2:$K$200,2,FALSE)) -> 010 | Q90: =IF(L90=0,"000",VLOOKUP(L90,'Building Level'!$M$2:$N$172,2,FALSE)) -> 000 | S90: =N90&"."&O90&"."&P90 -> 2.04.010
A91: Ss_15_30_10 | B91: 15 | C91: 30 | D91: 10 | F91: Building services remediation systems | I91: Renewal Costs (RC) | J91: Architectural works | Non-structural works | K91: Non-structural removal and alterations | N91: =IF(I91=0, "00", VLOOKUP(I91,'Building Level'!$D$2:$E$100,2,FALSE)) -> 3 | O91: =IF(J91=0,"00",VLOOKUP(J91,'Building Level'!$G$2:$H$100,2,FALSE)) -> 04 | P91: =IF(K91=0,"000",VLOOKUP(K91,'Building Level'!$J$2:$K$200,2,FALSE)) -> 010 | Q91: =IF(L91=0,"000",VLOOKUP(L91,'Building Level'!$M$2:$N$172,2,FALSE)) -> 000 | S91: =N91&"."&O91&"."&P91 -> 3.04.010
A92: Ss_15_30_10 | B92: 15 | C92: 30 | D92: 10 | F92: Building services remediation systems | I92: Maintenance Costs (MC) | J92: Architectural works | Non-structural works | K92: Non-structural removal and alterations | N92: =IF(I92=0, "00", VLOOKUP(I92,'Building Level'!$D$2:$E$100,2,FALSE)) -> 5 | O92: =IF(J92=0,"00",VLOOKUP(J92,'Building Level'!$G$2:$H$100,2,FALSE)) -> 04 | P92: =IF(K92=0,"000",VLOOKUP(K92,'Building Level'!$J$2:$K$200,2,FALSE)) -> 010 | Q92: =IF(L92=0,"000",VLOOKUP(L92,'Building Level'!$M$2:$N$172,2,FALSE)) -> 000 | S92: =N92&"."&O92&"."&P92 -> 5.04.010
A93: Ss_15_30_12 | B93: 15 | C93: 30 | D93: 12 | F93: Ceramics repair and renovation systems | I93: Construction Costs (CC) | J93: Architectural works | Non-structural works | K93: Non-structural removal and alterations | N93: =IF(I93=0, "00", VLOOKUP(I93,'Building Level'!$D$2:$E$100,2,FALSE)) -> 2 | O93: =IF(J93=0,"00",VLOOKUP(J93,'Building Level'!$G$2:$H$100,2,FALSE)) -> 04 | P93: =IF(K93=0,"000",VLOOKUP(K93,'Building Level'!$J$2:$K$200,2,FALSE)) -> 010 | Q93: =IF(L93=0,"000",VLOOKUP(L93,'Building Level'!$M$2:$N$172,2,FALSE)) -> 000 | S93: =N93&"."&O93&"."&P93 -> 2.04.010
A94: Ss_15_30_12 | B94: 15 | C94: 30 | D94: 12 | F94: Ceramics repair and renovation systems | I94: Renewal Costs (RC) | J94: Architectural works | Non-structural works | K94: Non-structural removal and alterations | N94: =IF(I94=0, "00", VLOOKUP(I94,'Building Level'!$D$2:$E$100,2,FALSE)) -> 3 | O94: =IF(J94=0,"00",VLOOKUP(J94,'Building Level'!$G$2:$H$100,2,FALSE)) -> 04 | P94: =IF(K94=0,"000",VLOOKUP(K94,'Building Level'!$J$2:$K$200,2,FALSE)) -> 010 | Q94: =IF(L94=0,"000",VLOOKUP(L94,'Building Level'!$M$2:$N$172,2,FALSE)) -> 000 | S94: =N94&"."&O94&"."&P94 -> 3.04.010
A95: Ss_15_30_12 | B95: 15 | C95: 30 | D95: 12 | F95: Ceramics repair and renovation systems | I95: Maintenance Costs (MC) | J95: Architectural works | Non-structural works | K95: Non-structural removal and alterations | N95: =IF(I95=0, "00", VLOOKUP(I95,'Building Level'!$D$2:$E$100,2,FALSE)) -> 5 | O95: =IF(J95=0,"00",VLOOKUP(J95,'Building Level'!$G$2:$H$100,2,FALSE)) -> 04 | P95: =IF(K95=0,"000",VLOOKUP(K95,'Building Level'!$J$2:$K$200,2,FALSE)) -> 010 | Q95: =IF(L95=0,"000",VLOOKUP(L95,'Building Level'!$M$2:$N$172,2,FALSE)) -> 000 | S95: =N95&"."&O95&"."&P95 -> 5.04.010
A96: Ss_15_30_15 | B96: 15 | C96: 30 | D96: 15 | F96: Concrete and masonry cleaning systems | I96: Construction Costs (CC) | J96: Architectural works | Non-structural works | K96: Non-structural removal and alterations | N96: =IF(I96=0, "00", VLOOKUP(I96,'Building Level'!$D$2:$E$100,2,FALSE)) -> 2 | O96: =IF(J96=0,"00",VLOOKUP(J96,'Building Level'!$G$2:$H$100,2,FALSE)) -> 04 | P96: =IF(K96=0,"000",VLOOKUP(K96,'Building Level'!$J$2:$K$200,2,FALSE)) -> 010 | Q96: =IF(L96=0,"000",VLOOKUP(L96,'Building Level'!$M$2:$N$172,2,FALSE)) -> 000 | S96: =N96&"."&O96&"."&P96 -> 2.04.010
A97: Ss_15_30_15 | B97: 15 | C97: 30 | D97: 15 | F97: Concrete and masonry cleaning systems | I97: Renewal Costs (RC) | J97: Architectural works | Non-structural works | K97: Non-structural removal and alterations | N97: =IF(I97=0, "00", VLOOKUP(I97,'Building Level'!$D$2:$E$100,2,FALSE)) -> 3 | O97: =IF(J97=0,"00",VLOOKUP(J97,'Building Level'!$G$2:$H$100,2,FALSE)) -> 04 | P97: =IF(K97=0,"000",VLOOKUP(K97,'Building Level'!$J$2:$K$200,2,FALSE)) -> 010 | Q97: =IF(L97=0,"000",VLOOKUP(L97,'Building Level'!$M$2:$N$172,2,FALSE)) -> 000 | S97: =N97&"."&O97&"."&P97 -> 3.04.010
A98: Ss_15_30_15 | B98: 15 | C98: 30 | D98: 15 | F98: Concrete and masonry cleaning systems | I98: Maintenance Costs (MC) | J98: Architectural works | Non-structural works | K98: Non-structural removal and alterations | N98: =IF(I98=0, "00", VLOOKUP(I98,'Building Level'!$D$2:$E$100,2,FALSE)) -> 5 | O98: =IF(J98=0,"00",VLOOKUP(J98,'Building Level'!$G$2:$H$100,2,FALSE)) -> 04 | P98: =IF(K98=0,"000",VLOOKUP(K98,'Building Level'!$J$2:$K$200,2,FALSE)) -> 010 | Q98: =IF(L98=0,"000",VLOOKUP(L98,'Building Level'!$M$2:$N$172,2,FALSE)) -> 000 | S98: =N98&"."&O98&"."&P98 -> 5.04.010
A99: Ss_15_30_15_15 | B99: 15 | C99: 30 | D99: 15 | E99: 15 | F99: Concrete cleaning systems | I99: Construction Costs (CC) | J99: Architectural works | Non-structural works | K99: Non-structural removal and alterations | N99: =IF(I99=0, "00", VLOOKUP(I99,'Building Level'!$D$2:$E$100,2,FALSE)) -> 2 | O99: =IF(J99=0,"00",VLOOKUP(J99,'Building Level'!$G$2:$H$100,2,FALSE)) -> 04 | P99: =IF(K99=0,"000",VLOOKUP(K99,'Building Level'!$J$2:$K$200,2,FALSE)) -> 010 | Q99: =IF(L99=0,"000",VLOOKUP(L99,'Building Level'!$M$2:$N$172,2,FALSE)) -> 000 | S99: =N99&"."&O99&"."&P99 -> 2.04.010
A100: Ss_15_30_15_15 | B100: 15 | C100: 30 | D100: 15 | E100: 15 | F100: Concrete cleaning systems | I100: Renewal Costs (RC) | J100: Architectural works | Non-structural works | K100: Non-structural removal and alterations | N100: =IF(I100=0, "00", VLOOKUP(I100,'Building Level'!$D$2:$E$100,2,FALSE)) -> 3 | O100: =IF(J100=0,"00",VLOOKUP(J100,'Building Level'!$G$2:$H$100,2,FALSE)) -> 04 | P100: =IF(K100=0,"000",VLOOKUP(K100,'Building Level'!$J$2:$K$200,2,FALSE)) -> 010 | Q100: =IF(L100=0,"000",VLOOKUP(L100,'Building Level'!$M$2:$N$172,2,FALSE)) -> 000 | S100: =N100&"."&O100&"."&P100 -> 3.04.010
A101: Ss_15_30_15_15 | B101: 15 | C101: 30 | D101: 15 | E101: 15 | F101: Concrete cleaning systems | I101: Maintenance Costs (MC) | J101: Architectural works | Non-structural works | K101: Non-structural removal and alterations | N101: =IF(I101=0, "00", VLOOKUP(I101,'Building Level'!$D$2:$E$100,2,FALSE)) -> 5 | O101: =IF(J101=0,"00",VLOOKUP(J101,'Building Level'!$G$2:$H$100,2,FALSE)) -> 04 | P101: =IF(K101=0,"000",VLOOKUP(K101,'Building Level'!$J$2:$K$200,2,FALSE)) -> 010 | Q101: =IF(L101=0,"000",VLOOKUP(L101,'Building Level'!$M$2:$N$172,2,FALSE)) -> 000 | S101: =N101&"."&O101&"."&P101 -> 5.04.010
A102: Ss_15_30_15_50 | B102: 15 | C102: 30 | D102: 15 | E102: 50 | F102: Masonry cleaning systems | I102: Construction Costs (CC) | J102: Architectural works | Non-structural works | K102: Non-structural removal and alterations | N102: =IF(I102=0, "00", VLOOKUP(I102,'Building Level'!$D$2:$E$100,2,FALSE)) -> 2 | O102: =IF(J102=0,"00",VLOOKUP(J102,'Building Level'!$G$2:$H$100,2,FALSE)) -> 04 | P102: =IF(K102=0,"000",VLOOKUP(K102,'Building Level'!$J$2:$K$200,2,FALSE)) -> 010 | Q102: =IF(L102=0,"000",VLOOKUP(L102,'Building Level'!$M$2:$N$172,2,FALSE)) -> 000 | S102: =N102&"."&O102&"."&P102 -> 2.04.010
A103: Ss_15_30_15_50 | B103: 15 | C103: 30 | D103: 15 | E103: 50 | F103: Masonry cleaning systems | I103: Renewal Costs (RC) | J103: Architectural works | Non-structural works | K103: Non-structural removal and alterations | N103: =IF(I103=0, "00", VLOOKUP(I103,'Building Level'!$D$2:$E$100,2,FALSE)) -> 3 | O103: =IF(J103=0,"00",VLOOKUP(J103,'Building Level'!$G$2:$H$100,2,FALSE)) -> 04 | P103: =IF(K103=0,"000",VLOOKUP(K103,'Building Level'!$J$2:$K$200,2,FALSE)) -> 010 | Q103: =IF(L103=0,"000",VLOOKUP(L103,'Building Level'!$M$2:$N$172,2,FALSE)) -> 000 | S103: =N103&"."&O103&"."&P103 -> 3.04.010
A104: Ss_15_30_15_50 | B104: 15 | C104: 30 | D104: 15 | E104: 50 | F104: Masonry cleaning systems | I104: Maintenance Costs (MC) | J104: Architectural works | Non-structural works | K104: Non-structural removal and alterations | N104: =IF(I104=0, "00", VLOOKUP(I104,'Building Level'!$D$2:$E$100,2,FALSE)) -> 5 | O104: =IF(J104=0,"00",VLOOKUP(J104,'Building Level'!$G$2:$H$100,2,FALSE)) -> 04 | P104: =IF(K104=0,"000",VLOOKUP(K104,'Building Level'!$J$2:$K$200,2,FALSE)) -> 010 | Q104: =IF(L104=0,"000",VLOOKUP(L104,'Building Level'!$M$2:$N$172,2,FALSE)) -> 000 | S104: =N104&"."&O104&"."&P104 -> 5.04.010
A105: Ss_15_30_15_65 | B105: 15 | C105: 30 | D105: 15 | E105: 65 | F105: Preliminary concrete cleaning systems | I105: Construction Costs (CC) | J105: Architectural works | Non-structural works | K105: Non-structural removal and alterations | N105: =IF(I105=0, "00", VLOOKUP(I105,'Building Level'!$D$2:$E$100,2,FALSE)) -> 2 | O105: =IF(J105=0,"00",VLOOKUP(J105,'Building Level'!$G$2:$H$100,2,FALSE)) -> 04 | P105: =IF(K105=0,"000",VLOOKUP(K105,'Building Level'!$J$2:$K$200,2,FALSE)) -> 010 | Q105: =IF(L105=0,"000",VLOOKUP(L105,'Building Level'!$M$2:$N$172,2,FALSE)) -> 000 | S105: =N105&"."&O105&"."&P105 -> 2.04.010
A106: Ss_15_30_15_65 | B106: 15 | C106: 30 | D106: 15 | E106: 65 | F106: Preliminary concrete cleaning systems | I106: Renewal Costs (RC) | J106: Architectural works | Non-structural works | K106: Non-structural removal and alterations | N106: =IF(I106=0, "00", VLOOKUP(I106,'Building Level'!$D$2:$E$100,2,FALSE)) -> 3 | O106: =IF(J106=0,"00",VLOOKUP(J106,'Building Level'!$G$2:$H$100,2,FALSE)) -> 04 | P106: =IF(K106=0,"000",VLOOKUP(K106,'Building Level'!$J$2:$K$200,2,FALSE)) -> 010 | Q106: =IF(L106=0,"000",VLOOKUP(L106,'Building Level'!$M$2:$N$172,2,FALSE)) -> 000 | S106: =N106&"."&O106&"."&P106 -> 3.04.010
A107: Ss_15_30_15_65 | B107: 15 | C107: 30 | D107: 15 | E107: 65 | F107: Preliminary concrete cleaning systems | I107: Maintenance Costs (MC) | J107: Architectural works | Non-structural works | K107: Non-structural removal and alterations | N107: =IF(I107=0, "00", VLOOKUP(I107,'Building Level'!$D$2:$E$100,2,FALSE)) -> 5 | O107: =IF(J107=0,"00",VLOOKUP(J107,'Building Level'!$G$2:$H$100,2,FALSE)) -> 04 | P107: =IF(K107=0,"000",VLOOKUP(K107,'Building Level'!$J$2:$K$200,2,FALSE)) -> 010 | Q107: =IF(L107=0,"000",VLOOKUP(L107,'Building Level'!$M$2:$N$172,2,FALSE)) -> 000 | S107: =N107&"."&O107&"."&P107 -> 5.04.010
A108: Ss_15_30_15_66 | B108: 15 | C108: 30 | D108: 15 | E108: 66 | F108: Preliminary masonry cleaning systems | I108: Construction Costs (CC) | J108: Architectural works | Non-structural works | K108: Non-structural removal and alterations | N108: =IF(I108=0, "00", VLOOKUP(I108,'Building Level'!$D$2:$E$100,2,FALSE)) -> 2 | O108: =IF(J108=0,"00",VLOOKUP(J108,'Building Level'!$G$2:$H$100,2,FALSE)) -> 04 | P108: =IF(K108=0,"000",VLOOKUP(K108,'Building Level'!$J$2:$K$200,2,FALSE)) -> 010 | Q108: =IF(L108=0,"000",VLOOKUP(L108,'Building Level'!$M$2:$N$172,2,FALSE)) -> 000 | S108: =N108&"."&O108&"."&P108 -> 2.04.010
A109: Ss_15_30_15_66 | B109: 15 | C109: 30 | D109: 15 | E109: 66 | F109: Preliminary masonry cleaning systems | I109: Renewal Costs (RC) | J109: Architectural works | Non-structural works | K109: Non-structural removal and alterations | N109: =IF(I109=0, "00", VLOOKUP(I109,'Building Level'!$D$2:$E$100,2,FALSE)) -> 3 | O109: =IF(J109=0,"00",VLOOKUP(J109,'Building Level'!$G$2:$H$100,2,FALSE)) -> 04 | P109: =IF(K109=0,"000",VLOOKUP(K109,'Building Level'!$J$2:$K$200,2,FALSE)) -> 010 | Q109: =IF(L109=0,"000",VLOOKUP(L109,'Building Level'!$M$2:$N$172,2,FALSE)) -> 000 | S109: =N109&"."&O109&"."&P109 -> 3.04.010
A110: Ss_15_30_15_66 | B110: 15 | C110: 30 | D110: 15 | E110: 66 | F110: Preliminary masonry cleaning systems | I110: Maintenance Costs (MC) | J110: Architectural works | Non-structural works | K110: Non-structural removal and alterations | N110: =IF(I110=0, "00", VLOOKUP(I110,'Building Level'!$D$2:$E$100,2,FALSE)) -> 5 | O110: =IF(J110=0,"00",VLOOKUP(J110,'Building Level'!$G$2:$H$100,2,FALSE)) -> 04 | P110: =IF(K110=0,"000",VLOOKUP(K110,'Building Level'!$J$2:$K$200,2,FALSE)) -> 010 | Q110: =IF(L110=0,"000",VLOOKUP(L110,'Building Level'!$M$2:$N$172,2,FALSE)) -> 000 | S110: =N110&"."&O110&"."&P110 -> 5.04.010
A111: Ss_15_30_17 | B111: 15 | C111: 30 | D111: 17 | F111: Concrete repair and renovation systems | I111: Construction Costs (CC) | J111: Structure | K111: Structural removal and alterations | N111: =IF(I111=0, "00", VLOOKUP(I111,'Building Level'!$D$2:$E$100,2,FALSE)) -> 2 | O111: =IF(J111=0,"00",VLOOKUP(J111,'Building Level'!$G$2:$H$100,2,FALSE)) -> 03 | P111: =IF(K111=0,"000",VLOOKUP(K111,'Building Level'!$J$2:$K$200,2,FALSE)) -> 010 | Q111: =IF(L111=0,"000",VLOOKUP(L111,'Building Level'!$M$2:$N$172,2,FALSE)) -> 000 | S111: =N111&"."&O111&"."&P111 -> 2.03.010
A112: Ss_15_30_17 | B112: 15 | C112: 30 | D112: 17 | F112: Concrete repair and renovation systems | I112: Renewal Costs (RC) | J112: Structure | K112: Structural removal and alterations | N112: =IF(I112=0, "00", VLOOKUP(I112,'Building Level'!$D$2:$E$100,2,FALSE)) -> 3 | O112: =IF(J112=0,"00",VLOOKUP(J112,'Building Level'!$G$2:$H$100,2,FALSE)) -> 03 | P112: =IF(K112=0,"000",VLOOKUP(K112,'Building Level'!$J$2:$K$200,2,FALSE)) -> 010 | Q112: =IF(L112=0,"000",VLOOKUP(L112,'Building Level'!$M$2:$N$172,2,FALSE)) -> 000 | S112: =N112&"."&O112&"."&P112 -> 3.03.010
A113: Ss_15_30_17 | B113: 15 | C113: 30 | D113: 17 | F113: Concrete repair and renovation systems | I113: Maintenance Costs (MC) | J113: Structure | K113: Structural removal and alterations | N113: =IF(I113=0, "00", VLOOKUP(I113,'Building Level'!$D$2:$E$100,2,FALSE)) -> 5 | O113: =IF(J113=0,"00",VLOOKUP(J113,'Building Level'!$G$2:$H$100,2,FALSE)) -> 03 | P113: =IF(K113=0,"000",VLOOKUP(K113,'Building Level'!$J$2:$K$200,2,FALSE)) -> 010 | Q113: =IF(L113=0,"000",VLOOKUP(L113,'Building Level'!$M$2:$N$172,2,FALSE)) -> 000 | S113: =N113&"."&O113&"."&P113 -> 5.03.010
A114: Ss_15_30_17_10 | B114: 15 | C114: 30 | D114: 17 | E114: 10 | F114: Bonded steel plate repair systems | I114: Construction Costs (CC) | J114: Structure | K114: Structural removal and alterations | N114: =IF(I114=0, "00", VLOOKUP(I114,'Building Level'!$D$2:$E$100,2,FALSE)) -> 2 | O114: =IF(J114=0,"00",VLOOKUP(J114,'Building Level'!$G$2:$H$100,2,FALSE)) -> 03 | P114: =IF(K114=0,"000",VLOOKUP(K114,'Building Level'!$J$2:$K$200,2,FALSE)) -> 010 | Q114: =IF(L114=0,"000",VLOOKUP(L114,'Building Level'!$M$2:$N$172,2,FALSE)) -> 000 | S114: =N114&"."&O114&"."&P114 -> 2.03.010
A115: Ss_15_30_17_10 | B115: 15 | C115: 30 | D115: 17 | E115: 10 | F115: Bonded steel plate repair systems | I115: Renewal Costs (RC) | J115: Structure | K115: Structural removal and alterations | N115: =IF(I115=0, "00", VLOOKUP(I115,'Building Level'!$D$2:$E$100,2,FALSE)) -> 3 | O115: =IF(J115=0,"00",VLOOKUP(J115,'Building Level'!$G$2:$H$100,2,FALSE)) -> 03 | P115: =IF(K115=0,"000",VLOOKUP(K115,'Building Level'!$J$2:$K$200,2,FALSE)) -> 010 | Q115: =IF(L115=0,"000",VLOOKUP(L115,'Building Level'!$M$2:$N$172,2,FALSE)) -> 000 | S115: =N115&"."&O115&"."&P115 -> 3.03.010
A116: Ss_15_30_17_10 | B116: 15 | C116: 30 | D116: 17 | E116: 10 | F116: Bonded steel plate repair systems | I116: Maintenance Costs (MC) | J116: Structure | K116: Structural removal and alterations | N116: =IF(I116=0, "00", VLOOKUP(I116,'Building Level'!$D$2:$E$100,2,FALSE)) -> 5 | O116: =IF(J116=0,"00",VLOOKUP(J116,'Building Level'!$G$2:$H$100,2,FALSE)) -> 03 | P116: =IF(K116=0,"000",VLOOKUP(K116,'Building Level'!$J$2:$K$200,2,FALSE)) -> 010 | Q116: =IF(L116=0,"000",VLOOKUP(L116,'Building Level'!$M$2:$N$172,2,FALSE)) -> 000 | S116: =N116&"."&O116&"."&P116 -> 5.03.010
A117: Ss_15_30_17_12 | B117: 15 | C117: 30 | D117: 17 | E117: 12 | F117: Concrete crack repair or filling systems | I117: Construction Costs (CC) | J117: Structure | K117: Structural removal and alterations | N117: =IF(I117=0, "00", VLOOKUP(I117,'Building Level'!$D$2:$E$100,2,FALSE)) -> 2 | O117: =IF(J117=0,"00",VLOOKUP(J117,'Building Level'!$G$2:$H$100,2,FALSE)) -> 03 | P117: =IF(K117=0,"000",VLOOKUP(K117,'Building Level'!$J$2:$K$200,2,FALSE)) -> 010 | Q117: =IF(L117=0,"000",VLOOKUP(L117,'Building Level'!$M$2:$N$172,2,FALSE)) -> 000 | S117: =N117&"."&O117&"."&P117 -> 2.03.010
A118: Ss_15_30_17_12 | B118: 15 | C118: 30 | D118: 17 | E118: 12 | F118: Concrete crack repair or filling systems | I118: Renewal Costs (RC) | J118: Structure | K118: Structural removal and alterations | N118: =IF(I118=0, "00", VLOOKUP(I118,'Building Level'!$D$2:$E$100,2,FALSE)) -> 3 | O118: =IF(J118=0,"00",VLOOKUP(J118,'Building Level'!$G$2:$H$100,2,FALSE)) -> 03 | P118: =IF(K118=0,"000",VLOOKUP(K118,'Building Level'!$J$2:$K$200,2,FALSE)) -> 010 | Q118: =IF(L118=0,"000",VLOOKUP(L118,'Building Level'!$M$2:$N$172,2,FALSE)) -> 000 | S118: =N118&"."&O118&"."&P118 -> 3.03.010
A119: Ss_15_30_17_12 | B119: 15 | C119: 30 | D119: 17 | E119: 12 | F119: Concrete crack repair or filling systems | I119: Maintenance Costs (MC) | J119: Structure | K119: Structural removal and alterations | N119: =IF(I119=0, "00", VLOOKUP(I119,'Building Level'!$D$2:$E$100,2,FALSE)) -> 5 | O119: =IF(J119=0,"00",VLOOKUP(J119,'Building Level'!$G$2:$H$100,2,FALSE)) -> 03 | P119: =IF(K119=0,"000",VLOOKUP(K119,'Building Level'!$J$2:$K$200,2,FALSE)) -> 010 | Q119: =IF(L119=0,"000",VLOOKUP(L119,'Building Level'!$M$2:$N$172,2,FALSE)) -> 000 | S119: =N119&"."&O119&"."&P119 -> 5.03.010
...

Sheet Civil Map
B1: Ss Systems - 08 February 2019 - v1.13
B4: Code | C4: Group | D4: Sub group | E4: Section | F4: Object | G4: Title | J4: Cost Category | K4: Cost Group | L4: Cost Sub-Group | M4: Cost Sub Sub-Group | O4: L2 | P4: L3 | Q4: L4 | R4: L5 | T4: Unique ID | V4: Notes
A5: 1 | B5: Ss_15 | C5: 15 | G5: Earthworks, remediation and temporary systems | J5: Construction Costs (CC) | K5: Demolition, site preparation and formation | L5: General site formation and slope treatment | O5: =IF(J5=0, "00", VLOOKUP(J5,'Civil Level'!$D$2:$E$100,2,FALSE)) -> 2 | P5: =IF(K5=0,"00",VLOOKUP(K5,'Civil Level'!$G$2:$H$100,2,FALSE)) -> 01 | Q5: =IF(L5=0,"000",VLOOKUP(L5,'Civil Level'!$J$2:$K$200,2,FALSE)) -> 080 | R5: =IF(M5=0,"000",VLOOKUP(M5,'Civil Level'!$M$2:$N$172,2,FALSE)) -> 000 | T5: =O5&"."&P5&"."&Q5 -> 2.01.080
A6: 1 | B6: Ss_15 | C6: 15 | G6: Earthworks, remediation and temporary systems | J6: Renewal Costs (RC) | K6: Demolition, site preparation and formation | L6: General site formation and slope treatment | O6: =IF(J6=0, "00", VLOOKUP(J6,'Civil Level'!$D$2:$E$100,2,FALSE)) -> 3 | P6: =IF(K6=0,"00",VLOOKUP(K6,'Civil Level'!$G$2:$H$100,2,FALSE)) -> 01 | Q6: =IF(L6=0,"000",VLOOKUP(L6,'Civil Level'!$J$2:$K$200,2,FALSE)) -> 080 | R6: =IF(M6=0,"000",VLOOKUP(M6,'Civil Level'!$M$2:$N$172,2,FALSE)) -> 000 | T6: =O6&"."&P6&"."&Q6 -> 3.01.080
A7: 1 | B7: Ss_15 | C7: 15 | G7: Earthworks, remediation and temporary systems | J7: Maintenance Costs (MC) | K7: Demolition, site preparation and formation | L7: General site formation and slope treatment | O7: =IF(J7=0, "00", VLOOKUP(J7,'Civil Level'!$D$2:$E$100,2,FALSE)) -> 5 | P7: =IF(K7=0,"00",VLOOKUP(K7,'Civil Level'!$G$2:$H$100,2,FALSE)) -> 01 | Q7: =IF(L7=0,"000",VLOOKUP(L7,'Civil Level'!$J$2:$K$200,2,FALSE)) -> 080 | R7: =IF(M7=0,"000",VLOOKUP(M7,'Civil Level'!$M$2:$N$172,2,FALSE)) -> 000 | T7: =O7&"."&P7&"."&Q7 -> 5.01.080
A8: 2 | B8: Ss_15_10 | C8: 15 | D8: 10 | G8: Groundworks and earthworks systems | J8: Construction Costs (CC) | K8: Substructure | L8: Excavation, disposal and lateral supports (specifically to receive any substructure construction but excluding general site formation and slope treatment) | O8: =IF(J8=0, "00", VLOOKUP(J8,'Civil Level'!$D$2:$E$100,2,FALSE)) -> 2 | P8: =IF(K8=0,"00",VLOOKUP(K8,'Civil Level'!$G$2:$H$100,2,FALSE)) -> 02 | Q8: =IF(L8=0,"000",VLOOKUP(L8,'Civil Level'!$J$2:$K$200,2,FALSE)) -> 020 | R8: =IF(M8=0,"000",VLOOKUP(M8,'Civil Level'!$M$2:$N$172,2,FALSE)) -> 000 | T8: =O8&"."&P8&"."&Q8 -> 2.02.020
A9: 2 | B9: Ss_15_10 | C9: 15 | D9: 10 | G9: Groundworks and earthworks systems | J9: Renewal Costs (RC) | K9: Substructure | L9: Excavation, disposal and lateral supports (specifically to receive any substructure construction but excluding general site formation and slope treatment) | O9: =IF(J9=0, "00", VLOOKUP(J9,'Civil Level'!$D$2:$E$100,2,FALSE)) -> 3 | P9: =IF(K9=0,"00",VLOOKUP(K9,'Civil Level'!$G$2:$H$100,2,FALSE)) -> 02 | Q9: =IF(L9=0,"000",VLOOKUP(L9,'Civil Level'!$J$2:$K$200,2,FALSE)) -> 020 | R9: =IF(M9=0,"000",VLOOKUP(M9,'Civil Level'!$M$2:$N$172,2,FALSE)) -> 000 | T9: =O9&"."&P9&"."&Q9 -> 3.02.020
A10: 2 | B10: Ss_15_10 | C10: 15 | D10: 10 | G10: Groundworks and earthworks systems | J10: Maintenance Costs (MC) | K10: Substructure | L10: Excavation, disposal and lateral supports (specifically to receive any substructure construction but excluding general site formation and slope treatment) | O10: =IF(J10=0, "00", VLOOKUP(J10,'Civil Level'!$D$2:$E$100,2,FALSE)) -> 5 | P10: =IF(K10=0,"00",VLOOKUP(K10,'Civil Level'!$G$2:$H$100,2,FALSE)) -> 02 | Q10: =IF(L10=0,"000",VLOOKUP(L10,'Civil Level'!$J$2:$K$200,2,FALSE)) -> 020 | R10: =IF(M10=0,"000",VLOOKUP(M10,'Civil Level'!$M$2:$N$172,2,FALSE)) -> 000 | T10: =O10&"."&P10&"."&Q10 -> 5.02.020
A11: 3 | B11: Ss_15_10_30 | C11: 15 | D11: 10 | E11: 30 | G11: Excavating and filling systems | J11: Construction Costs (CC) | K11: Substructure | L11: Excavation, disposal and lateral supports (specifically to receive any substructure construction but excluding general site formation and slope treatment) | O11: =IF(J11=0, "00", VLOOKUP(J11,'Civil Level'!$D$2:$E$100,2,FALSE)) -> 2 | P11: =IF(K11=0,"00",VLOOKUP(K11,'Civil Level'!$G$2:$H$100,2,FALSE)) -> 02 | Q11: =IF(L11=0,"000",VLOOKUP(L11,'Civil Level'!$J$2:$K$200,2,FALSE)) -> 020 | R11: =IF(M11=0,"000",VLOOKUP(M11,'Civil Level'!$M$2:$N$172,2,FALSE)) -> 000 | T11: =O11&"."&P11&"."&Q11 -> 2.02.020
A12: 3 | B12: Ss_15_10_30 | C12: 15 | D12: 10 | E12: 30 | G12: Excavating and filling systems | J12: Renewal Costs (RC) | K12: Substructure | L12: Excavation, disposal and lateral supports (specifically to receive any substructure construction but excluding general site formation and slope treatment) | O12: =IF(J12=0, "00", VLOOKUP(J12,'Civil Level'!$D$2:$E$100,2,FALSE)) -> 3 | P12: =IF(K12=0,"00",VLOOKUP(K12,'Civil Level'!$G$2:$H$100,2,FALSE)) -> 02 | Q12: =IF(L12=0,"000",VLOOKUP(L12,'Civil Level'!$J$2:$K$200,2,FALSE)) -> 020 | R12: =IF(M12=0,"000",VLOOKUP(M12,'Civil Level'!$M$2:$N$172,2,FALSE)) -> 000 | T12: =O12&"."&P12&"."&Q12 -> 3.02.020
A13: 3 | B13: Ss_15_10_30 | C13: 15 | D13: 10 | E13: 30 | G13: Excavating and filling systems | J13: Maintenance Costs (MC) | K13: Substructure | L13: Excavation, disposal and lateral supports (specifically to receive any substructure construction but excluding general site formation and slope treatment) | O13: =IF(J13=0, "00", VLOOKUP(J13,'Civil Level'!$D$2:$E$100,2,FALSE)) -> 5 | P13: =IF(K13=0,"00",VLOOKUP(K13,'Civil Level'!$G$2:$H$100,2,FALSE)) -> 02 | Q13: =IF(L13=0,"000",VLOOKUP(L13,'Civil Level'!$J$2:$K$200,2,FALSE)) -> 020 | R13: =IF(M13=0,"000",VLOOKUP(M13,'Civil Level'!$M$2:$N$172,2,FALSE)) -> 000 | T13: =O13&"."&P13&"."&Q13 -> 5.02.020
A14: 4 | B14: Ss_15_10_30_05 | C14: 15 | D14: 10 | E14: 30 | F14: 05 | G14: Backfill systems | J14: Construction Costs (CC) | K14: Substructure | L14: Excavation, disposal and lateral supports (specifically to receive any substructure construction but excluding general site formation and slope treatment) | O14: =IF(J14=0, "00", VLOOKUP(J14,'Civil Level'!$D$2:$E$100,2,FALSE)) -> 2 | P14: =IF(K14=0,"00",VLOOKUP(K14,'Civil Level'!$G$2:$H$100,2,FALSE)) -> 02 | Q14: =IF(L14=0,"000",VLOOKUP(L14,'Civil Level'!$J$2:$K$200,2,FALSE)) -> 020 | R14: =IF(M14=0,"000",VLOOKUP(M14,'Civil Level'!$M$2:$N$172,2,FALSE)) -> 000 | T14: =O14&"."&P14&"."&Q14 -> 2.02.020
A15: 4 | B15: Ss_15_10_30_05 | C15: 15 | D15: 10 | E15: 30 | F15: 05 | G15: Backfill systems | J15: Renewal Costs (RC) | K15: Substructure | L15: Excavation, disposal and lateral supports (specifically to receive any substructure construction but excluding general site formation and slope treatment) | O15: =IF(J15=0, "00", VLOOKUP(J15,'Civil Level'!$D$2:$E$100,2,FALSE)) -> 3 | P15: =IF(K15=0,"00",VLOOKUP(K15,'Civil Level'!$G$2:$H$100,2,FALSE)) -> 02 | Q15: =IF(L15=0,"000",VLOOKUP(L15,'Civil Level'!$J$2:$K$200,2,FALSE)) -> 020 | R15: =IF(M15=0,"000",VLOOKUP(M15,'Civil Level'!$M$2:$N$172,2,FALSE)) -> 000 | T15: =O15&"."&P15&"."&Q15 -> 3.02.020
A16: 4 | B16: Ss_15_10_30_05 | C16: 15 | D16: 10 | E16: 30 | F16: 05 | G16: Backfill systems | J16: Maintenance Costs (MC) | K16: Substructure | L16: Excavation, disposal and lateral supports (specifically to receive any substructure construction but excluding general site formation and slope treatment) | O16: =IF(J16=0, "00", VLOOKUP(J16,'Civil Level'!$D$2:$E$100,2,FALSE)) -> 5 | P16: =IF(K16=0,"00",VLOOKUP(K16,'Civil Level'!$G$2:$H$100,2,FALSE)) -> 02 | Q16: =IF(L16=0,"000",VLOOKUP(L16,'Civil Level'!$J$2:$K$200,2,FALSE)) -> 020 | R16: =IF(M16=0,"000",VLOOKUP(M16,'Civil Level'!$M$2:$N$172,2,FALSE)) -> 000 | T16: =O16&"."&P16&"."&Q16 -> 5.02.020
A17: 5 | B17: Ss_15_10_30_25 | C17: 15 | D17: 10 | E17: 30 | F17: 25 | G17: Earthworks excavating systems | J17: Construction Costs (CC) | K17: Substructure | L17: Excavation, disposal and lateral supports (specifically to receive any substructure construction but excluding general site formation and slope treatment) | O17: =IF(J17=0, "00", VLOOKUP(J17,'Civil Level'!$D$2:$E$100,2,FALSE)) -> 2 | P17: =IF(K17=0,"00",VLOOKUP(K17,'Civil Level'!$G$2:$H$100,2,FALSE)) -> 02 | Q17: =IF(L17=0,"000",VLOOKUP(L17,'Civil Level'!$J$2:$K$200,2,FALSE)) -> 020 | R17: =IF(M17=0,"000",VLOOKUP(M17,'Civil Level'!$M$2:$N$172,2,FALSE)) -> 000 | T17: =O17&"."&P17&"."&Q17 -> 2.02.020
A18: 5 | B18: Ss_15_10_30_25 | C18: 15 | D18: 10 | E18: 30 | F18: 25 | G18: Earthworks excavating systems | J18: Renewal Costs (RC) | K18: Substructure | L18: Excavation, disposal and lateral supports (specifically to receive any substructure construction but excluding general site formation and slope treatment) | O18: =IF(J18=0, "00", VLOOKUP(J18,'Civil Level'!$D$2:$E$100,2,FALSE)) -> 3 | P18: =IF(K18=0,"00",VLOOKUP(K18,'Civil Level'!$G$2:$H$100,2,FALSE)) -> 02 | Q18: =IF(L18=0,"000",VLOOKUP(L18,'Civil Level'!$J$2:$K$200,2,FALSE)) -> 020 | R18: =IF(M18=0,"000",VLOOKUP(M18,'Civil Level'!$M$2:$N$172,2,FALSE)) -> 000 | T18: =O18&"."&P18&"."&Q18 -> 3.02.020
A19: 5 | B19: Ss_15_10_30_25 | C19: 15 | D19: 10 | E19: 30 | F19: 25 | G19: Earthworks excavating systems | J19: Maintenance Costs (MC) | K19: Substructure | L19: Excavation, disposal and lateral supports (specifically to receive any substructure construction but excluding general site formation and slope treatment) | O19: =IF(J19=0, "00", VLOOKUP(J19,'Civil Level'!$D$2:$E$100,2,FALSE)) -> 5 | P19: =IF(K19=0,"00",VLOOKUP(K19,'Civil Level'!$G$2:$H$100,2,FALSE)) -> 02 | Q19: =IF(L19=0,"000",VLOOKUP(L19,'Civil Level'!$J$2:$K$200,2,FALSE)) -> 020 | R19: =IF(M19=0,"000",VLOOKUP(M19,'Civil Level'!$M$2:$N$172,2,FALSE)) -> 000 | T19: =O19&"."&P19&"."&Q19 -> 5.02.020
A20: 6 | B20: Ss_15_10_30_27 | C20: 15 | D20: 10 | E20: 30 | F20: 27 | G20: Earthworks filling systems | J20: Construction Costs (CC) | K20: Substructure | L20: Excavation, disposal and lateral supports (specifically to receive any substructure construction but excluding general site formation and slope treatment) | O20: =IF(J20=0, "00", VLOOKUP(J20,'Civil Level'!$D$2:$E$100,2,FALSE)) -> 2 | P20: =IF(K20=0,"00",VLOOKUP(K20,'Civil Level'!$G$2:$H$100,2,FALSE)) -> 02 | Q20: =IF(L20=0,"000",VLOOKUP(L20,'Civil Level'!$J$2:$K$200,2,FALSE)) -> 020 | R20: =IF(M20=0,"000",VLOOKUP(M20,'Civil Level'!$M$2:$N$172,2,FALSE)) -> 000 | T20: =O20&"."&P20&"."&Q20 -> 2.02.020
A21: 6 | B21: Ss_15_10_30_27 | C21: 15 | D21: 10 | E21: 30 | F21: 27 | G21: Earthworks filling systems | J21: Renewal Costs (RC) | K21: Substructure | L21: Excavation, disposal and lateral supports (specifically to receive any substructure construction but excluding general site formation and slope treatment) | O21: =IF(J21=0, "00", VLOOKUP(J21,'Civil Level'!$D$2:$E$100,2,FALSE)) -> 3 | P21: =IF(K21=0,"00",VLOOKUP(K21,'Civil Level'!$G$2:$H$100,2,FALSE)) -> 02 | Q21: =IF(L21=0,"000",VLOOKUP(L21,'Civil Level'!$J$2:$K$200,2,FALSE)) -> 020 | R21: =IF(M21=0,"000",VLOOKUP(M21,'Civil Level'!$M$2:$N$172,2,FALSE)) -> 000 | T21: =O21&"."&P21&"."&Q21 -> 3.02.020
A22: 6 | B22: Ss_15_10_30_27 | C22: 15 | D22: 10 | E22: 30 | F22: 27 | G22: Earthworks filling systems | J22: Maintenance Costs (MC) | K22: Substructure | L22: Excavation, disposal and lateral supports (specifically to receive any substructure construction but excluding general site formation and slope treatment) | O22: =IF(J22=0, "00", VLOOKUP(J22,'Civil Level'!$D$2:$E$100,2,FALSE)) -> 5 | P22: =IF(K22=0,"00",VLOOKUP(K22,'Civil Level'!$G$2:$H$100,2,FALSE)) -> 02 | Q22: =IF(L22=0,"000",VLOOKUP(L22,'Civil Level'!$J$2:$K$200,2,FALSE)) -> 020 | R22: =IF(M22=0,"000",VLOOKUP(M22,'Civil Level'!$M$2:$N$172,2,FALSE)) -> 000 | T22: =O22&"."&P22&"."&Q22 -> 5.02.020
A23: 7 | B23: Ss_15_10_30_29 | C23: 15 | D23: 10 | E23: 30 | F23: 29 | G23: Earthworks filling systems around trees | J23: Construction Costs (CC) | K23: Substructure | L23: Structural backfill/ground remediation | O23: =IF(J23=0, "00", VLOOKUP(J23,'Civil Level'!$D$2:$E$100,2,FALSE)) -> 2 | P23: =IF(K23=0,"00",VLOOKUP(K23,'Civil Level'!$G$2:$H$100,2,FALSE)) -> 02 | Q23: =IF(L23=0,"000",VLOOKUP(L23,'Civil Level'!$J$2:$K$200,2,FALSE)) -> 060 | R23: =IF(M23=0,"000",VLOOKUP(M23,'Civil Level'!$M$2:$N$172,2,FALSE)) -> 000 | T23: =O23&"."&P23&"."&Q23 -> 2.02.060
A24: 7 | B24: Ss_15_10_30_29 | C24: 15 | D24: 10 | E24: 30 | F24: 29 | G24: Earthworks filling systems around trees | J24: Renewal Costs (RC) | K24: Substructure | L24: Structural backfill/ground remediation | O24: =IF(J24=0, "00", VLOOKUP(J24,'Civil Level'!$D$2:$E$100,2,FALSE)) -> 3 | P24: =IF(K24=0,"00",VLOOKUP(K24,'Civil Level'!$G$2:$H$100,2,FALSE)) -> 02 | Q24: =IF(L24=0,"000",VLOOKUP(L24,'Civil Level'!$J$2:$K$200,2,FALSE)) -> 060 | R24: =IF(M24=0,"000",VLOOKUP(M24,'Civil Level'!$M$2:$N$172,2,FALSE)) -> 000 | T24: =O24&"."&P24&"."&Q24 -> 3.02.060
A25: 7 | B25: Ss_15_10_30_29 | C25: 15 | D25: 10 | E25: 30 | F25: 29 | G25: Earthworks filling systems around trees | J25: Maintenance Costs (MC) | K25: Substructure | L25: Structural backfill/ground remediation | O25: =IF(J25=0, "00", VLOOKUP(J25,'Civil Level'!$D$2:$E$100,2,FALSE)) -> 5 | P25: =IF(K25=0,"00",VLOOKUP(K25,'Civil Level'!$G$2:$H$100,2,FALSE)) -> 02 | Q25: =IF(L25=0,"000",VLOOKUP(L25,'Civil Level'!$J$2:$K$200,2,FALSE)) -> 060 | R25: =IF(M25=0,"000",VLOOKUP(M25,'Civil Level'!$M$2:$N$172,2,FALSE)) -> 000 | T25: =O25&"."&P25&"."&Q25 -> 5.02.060
... A34: 10 | B34: Ss_15_10_30_90 | C34: 15 | D34: 10 | E34: 30 | F34: 90 | G34: Topsoil filling systems | J34: Maintenance Costs (MC) | K34: Substructure | L34: Bases to supports for tanks, pipes, well heads and the like | O34: =IF(J34=0, "00", VLOOKUP(J34,'Civil Level'!$D$2:$E$100,2,FALSE)) -> 5 | P34: =IF(K34=0,"00",VLOOKUP(K34,'Civil Level'!$G$2:$H$100,2,FALSE)) -> 02 | Q34: =IF(L34=0,"000",VLOOKUP(L34,'Civil Level'!$J$2:$K$200,2,FALSE)) -> 110 | R34: =IF(M34=0,"000",VLOOKUP(M34,'Civil Level'!$M$2:$N$172,2,FALSE)) -> 000 | T34: =O34&"."&P34&"."&Q34 -> 5.02.110
A35: 11 | B35: Ss_15_10_33 | C35: 15 | D35: 10 | E35: 33 | G35: Ground gas disposal systems | J35: Construction Costs (CC) | K35: Demolition, site preparation and formation | L35: Environmental treatment | O35: =IF(J35=0, "00", VLOOKUP(J35,'Civil Level'!$D$2:$E$100,2,FALSE)) -> 2 | P35: =IF(K35=0,"00",VLOOKUP(K35,'Civil Level'!$G$2:$H$100,2,FALSE)) -> 01 | Q35: =IF(L35=0,"000",VLOOKUP(L35,'Civil Level'!$J$2:$K$200,2,FALSE)) -> 020 | R35: =IF(M35=0,"000",VLOOKUP(M35,'Civil Level'!$M$2:$N$172,2,FALSE)) -> 000 | T35: =O35&"."&P35&"."&Q35 -> 2.01.020
A36: 11 | B36: Ss_15_10_33 | C36: 15 | D36: 10 | E36: 33 | G36: Ground gas disposal systems | J36: Renewal Costs (RC) | K36: Demolition, site preparation and formation | L36: Environmental treatment | O36: =IF(J36=0, "00", VLOOKUP(J36,'Civil Level'!$D$2:$E$100,2,FALSE)) -> 3 | P36: =IF(K36=0,"00",VLOOKUP(K36,'Civil Level'!$G$2:$H$100,2,FALSE)) -> 01 | Q36: =IF(L36=0,"000",VLOOKUP(L36,'Civil Level'!$J$2:$K$200,2,FALSE)) -> 020 | R36: =IF(M36=0,"000",VLOOKUP(M36,'Civil Level'!$M$2:$N$172,2,FALSE)) -> 000 | T36: =O36&"."&P36&"."&Q36 -> 3.01.020
A37: 11 | B37: Ss_15_10_33 | C37: 15 | D37: 10 | E37: 33 | G37: Ground gas disposal systems | J37: Maintenance Costs (MC) | K37: Demolition, site preparation and formation | L37: Environmental treatment | O37: =IF(J37=0, "00", VLOOKUP(J37,'Civil Level'!$D$2:$E$100,2,FALSE)) -> 5 | P37: =IF(K37=0,"00",VLOOKUP(K37,'Civil Level'!$G$2:$H$100,2,FALSE)) -> 01 | Q37: =IF(L37=0,"000",VLOOKUP(L37,'Civil Level'!$J$2:$K$200,2,FALSE)) -> 020 | R37: =IF(M37=0,"000",VLOOKUP(M37,'Civil Level'!$M$2:$N$172,2,FALSE)) -> 000 | T37: =O37&"."&P37&"."&Q37 -> 5.01.020
A38: 12 | B38: Ss_15_10_33_34 | C38: 15 | D38: 10 | E38: 33 | F38: 34 | G38: Ground gas collection and venting systems | J38: Construction Costs (CC) | K38: Demolition, site preparation and formation | L38: Environmental treatment | O38: =IF(J38=0, "00", VLOOKUP(J38,'Civil Level'!$D$2:$E$100,2,FALSE)) -> 2 | P38: =IF(K38=0,"00",VLOOKUP(K38,'Civil Level'!$G$2:$H$100,2,FALSE)) -> 01 | Q38: =IF(L38=0,"000",VLOOKUP(L38,'Civil Level'!$J$2:$K$200,2,FALSE)) -> 020 | R38: =IF(M38=0,"000",VLOOKUP(M38,'Civil Level'!$M$2:$N$172,2,FALSE)) -> 000 | T38: =O38&"."&P38&"."&Q38 -> 2.01.020
A39: 12 | B39: Ss_15_10_33_34 | C39: 15 | D39: 10 | E39: 33 | F39: 34 | G39: Ground gas collection and venting systems | J39: Renewal Costs (RC) | K39: Demolition, site preparation and formation | L39: Environmental treatment | O39: =IF(J39=0, "00", VLOOKUP(J39,'Civil Level'!$D$2:$E$100,2,FALSE)) -> 3 | P39: =IF(K39=0,"00",VLOOKUP(K39,'Civil Level'!$G$2:$H$100,2,FALSE)) -> 01 | Q39: =IF(L39=0,"000",VLOOKUP(L39,'Civil Level'!$J$2:$K$200,2,FALSE)) -> 020 | R39: =IF(M39=0,"000",VLOOKUP(M39,'Civil Level'!$M$2:$N$172,2,FALSE)) -> 000 | T39: =O39&"."&P39&"."&Q39 -> 3.01.020
A40: 12 | B40: Ss_15_10_33_34 | C40: 15 | D40: 10 | E40: 33 | F40: 34 | G40: Ground gas collection and venting systems | J40: Maintenance Costs (MC) | K40: Demolition, site preparation and formation | L40: Environmental treatment | O40: =IF(J40=0, "00", VLOOKUP(J40,'Civil Level'!$D$2:$E$100,2,FALSE)) -> 5 | P40: =IF(K40=0,"00",VLOOKUP(K40,'Civil Level'!$G$2:$H$100,2,FALSE)) -> 01 | Q40: =IF(L40=0,"000",VLOOKUP(L40,'Civil Level'!$J$2:$K$200,2,FALSE)) -> 020 | R40: =IF(M40=0,"000",VLOOKUP(M40,'Civil Level'!$M$2:$N$172,2,FALSE)) -> 000 | T40: =O40&"."&P40&"."&Q40 -> 5.01.020
A41: 13 | B41: Ss_15_10_35 | C41: 15 | D41: 10 | E41: 35 | G41: Ground remediation systems | J41: Construction Costs (CC) | K41: Demolition, site preparation and formation | L41: Environmental treatment | O41: =IF(J41=0, "00", VLOOKUP(J41,'Civil Level'!$D$2:$E$100,2,FALSE)) -> 2 | P41: =IF(K41=0,"00",VLOOKUP(K41,'Civil Level'!$G$2:$H$100,2,FALSE)) -> 01 | Q41: =IF(L41=0,"000",VLOOKUP(L41,'Civil Level'!$J$2:$K$200,2,FALSE)) -> 020 | R41: =IF(M41=0,"000",VLOOKUP(M41,'Civil Level'!$M$2:$N$172,2,FALSE)) -> 000 | T41: =O41&"."&P41&"."&Q41 -> 2.01.020
A42: 13 | B42: Ss_15_10_35 | C42: 15 | D42: 10 | E42: 35 | G42: Ground remediation systems | J42: Renewal Costs (RC) | K42: Demolition, site preparation and formation | L42: Environmental treatment | O42: =IF(J42=0, "00", VLOOKUP(J42,'Civil Level'!$D$2:$E$100,2,FALSE)) -> 3 | P42: =IF(K42=0,"00",VLOOKUP(K42,'Civil Level'!$G$2:$H$100,2,FALSE)) -> 01 | Q42: =IF(L42=0,"000",VLOOKUP(L42,'Civil Level'!$J$2:$K$200,2,FALSE)) -> 020 | R42: =IF(M42=0,"000",VLOOKUP(M42,'Civil Level'!$M$2:$N$172,2,FALSE)) -> 000 | T42: =O42&"."&P42&"."&Q42 -> 3.01.020
A43: 13 | B43: Ss_15_10_35 | C43: 15 | D43: 10 | E43: 35 | G43: Ground remediation systems | J43: Maintenance Costs (MC) | K43: Demolition, site preparation and formation | L43: Environmental treatment | O43: =IF(J43=0, "00", VLOOKUP(J43,'Civil Level'!$D$2:$E$100,2,FALSE)) -> 5 | P43: =IF(K43=0,"00",VLOOKUP(K43,'Civil Level'!$G$2:$H$100,2,FALSE)) -> 01 | Q43: =IF(L43=0,"000",VLOOKUP(L43,'Civil Level'!$J$2:$K$200,2,FALSE)) -> 020 | R43: =IF(M43=0,"000",VLOOKUP(M43,'Civil Level'!$M$2:$N$172,2,FALSE)) -> 000 | T43: =O43&"."&P43&"."&Q43 -> 5.01.020
A44: 14 | B44: Ss_15_10_35_07 | C44: 15 | D44: 10 | E44: 35 | F44: 07 | G44: Bioremediation systems | J44: Construction Costs (CC) | K44: Demolition, site preparation and formation | L44: Environmental treatment | O44: =IF(J44=0, "00", VLOOKUP(J44,'Civil Level'!$D$2:$E$100,2,FALSE)) -> 2 | P44: =IF(K44=0,"00",VLOOKUP(K44,'Civil Level'!$G$2:$H$100,2,FALSE)) -> 01 | Q44: =IF(L44=0,"000",VLOOKUP(L44,'Civil Level'!$J$2:$K$200,2,FALSE)) -> 020 | R44: =IF(M44=0,"000",VLOOKUP(M44,'Civil Level'!$M$2:$N$172,2,FALSE)) -> 000 | T44: =O44&"."&P44&"."&Q44 -> 2.01.020
A45: 14 | B45: Ss_15_10_35_07 | C45: 15 | D45: 10 | E45: 35 | F45: 07 | G45: Bioremediation systems | J45: Renewal Costs (RC) | K45: Demolition, site preparation and formation | L45: Environmental treatment | O45: =IF(J45=0, "00", VLOOKUP(J45,'Civil Level'!$D$2:$E$100,2,FALSE)) -> 3 | P45: =IF(K45=0,"00",VLOOKUP(K45,'Civil Level'!$G$2:$H$100,2,FALSE)) -> 01 | Q45: =IF(L45=0,"000",VLOOKUP(L45,'Civil Level'!$J$2:$K$200,2,FALSE)) -> 020 | R45: =IF(M45=0,"000",VLOOKUP(M45,'Civil Level'!$M$2:$N$172,2,FALSE)) -> 000 | T45: =O45&"."&P45&"."&Q45 -> 3.01.020
A46: 14 | B46: Ss_15_10_35_07 | C46: 15 | D46: 10 | E46: 35 | F46: 07 | G46: Bioremediation systems | J46: Maintenance Costs (MC) | K46: Demolition, site preparation and formation | L46: Environmental treatment | O46: =IF(J46=0, "00", VLOOKUP(J46,'Civil Level'!$D$2:$E$100,2,FALSE)) -> 5 | P46: =IF(K46=0,"00",VLOOKUP(K46,'Civil Level'!$G$2:$H$100,2,FALSE)) -> 01 | Q46: =IF(L46=0,"000",VLOOKUP(L46,'Civil Level'!$J$2:$K$200,2,FALSE)) -> 020 | R46: =IF(M46=0,"000",VLOOKUP(M46,'Civil Level'!$M$2:$N$172,2,FALSE)) -> 000 | T46: =O46&"."&P46&"."&Q46 -> 5.01.020
A47: 15 | B47: Ss_15_10_45 | C47: 15 | D47: 10 | E47: 45 | G47: Landfill systems | J47: Construction Costs (CC) | K47: Demolition, site preparation and formation | L47: Environmental treatment | O47: =IF(J47=0, "00", VLOOKUP(J47,'Civil Level'!$D$2:$E$100,2,FALSE)) -> 2 | P47: =IF(K47=0,"00",VLOOKUP(K47,'Civil Level'!$G$2:$H$100,2,FALSE)) -> 01 | Q47: =IF(L47=0,"000",VLOOKUP(L47,'Civil Level'!$J$2:$K$200,2,FALSE)) -> 020 | R47: =IF(M47=0,"000",VLOOKUP(M47,'Civil Level'!$M$2:$N$172,2,FALSE)) -> 000 | T47: =O47&"."&P47&"."&Q47 -> 2.01.020
A48: 15 | B48: Ss_15_10_45 | C48: 15 | D48: 10 | E48: 45 | G48: Landfill systems | J48: Renewal Costs (RC) | K48: Demolition, site preparation and formation | L48: Environmental treatment | O48: =IF(J48=0, "00", VLOOKUP(J48,'Civil Level'!$D$2:$E$100,2,FALSE)) -> 3 | P48: =IF(K48=0,"00",VLOOKUP(K48,'Civil Level'!$G$2:$H$100,2,FALSE)) -> 01 | Q48: =IF(L48=0,"000",VLOOKUP(L48,'Civil Level'!$J$2:$K$200,2,FALSE)) -> 020 | R48: =IF(M48=0,"000",VLOOKUP(M48,'Civil Level'!$M$2:$N$172,2,FALSE)) -> 000 | T48: =O48&"."&P48&"."&Q48 -> 3.01.020
A49: 15 | B49: Ss_15_10_45 | C49: 15 | D49: 10 | E49: 45 | G49: Landfill systems | J49: Maintenance Costs (MC) | K49: Demolition, site preparation and formation | L49: Environmental treatment | O49: =IF(J49=0, "00", VLOOKUP(J49,'Civil Level'!$D$2:$E$100,2,FALSE)) -> 5 | P49: =IF(K49=0,"00",VLOOKUP(K49,'Civil Level'!$G$2:$H$100,2,FALSE)) -> 01 | Q49: =IF(L49=0,"000",VLOOKUP(L49,'Civil Level'!$J$2:$K$200,2,FALSE)) -> 020 | R49: =IF(M49=0,"000",VLOOKUP(M49,'Civil Level'!$M$2:$N$172,2,FALSE)) -> 000 | T49: =O49&"."&P49&"."&Q49 -> 5.01.020
A50: 16 | B50: Ss_15_10_76 | C50: 15 | D50: 10 | E50: 76 | G50: Site waste disposal systems | J50: Construction Costs (CC) | K50: Demolition, site preparation and formation | L50: Environmental treatment | O50: =IF(J50=0, "00", VLOOKUP(J50,'Civil Level'!$D$2:$E$100,2,FALSE)) -> 2 | P50: =IF(K50=0,"00",VLOOKUP(K50,'Civil Level'!$G$2:$H$100,2,FALSE)) -> 01 | Q50: =IF(L50=0,"000",VLOOKUP(L50,'Civil Level'!$J$2:$K$200,2,FALSE)) -> 020 | R50: =IF(M50=0,"000",VLOOKUP(M50,'Civil Level'!$M$2:$N$172,2,FALSE)) -> 000 | T50: =O50&"."&P50&"."&Q50 -> 2.01.020
A51: 16 | B51: Ss_15_10_76 | C51: 15 | D51: 10 | E51: 76 | G51: Site waste disposal systems | J51: Renewal Costs (RC) | K51: Demolition, site preparation and formation | L51: Environmental treatment | O51: =IF(J51=0, "00", VLOOKUP(J51,'Civil Level'!$D$2:$E$100,2,FALSE)) -> 3 | P51: =IF(K51=0,"00",VLOOKUP(K51,'Civil Level'!$G$2:$H$100,2,FALSE)) -> 01 | Q51: =IF(L51=0,"000",VLOOKUP(L51,'Civil Level'!$J$2:$K$200,2,FALSE)) -> 020 | R51: =IF(M51=0,"000",VLOOKUP(M51,'Civil Level'!$M$2:$N$172,2,FALSE)) -> 000 | T51: =O51&"."&P51&"."&Q51 -> 3.01.020
A52: 16 | B52: Ss_15_10_76 | C52: 15 | D52: 10 | E52: 76 | G52: Site waste disposal systems | J52: Maintenance Costs (MC) | K52: Demolition, site preparation and formation | L52: Environmental treatment | O52: =IF(J52=0, "00", VLOOKUP(J52,'Civil Level'!$D$2:$E$100,2,FALSE)) -> 5 | P52: =IF(K52=0,"00",VLOOKUP(K52,'Civil Level'!$G$2:$H$100,2,FALSE)) -> 01 | Q52: =IF(L52=0,"000",VLOOKUP(L52,'Civil Level'!$J$2:$K$200,2,FALSE)) -> 020 | R52: =IF(M52=0,"000",VLOOKUP(M52,'Civil Level'!$M$2:$N$172,2,FALSE)) -> 000 | T52: =O52&"."&P52&"."&Q52 -> 5.01.020
A53: 17 | B53: Ss_15_10_76_21 | C53: 15 | D53: 10 | E53: 76 | F53: 21 | G53: Dewatering systems | J53: Construction Costs (CC) | K53: Demolition, site preparation and formation | L53: Temporary surface drainage and dewatering | O53: =IF(J53=0, "00", VLOOKUP(J53,'Civil Level'!$D$2:$E$100,2,FALSE)) -> 2 | P53: =IF(K53=0,"00",VLOOKUP(K53,'Civil Level'!$G$2:$H$100,2,FALSE)) -> 01 | Q53: =IF(L53=0,"000",VLOOKUP(L53,'Civil Level'!$J$2:$K$200,2,FALSE)) -> 090 | R53: =IF(M53=0,"000",VLOOKUP(M53,'Civil Level'!$M$2:$N$172,2,FALSE)) -> 000 | T53: =O53&"."&P53&"."&Q53 -> 2.01.090
A54: 17 | B54: Ss_15_10_76_21 | C54: 15 | D54: 10 | E54: 76 | F54: 21 | G54: Dewatering systems | J54: Renewal Costs (RC) | K54: Demolition, site preparation and formation | L54: Temporary surface drainage and dewatering | O54: =IF(J54=0, "00", VLOOKUP(J54,'Civil Level'!$D$2:$E$100,2,FALSE)) -> 3 | P54: =IF(K54=0,"00",VLOOKUP(K54,'Civil Level'!$G$2:$H$100,2,FALSE)) -> 01 | Q54: =IF(L54=0,"000",VLOOKUP(L54,'Civil Level'!$J$2:$K$200,2,FALSE)) -> 090 | R54: =IF(M54=0,"000",VLOOKUP(M54,'Civil Level'!$M$2:$N$172,2,FALSE)) -> 000 | T54: =O54&"."&P54&"."&Q54 -> 3.01.090
A55: 17 | B55: Ss_15_10_76_21 | C55: 15 | D55: 10 | E55: 76 | F55: 21 | G55: Dewatering systems | J55: Maintenance Costs (MC) | K55: Demolition, site preparation and formation | L55: Temporary surface drainage and dewatering | O55: =IF(J55=0, "00", VLOOKUP(J55,'Civil Level'!$D$2:$E$100,2,FALSE)) -> 5 | P55: =IF(K55=0,"00",VLOOKUP(K55,'Civil Level'!$G$2:$H$100,2,FALSE)) -> 01 | Q55: =IF(L55=0,"000",VLOOKUP(L55,'Civil Level'!$J$2:$K$200,2,FALSE)) -> 090 | R55: =IF(M55=0,"000",VLOOKUP(M55,'Civil Level'!$M$2:$N$172,2,FALSE)) -> 000 | T55: =O55&"."&P55&"."&Q55 -> 5.01.090
A56: 18 | B56: Ss_15_10_78 | C56: 15 | D56: 10 | E56: 78 | G56: Slurry wall systems | J56: Construction Costs (CC) | K56: Substructure | L56: Earth-retaining structures | O56: =IF(J56=0, "00", VLOOKUP(J56,'Civil Level'!$D$2:$E$100,2,FALSE)) -> 2 | P56: =IF(K56=0,"00",VLOOKUP(K56,'Civil Level'!$G$2:$H$100,2,FALSE)) -> 02 | Q56: =IF(L56=0,"000",VLOOKUP(L56,'Civil Level'!$J$2:$K$200,2,FALSE)) -> 070 | R56: =IF(M56=0,"000",VLOOKUP(M56,'Civil Level'!$M$2:$N$172,2,FALSE)) -> 000 | T56: =O56&"."&P56&"."&Q56 -> 2.02.070
A57: 18 | B57: Ss_15_10_78 | C57: 15 | D57: 10 | E57: 78 | G57: Slurry wall systems | J57: Renewal Costs (RC) | K57: Substructure | L57: Earth-retaining structures | O57: =IF(J57=0, "00", VLOOKUP(J57,'Civil Level'!$D$2:$E$100,2,FALSE)) -> 3 | P57: =IF(K57=0,"00",VLOOKUP(K57,'Civil Level'!$G$2:$H$100,2,FALSE)) -> 02 | Q57: =IF(L57=0,"000",VLOOKUP(L57,'Civil Level'!$J$2:$K$200,2,FALSE)) -> 070 | R57: =IF(M57=0,"000",VLOOKUP(M57,'Civil Level'!$M$2:$N$172,2,FALSE)) -> 000 | T57: =O57&"."&P57&"."&Q57 -> 3.02.070
A58: 18 | B58: Ss_15_10_78 | C58: 15 | D58: 10 | E58: 78 | G58: Slurry wall systems | J58: Maintenance Costs (MC) | K58: Substructure | L58: Earth-retaining structures | O58: =IF(J58=0, "00", VLOOKUP(J58,'Civil Level'!$D$2:$E$100,2,FALSE)) -> 5 | P58: =IF(K58=0,"00",VLOOKUP(K58,'Civil Level'!$G$2:$H$100,2,FALSE)) -> 02 | Q58: =IF(L58=0,"000",VLOOKUP(L58,'Civil Level'!$J$2:$K$200,2,FALSE)) -> 070 | R58: =IF(M58=0,"000",VLOOKUP(M58,'Civil Level'!$M$2:$N$172,2,FALSE)) -> 000 | T58: =O58&"."&P58&"."&Q58 -> 5.02.070
A59: 19 | B59: Ss_15_10_80 | C59: 15 | D59: 10 | E59: 80 | G59: Stabilization systems | J59: Construction Costs (CC) | K59: Substructure | L59: Earth-retaining structures | O59: =IF(J59=0, "00", VLOOKUP(J59,'Civil Level'!$D$2:$E$100,2,FALSE)) -> 2 | P59: =IF(K59=0,"00",VLOOKUP(K59,'Civil Level'!$G$2:$H$100,2,FALSE)) -> 02 | Q59: =IF(L59=0,"000",VLOOKUP(L59,'Civil Level'!$J$2:$K$200,2,FALSE)) -> 070 | R59: =IF(M59=0,"000",VLOOKUP(M59,'Civil Level'!$M$2:$N$172,2,FALSE)) -> 000 | T59: =O59&"."&P59&"."&Q59 -> 2.02.070
A60: 19 | B60: Ss_15_10_80 | C60: 15 | D60: 10 | E60: 80 | G60: Stabilization systems | J60: Renewal Costs (RC) | K60: Substructure | L60: Earth-retaining structures | O60: =IF(J60=0, "00", VLOOKUP(J60,'Civil Level'!$D$2:$E$100,2,FALSE)) -> 3 | P60: =IF(K60=0,"00",VLOOKUP(K60,'Civil Level'!$G$2:$H$100,2,FALSE)) -> 02 | Q60: =IF(L60=0,"000",VLOOKUP(L60,'Civil Level'!$J$2:$K$200,2,FALSE)) -> 070 | R60: =IF(M60=0,"000",VLOOKUP(M60,'Civil Level'!$M$2:$N$172,2,FALSE)) -> 000 | T60: =O60&"."&P60&"."&Q60 -> 3.02.070
A61: 19 | B61: Ss_15_10_80 | C61: 15 | D61: 10 | E61: 80 | G61: Stabilization systems | J61: Maintenance Costs (MC) | K61: Substructure | L61: Earth-retaining structures | O61: =IF(J61=0, "00", VLOOKUP(J61,'Civil Level'!$D$2:$E$100,2,FALSE)) -> 5 | P61: =IF(K61=0,"00",VLOOKUP(K61,'Civil Level'!$G$2:$H$100,2,FALSE)) -> 02 | Q61: =IF(L61=0,"000",VLOOKUP(L61,'Civil Level'!$J$2:$K$200,2,FALSE)) -> 070 | R61: =IF(M61=0,"000",VLOOKUP(M61,'Civil Level'!$M$2:$N$172,2,FALSE)) -> 000 | T61: =O61&"."&P61&"."&Q61 -> 5.02.070
A62: 20 | B62: Ss_15_10_80_33 | C62: 15 | D62: 10 | E62: 80 | F62: 33 | G62: Erosion control systems | J62: Construction Costs (CC) | K62: Demolition, site preparation and formation | L62: Erosion control | O62: =IF(J62=0, "00", VLOOKUP(J62,'Civil Level'!$D$2:$E$100,2,FALSE)) -> 2 | P62: =IF(K62=0,"00",VLOOKUP(K62,'Civil Level'!$G$2:$H$100,2,FALSE)) -> 01 | Q62: =IF(L62=0,"000",VLOOKUP(L62,'Civil Level'!$J$2:$K$200,2,FALSE)) -> 120 | R62: =IF(M62=0,"000",VLOOKUP(M62,'Civil Level'!$M$2:$N$172,2,FALSE)) -> 000 | T62: =O62&"."&P62&"."&Q62 -> 2.01.120
A63: 20 | B63: Ss_15_10_80_33 | C63: 15 | D63: 10 | E63: 80 | F63: 33 | G63: Erosion control systems | J63: Renewal Costs (RC) | K63: Demolition, site preparation and formation | L63: Erosion control | O63: =IF(J63=0, "00", VLOOKUP(J63,'Civil Level'!$D$2:$E$100,2,FALSE)) -> 3 | P63: =IF(K63=0,"00",VLOOKUP(K63,'Civil Level'!$G$2:$H$100,2,FALSE)) -> 01 | Q63: =IF(L63=0,"000",VLOOKUP(L63,'Civil Level'!$J$2:$K$200,2,FALSE)) -> 120 | R63: =IF(M63=0,"000",VLOOKUP(M63,'Civil Level'!$M$2:$N$172,2,FALSE)) -> 000 | T63: =O63&"."&P63&"."&Q63 -> 3.01.120
A64: 20 | B64: Ss_15_10_80_33 | C64: 15 | D64: 10 | E64: 80 | F64: 33 | G64: Erosion control systems | J64: Maintenance Costs (MC) | K64: Demolition, site preparation and formation | L64: Erosion control | O64: =IF(J64=0, "00", VLOOKUP(J64,'Civil Level'!$D$2:$E$100,2,FALSE)) -> 5 | P64: =IF(K64=0,"00",VLOOKUP(K64,'Civil Level'!$G$2:$H$100,2,FALSE)) -> 01 | Q64: =IF(L64=0,"000",VLOOKUP(L64,'Civil Level'!$J$2:$K$200,2,FALSE)) -> 120 | R64: =IF(M64=0,"000",VLOOKUP(M64,'Civil Level'!$M$2:$N$172,2,FALSE)) -> 000 | T64: =O64&"."&P64&"."&Q64 -> 5.01.120
A65: 21 | B65: Ss_15_10_80_70 | C65: 15 | D65: 10 | E65: 80 | F65: 70 | G65: Rock bolting and dowelling systems | J65: Construction Costs (CC) | K65: Substructure | L65: Piling/anchoring | O65: =IF(J65=0, "00", VLOOKUP(J65,'Civil Level'!$D$2:$E$100,2,FALSE)) -> 2 | P65: =IF(K65=0,"00",VLOOKUP(K65,'Civil Level'!$G$2:$H$100,2,FALSE)) -> 02 | Q65: =IF(L65=0,"000",VLOOKUP(L65,'Civil Level'!$J$2:$K$200,2,FALSE)) -> 050 | R65: =IF(M65=0,"000",VLOOKUP(M65,'Civil Level'!$M$2:$N$172,2,FALSE)) -> 000 | T65: =O65&"."&P65&"."&Q65 -> 2.02.050
A66: 21 | B66: Ss_15_10_80_70 | C66: 15 | D66: 10 | E66: 80 | F66: 70 | G66: Rock bolting and dowelling systems | J66: Renewal Costs (RC) | K66: Substructure | L66: Piling/anchoring | O66: =IF(J66=0, "00", VLOOKUP(J66,'Civil Level'!$D$2:$E$100,2,FALSE)) -> 3 | P66: =IF(K66=0,"00",VLOOKUP(K66,'Civil Level'!$G$2:$H$100,2,FALSE)) -> 02 | Q66: =IF(L66=0,"000",VLOOKUP(L66,'Civil Level'!$J$2:$K$200,2,FALSE)) -> 050 | R66: =IF(M66=0,"000",VLOOKUP(M66,'Civil Level'!$M$2:$N$172,2,FALSE)) -> 000 | T66: =O66&"."&P66&"."&Q66 -> 3.02.050
A67: 21 | B67: Ss_15_10_80_70 | C67: 15 | D67: 10 | E67: 80 | F67: 70 | G67: Rock bolting and dowelling systems | J67: Maintenance Costs (MC) | K67: Substructure | L67: Piling/anchoring | O67: =IF(J67=0, "00", VLOOKUP(J67,'Civil Level'!$D$2:$E$100,2,FALSE)) -> 5 | P67: =IF(K67=0,"00",VLOOKUP(K67,'Civil Level'!$G$2:$H$100,2,FALSE)) -> 02 | Q67: =IF(L67=0,"000",VLOOKUP(L67,'Civil Level'!$J$2:$K$200,2,FALSE)) -> 050 | R67: =IF(M67=0,"000",VLOOKUP(M67,'Civil Level'!$M$2:$N$172,2,FALSE)) -> 000 | T67: =O67&"."&P67&"."&Q67 -> 5.02.050
A68: 22 | B68: Ss_15_10_80_80 | C68: 15 | D68: 10 | E68: 80 | F68: 80 | G68: Soil nailing systems | J68: Construction Costs (CC) | K68: Substructure | L68: Piling/anchoring | O68: =IF(J68=0, "00", VLOOKUP(J68,'Civil Level'!$D$2:$E$100,2,FALSE)) -> 2 | P68: =IF(K68=0,"00",VLOOKUP(K68,'Civil Level'!$G$2:$H$100,2,FALSE)) -> 02 | Q68: =IF(L68=0,"000",VLOOKUP(L68,'Civil Level'!$J$2:$K$200,2,FALSE)) -> 050 | R68: =IF(M68=0,"000",VLOOKUP(M68,'Civil Level'!$M$2:$N$172,2,FALSE)) -> 000 | T68: =O68&"."&P68&"."&Q68 -> 2.02.050
A69: 22 | B69: Ss_15_10_80_80 | C69: 15 | D69: 10 | E69: 80 | F69: 80 | G69: Soil nailing systems | J69: Renewal Costs (RC) | K69: Substructure | L69: Piling/anchoring | O69: =IF(J69=0, "00", VLOOKUP(J69,'Civil Level'!$D$2:$E$100,2,FALSE)) -> 3 | P69: =IF(K69=0,"00",VLOOKUP(K69,'Civil Level'!$G$2:$H$100,2,FALSE)) -> 02 | Q69: =IF(L69=0,"000",VLOOKUP(L69,'Civil Level'!$J$2:$K$200,2,FALSE)) -> 050 | R69: =IF(M69=0,"000",VLOOKUP(M69,'Civil Level'!$M$2:$N$172,2,FALSE)) -> 000 | T69: =O69&"."&P69&"."&Q69 -> 3.02.050
A70: 22 | B70: Ss_15_10_80_80 | C70: 15 | D70: 10 | E70: 80 | F70: 80 | G70: Soil nailing systems | J70: Maintenance Costs (MC) | K70: Substructure | L70: Piling/anchoring | O70: =IF(J70=0, "00", VLOOKUP(J70,'Civil Level'!$D$2:$E$100,2,FALSE)) -> 5 | P70: =IF(K70=0,"00",VLOOKUP(K70,'Civil Level'!$G$2:$H$100,2,FALSE)) -> 02 | Q70: =IF(L70=0,"000",VLOOKUP(L70,'Civil Level'!$J$2:$K$200,2,FALSE)) -> 050 | R70: =IF(M70=0,"000",VLOOKUP(M70,'Civil Level'!$M$2:$N$172,2,FALSE)) -> 000 | T70: =O70&"."&P70&"."&Q70 -> 5.02.050
A71: 23 | B71: Ss_15_10_80_85 | C71: 15 | D71: 10 | E71: 80 | F71: 85 | G71: Subterranean void filling systems | J71: Construction Costs (CC) | K71: Substructure | L71: Structural backfill/ground remediation | O71: =IF(J71=0, "00", VLOOKUP(J71,'Civil Level'!$D$2:$E$100,2,FALSE)) -> 2 | P71: =IF(K71=0,"00",VLOOKUP(K71,'Civil Level'!$G$2:$H$100,2,FALSE)) -> 02 | Q71: =IF(L71=0,"000",VLOOKUP(L71,'Civil Level'!$J$2:$K$200,2,FALSE)) -> 060 | R71: =IF(M71=0,"000",VLOOKUP(M71,'Civil Level'!$M$2:$N$172,2,FALSE)) -> 000 | T71: =O71&"."&P71&"."&Q71 -> 2.02.060
A72: 23 | B72: Ss_15_10_80_85 | C72: 15 | D72: 10 | E72: 80 | F72: 85 | G72: Subterranean void filling systems | J72: Renewal Costs (RC) | K72: Substructure | L72: Structural backfill/ground remediation | O72: =IF(J72=0, "00", VLOOKUP(J72,'Civil Level'!$D$2:$E$100,2,FALSE)) -> 3 | P72: =IF(K72=0,"00",VLOOKUP(K72,'Civil Level'!$G$2:$H$100,2,FALSE)) -> 02 | Q72: =IF(L72=0,"000",VLOOKUP(L72,'Civil Level'!$J$2:$K$200,2,FALSE)) -> 060 | R72: =IF(M72=0,"000",VLOOKUP(M72,'Civil Level'!$M$2:$N$172,2,FALSE)) -> 000 | T72: =O72&"."&P72&"."&Q72 -> 3.02.060
A73: 23 | B73: Ss_15_10_80_85 | C73: 15 | D73: 10 | E73: 80 | F73: 85 | G73: Subterranean void filling systems | J73: Maintenance Costs (MC) | K73: Substructure | L73: Structural backfill/ground remediation | O73: =IF(J73=0, "00", VLOOKUP(J73,'Civil Level'!$D$2:$E$100,2,FALSE)) -> 5 | P73: =IF(K73=0,"00",VLOOKUP(K73,'Civil Level'!$G$2:$H$100,2,FALSE)) -> 02 | Q73: =IF(L73=0,"000",VLOOKUP(L73,'Civil Level'!$J$2:$K$200,2,FALSE)) -> 060 | R73: =IF(M73=0,"000",VLOOKUP(M73,'Civil Level'!$M$2:$N$172,2,FALSE)) -> 000 | T73: =O73&"."&P73&"."&Q73 -> 5.02.060
A74: 24 | B74: Ss_15_30 | C74: 15 | D74: 30 | G74: Remediation, repair and renovation systems | J74: Construction Costs (CC) | K74: Non-structural works | L74: Non-structural removal and alterations | O74: =IF(J74=0, "00", VLOOKUP(J74,'Civil Level'!$D$2:$E$100,2,FALSE)) -> 2 | P74: =IF(K74=0,"00",VLOOKUP(K74,'Civil Level'!$G$2:$H$100,2,FALSE)) -> 04 | Q74: =IF(L74=0,"000",VLOOKUP(L74,'Civil Level'!$J$2:$K$200,2,FALSE)) -> 010 | R74: =IF(M74=0,"000",VLOOKUP(M74,'Civil Level'!$M$2:$N$172,2,FALSE)) -> 000 | T74: =O74&"."&P74&"."&Q74 -> 2.04.010
A75: 24 | B75: Ss_15_30 | C75: 15 | D75: 30 | G75: Remediation, repair and renovation systems | J75: Renewal Costs (RC) | K75: Non-structural works | L75: Non-structural removal and alterations | O75: =IF(J75=0, "00", VLOOKUP(J75,'Civil Level'!$D$2:$E$100,2,FALSE)) -> 3 | P75: =IF(K75=0,"00",VLOOKUP(K75,'Civil Level'!$G$2:$H$100,2,FALSE)) -> 04 | Q75: =IF(L75=0,"000",VLOOKUP(L75,'Civil Level'!$J$2:$K$200,2,FALSE)) -> 010 | R75: =IF(M75=0,"000",VLOOKUP(M75,'Civil Level'!$M$2:$N$172,2,FALSE)) -> 000 | T75: =O75&"."&P75&"."&Q75 -> 3.04.010
A76: 24 | B76: Ss_15_30 | C76: 15 | D76: 30 | G76: Remediation, repair and renovation systems | J76: Maintenance Costs (MC) | K76: Non-structural works | L76: Non-structural removal and alterations | O76: =IF(J76=0, "00", VLOOKUP(J76,'Civil Level'!$D$2:$E$100,2,FALSE)) -> 5 | P76: =IF(K76=0,"00",VLOOKUP(K76,'Civil Level'!$G$2:$H$100,2,FALSE)) -> 04 | Q76: =IF(L76=0,"000",VLOOKUP(L76,'Civil Level'!$J$2:$K$200,2,FALSE)) -> 010 | R76: =IF(M76=0,"000",VLOOKUP(M76,'Civil Level'!$M$2:$N$172,2,FALSE)) -> 000 | T76: =O76&"."&P76&"."&Q76 -> 5.04.010
A77: 25 | B77: Ss_15_30_10 | C77: 15 | D77: 30 | E77: 10 | G77: Building services remediation systems | J77: Construction Costs (CC) | K77: Non-structural works | L77: Non-structural removal and alterations | O77: =IF(J77=0, "00", VLOOKUP(J77,'Civil Level'!$D$2:$E$100,2,FALSE)) -> 2 | P77: =IF(K77=0,"00",VLOOKUP(K77,'Civil Level'!$G$2:$H$100,2,FALSE)) -> 04 | Q77: =IF(L77=0,"000",VLOOKUP(L77,'Civil Level'!$J$2:$K$200,2,FALSE)) -> 010 | R77: =IF(M77=0,"000",VLOOKUP(M77,'Civil Level'!$M$2:$N$172,2,FALSE)) -> 000 | T77: =O77&"."&P77&"."&Q77 -> 2.04.010
A78: 25 | B78: Ss_15_30_10 | C78: 15 | D78: 30 | E78: 10 | G78: Building services remediation systems | J78: Renewal Costs (RC) | K78: Non-structural works | L78: Non-structural removal and alterations | O78: =IF(J78=0, "00", VLOOKUP(J78,'Civil Level'!$D$2:$E$100,2,FALSE)) -> 3 | P78: =IF(K78=0,"00",VLOOKUP(K78,'Civil Level'!$G$2:$H$100,2,FALSE)) -> 04 | Q78: =IF(L78=0,"000",VLOOKUP(L78,'Civil Level'!$J$2:$K$200,2,FALSE)) -> 010 | R78: =IF(M78=0,"000",VLOOKUP(M78,'Civil Level'!$M$2:$N$172,2,FALSE)) -> 000 | T78: =O78&"."&P78&"."&Q78 -> 3.04.010
A79: 25 | B79: Ss_15_30_10 | C79: 15 | D79: 30 | E79: 10 | G79: Building services remediation systems | J79: Maintenance Costs (MC) | K79: Non-structural works | L79: Non-structural removal and alterations | O79: =IF(J79=0, "00", VLOOKUP(J79,'Civil Level'!$D$2:$E$100,2,FALSE)) -> 5 | P79: =IF(K79=0,"00",VLOOKUP(K79,'Civil Level'!$G$2:$H$100,2,FALSE)) -> 04 | Q79: =IF(L79=0,"000",VLOOKUP(L79,'Civil Level'!$J$2:$K$200,2,FALSE)) -> 010 | R79: =IF(M79=0,"000",VLOOKUP(M79,'Civil Level'!$M$2:$N$172,2,FALSE)) -> 000 | T79: =O79&"."&P79&"."&Q79 -> 5.04.010
A80: 26 | B80: Ss_15_30_12 | C80: 15 | D80: 30 | E80: 12 | G80: Ceramics repair and renovation systems | J80: Construction Costs (CC) | K80: Non-structural works | L80: Non-structural removal and alterations | O80: =IF(J80=0, "00", VLOOKUP(J80,'Civil Level'!$D$2:$E$100,2,FALSE)) -> 2 | P80: =IF(K80=0,"00",VLOOKUP(K80,'Civil Level'!$G$2:$H$100,2,FALSE)) -> 04 | Q80: =IF(L80=0,"000",VLOOKUP(L80,'Civil Level'!$J$2:$K$200,2,FALSE)) -> 010 | R80: =IF(M80=0,"000",VLOOKUP(M80,'Civil Level'!$M$2:$N$172,2,FALSE)) -> 000 | T80: =O80&"."&P80&"."&Q80 -> 2.04.010
A81: 26 | B81: Ss_15_30_12 | C81: 15 | D81: 30 | E81: 12 | G81: Ceramics repair and renovation systems | J81: Renewal Costs (RC) | K81: Non-structural works | L81: Non-structural removal and alterations | O81: =IF(J81=0, "00", VLOOKUP(J81,'Civil Level'!$D$2:$E$100,2,FALSE)) -> 3 | P81: =IF(K81=0,"00",VLOOKUP(K81,'Civil Level'!$G$2:$H$100,2,FALSE)) -> 04 | Q81: =IF(L81=0,"000",VLOOKUP(L81,'Civil Level'!$J$2:$K$200,2,FALSE)) -> 010 | R81: =IF(M81=0,"000",VLOOKUP(M81,'Civil Level'!$M$2:$N$172,2,FALSE)) -> 000 | T81: =O81&"."&P81&"."&Q81 -> 3.04.010
A82: 26 | B82: Ss_15_30_12 | C82: 15 | D82: 30 | E82: 12 | G82: Ceramics repair and renovation systems | J82: Maintenance Costs (MC) | K82: Non-structural works | L82: Non-structural removal and alterations | O82: =IF(J82=0, "00", VLOOKUP(J82,'Civil Level'!$D$2:$E$100,2,FALSE)) -> 5 | P82: =IF(K82=0,"00",VLOOKUP(K82,'Civil Level'!$G$2:$H$100,2,FALSE)) -> 04 | Q82: =IF(L82=0,"000",VLOOKUP(L82,'Civil Level'!$J$2:$K$200,2,FALSE)) -> 010 | R82: =IF(M82=0,"000",VLOOKUP(M82,'Civil Level'!$M$2:$N$172,2,FALSE)) -> 000 | T82: =O82&"."&P82&"."&Q82 -> 5.04.010
A83: 27 | B83: Ss_15_30_15 | C83: 15 | D83: 30 | E83: 15 | G83: Concrete and masonry cleaning systems | J83: Construction Costs (CC) | K83: Non-structural works | L83: Non-structural removal and alterations | O83: =IF(J83=0, "00", VLOOKUP(J83,'Civil Level'!$D$2:$E$100,2,FALSE)) -> 2 | P83: =IF(K83=0,"00",VLOOKUP(K83,'Civil Level'!$G$2:$H$100,2,FALSE)) -> 04 | Q83: =IF(L83=0,"000",VLOOKUP(L83,'Civil Level'!$J$2:$K$200,2,FALSE)) -> 010 | R83: =IF(M83=0,"000",VLOOKUP(M83,'Civil Level'!$M$2:$N$172,2,FALSE)) -> 000 | T83: =O83&"."&P83&"."&Q83 -> 2.04.010
A84: 27 | B84: Ss_15_30_15 | C84: 15 | D84: 30 | E84: 15 | G84: Concrete and masonry cleaning systems | J84: Renewal Costs (RC) | K84: Non-structural works | L84: Non-structural removal and alterations | O84: =IF(J84=0, "00", VLOOKUP(J84,'Civil Level'!$D$2:$E$100,2,FALSE)) -> 3 | P84: =IF(K84=0,"00",VLOOKUP(K84,'Civil Level'!$G$2:$H$100,2,FALSE)) -> 04 | Q84: =IF(L84=0,"000",VLOOKUP(L84,'Civil Level'!$J$2:$K$200,2,FALSE)) -> 010 | R84: =IF(M84=0,"000",VLOOKUP(M84,'Civil Level'!$M$2:$N$172,2,FALSE)) -> 000 | T84: =O84&"."&P84&"."&Q84 -> 3.04.010
A85: 27 | B85: Ss_15_30_15 | C85: 15 | D85: 30 | E85: 15 | G85: Concrete and masonry cleaning systems | J85: Maintenance Costs (MC) | K85: Non-structural works | L85: Non-structural removal and alterations | O85: =IF(J85=0, "00", VLOOKUP(J85,'Civil Level'!$D$2:$E$100,2,FALSE)) -> 5 | P85: =IF(K85=0,"00",VLOOKUP(K85,'Civil Level'!$G$2:$H$100,2,FALSE)) -> 04 | Q85: =IF(L85=0,"000",VLOOKUP(L85,'Civil Level'!$J$2:$K$200,2,FALSE)) -> 010 | R85: =IF(M85=0,"000",VLOOKUP(M85,'Civil Level'!$M$2:$N$172,2,FALSE)) -> 000 | T85: =O85&"."&P85&"."&Q85 -> 5.04.010
A86: 28 | B86: Ss_15_30_15_15 | C86: 15 | D86: 30 | E86: 15 | F86: 15 | G86: Concrete cleaning systems | J86: Construction Costs (CC) | K86: Non-structural works | L86: Non-structural removal and alterations | O86: =IF(J86=0, "00", VLOOKUP(J86,'Civil Level'!$D$2:$E$100,2,FALSE)) -> 2 | P86: =IF(K86=0,"00",VLOOKUP(K86,'Civil Level'!$G$2:$H$100,2,FALSE)) -> 04 | Q86: =IF(L86=0,"000",VLOOKUP(L86,'Civil Level'!$J$2:$K$200,2,FALSE)) -> 010 | R86: =IF(M86=0,"000",VLOOKUP(M86,'Civil Level'!$M$2:$N$172,2,FALSE)) -> 000 | T86: =O86&"."&P86&"."&Q86 -> 2.04.010
A87: 28 | B87: Ss_15_30_15_15 | C87: 15 | D87: 30 | E87: 15 | F87: 15 | G87: Concrete cleaning systems | J87: Renewal Costs (RC) | K87: Non-structural works | L87: Non-structural removal and alterations | O87: =IF(J87=0, "00", VLOOKUP(J87,'Civil Level'!$D$2:$E$100,2,FALSE)) -> 3 | P87: =IF(K87=0,"00",VLOOKUP(K87,'Civil Level'!$G$2:$H$100,2,FALSE)) -> 04 | Q87: =IF(L87=0,"000",VLOOKUP(L87,'Civil Level'!$J$2:$K$200,2,FALSE)) -> 010 | R87: =IF(M87=0,"000",VLOOKUP(M87,'Civil Level'!$M$2:$N$172,2,FALSE)) -> 000 | T87: =O87&"."&P87&"."&Q87 -> 3.04.010
A88: 28 | B88: Ss_15_30_15_15 | C88: 15 | D88: 30 | E88: 15 | F88: 15 | G88: Concrete cleaning systems | J88: Maintenance Costs (MC) | K88: Non-structural works | L88: Non-structural removal and alterations | O88: =IF(J88=0, "00", VLOOKUP(J88,'Civil Level'!$D$2:$E$100,2,FALSE)) -> 5 | P88: =IF(K88=0,"00",VLOOKUP(K88,'Civil Level'!$G$2:$H$100,2,FALSE)) -> 04 | Q88: =IF(L88=0,"000",VLOOKUP(L88,'Civil Level'!$J$2:$K$200,2,FALSE)) -> 010 | R88: =IF(M88=0,"000",VLOOKUP(M88,'Civil Level'!$M$2:$N$172,2,FALSE)) -> 000 | T88: =O88&"."&P88&"."&Q88 -> 5.04.010
A89: 29 | B89: Ss_15_30_15_50 | C89: 15 | D89: 30 | E89: 15 | F89: 50 | G89: Masonry cleaning systems | J89: Construction Costs (CC) | K89: Non-structural works | L89: Non-structural removal and alterations | O89: =IF(J89=0, "00", VLOOKUP(J89,'Civil Level'!$D$2:$E$100,2,FALSE)) -> 2 | P89: =IF(K89=0,"00",VLOOKUP(K89,'Civil Level'!$G$2:$H$100,2,FALSE)) -> 04 | Q89: =IF(L89=0,"000",VLOOKUP(L89,'Civil Level'!$J$2:$K$200,2,FALSE)) -> 010 | R89: =IF(M89=0,"000",VLOOKUP(M89,'Civil Level'!$M$2:$N$172,2,FALSE)) -> 000 | T89: =O89&"."&P89&"."&Q89 -> 2.04.010
A90: 29 | B90: Ss_15_30_15_50 | C90: 15 | D90: 30 | E90: 15 | F90: 50 | G90: Masonry cleaning systems | J90: Renewal Costs (RC) | K90: Non-structural works | L90: Non-structural removal and alterations | O90: =IF(J90=0, "00", VLOOKUP(J90,'Civil Level'!$D$2:$E$100,2,FALSE)) -> 3 | P90: =IF(K90=0,"00",VLOOKUP(K90,'Civil Level'!$G$2:$H$100,2,FALSE)) -> 04 | Q90: =IF(L90=0,"000",VLOOKUP(L90,'Civil Level'!$J$2:$K$200,2,FALSE)) -> 010 | R90: =IF(M90=0,"000",VLOOKUP(M90,'Civil Level'!$M$2:$N$172,2,FALSE)) -> 000 | T90: =O90&"."&P90&"."&Q90 -> 3.04.010
A91: 29 | B91: Ss_15_30_15_50 | C91: 15 | D91: 30 | E91: 15 | F91: 50 | G91: Masonry cleaning systems | J91: Maintenance Costs (MC) | K91: Non-structural works | L91: Non-structural removal and alterations | O91: =IF(J91=0, "00", VLOOKUP(J91,'Civil Level'!$D$2:$E$100,2,FALSE)) -> 5 | P91: =IF(K91=0,"00",VLOOKUP(K91,'Civil Level'!$G$2:$H$100,2,FALSE)) -> 04 | Q91: =IF(L91=0,"000",VLOOKUP(L91,'Civil Level'!$J$2:$K$200,2,FALSE)) -> 010 | R91: =IF(M91=0,"000",VLOOKUP(M91,'Civil Level'!$M$2:$N$172,2,FALSE)) -> 000 | T91: =O91&"."&P91&"."&Q91 -> 5.04.010
A92: 30 | B92: Ss_15_30_15_65 | C92: 15 | D92: 30 | E92: 15 | F92: 65 | G92: Preliminary concrete cleaning systems | J92: Construction Costs (CC) | K92: Non-structural works | L92: Non-structural removal and alterations | O92: =IF(J92=0, "00", VLOOKUP(J92,'Civil Level'!$D$2:$E$100,2,FALSE)) -> 2 | P92: =IF(K92=0,"00",VLOOKUP(K92,'Civil Level'!$G$2:$H$100,2,FALSE)) -> 04 | Q92: =IF(L92=0,"000",VLOOKUP(L92,'Civil Level'!$J$2:$K$200,2,FALSE)) -> 010 | R92: =IF(M92=0,"000",VLOOKUP(M92,'Civil Level'!$M$2:$N$172,2,FALSE)) -> 000 | T92: =O92&"."&P92&"."&Q92 -> 2.04.010
A93: 30 | B93: Ss_15_30_15_65 | C93: 15 | D93: 30 | E93: 15 | F93: 65 | G93: Preliminary concrete cleaning systems | J93: Renewal Costs (RC) | K93: Non-structural works | L93: Non-structural removal and alterations | O93: =IF(J93=0, "00", VLOOKUP(J93,'Civil Level'!$D$2:$E$100,2,FALSE)) -> 3 | P93: =IF(K93=0,"00",VLOOKUP(K93,'Civil Level'!$G$2:$H$100,2,FALSE)) -> 04 | Q93: =IF(L93=0,"000",VLOOKUP(L93,'Civil Level'!$J$2:$K$200,2,FALSE)) -> 010 | R93: =IF(M93=0,"000",VLOOKUP(M93,'Civil Level'!$M$2:$N$172,2,FALSE)) -> 000 | T93: =O93&"."&P93&"."&Q93 -> 3.04.010
A94: 30 | B94: Ss_15_30_15_65 | C94: 15 | D94: 30 | E94: 15 | F94: 65 | G94: Preliminary concrete cleaning systems | J94: Maintenance Costs (MC) | K94: Non-structural works | L94: Non-structural removal and alterations | O94: =IF(J94=0, "00", VLOOKUP(J94,'Civil Level'!$D$2:$E$100,2,FALSE)) -> 5 | P94: =IF(K94=0,"00",VLOOKUP(K94,'Civil Level'!$G$2:$H$100,2,FALSE)) -> 04 | Q94: =IF(L94=0,"000",VLOOKUP(L94,'Civil Level'!$J$2:$K$200,2,FALSE)) -> 010 | R94: =IF(M94=0,"000",VLOOKUP(M94,'Civil Level'!$M$2:$N$172,2,FALSE)) -> 000 | T94: =O94&"."&P94&"."&Q94 -> 5.04.010
A95: 31 | B95: Ss_15_30_15_66 | C95: 15 | D95: 30 | E95: 15 | F95: 66 | G95: Preliminary masonry cleaning systems | J95: Construction Costs (CC) | K95: Non-structural works | L95: Non-structural removal and alterations | O95: =IF(J95=0, "00", VLOOKUP(J95,'Civil Level'!$D$2:$E$100,2,FALSE)) -> 2 | P95: =IF(K95=0,"00",VLOOKUP(K95,'Civil Level'!$G$2:$H$100,2,FALSE)) -> 04 | Q95: =IF(L95=0,"000",VLOOKUP(L95,'Civil Level'!$J$2:$K$200,2,FALSE)) -> 010 | R95: =IF(M95=0,"000",VLOOKUP(M95,'Civil Level'!$M$2:$N$172,2,FALSE)) -> 000 | T95: =O95&"."&P95&"."&Q95 -> 2.04.010
A96: 31 | B96: Ss_15_30_15_66 | C96: 15 | D96: 30 | E96: 15 | F96: 66 | G96: Preliminary masonry cleaning systems | J96: Renewal Costs (RC) | K96: Non-structural works | L96: Non-structural removal and alterations | O96: =IF(J96=0, "00", VLOOKUP(J96,'Civil Level'!$D$2:$E$100,2,FALSE)) -> 3 | P96: =IF(K96=0,"00",VLOOKUP(K96,'Civil Level'!$G$2:$H$100,2,FALSE)) -> 04 | Q96: =IF(L96=0,"000",VLOOKUP(L96,'Civil Level'!$J$2:$K$200,2,FALSE)) -> 010 | R96: =IF(M96=0,"000",VLOOKUP(M96,'Civil Level'!$M$2:$N$172,2,FALSE)) -> 000 | T96: =O96&"."&P96&"."&Q96 -> 3.04.010
A97: 31 | B97: Ss_15_30_15_66 | C97: 15 | D97: 30 | E97: 15 | F97: 66 | G97: Preliminary masonry cleaning systems | J97: Maintenance Costs (MC) | K97: Non-structural works | L97: Non-structural removal and alterations | O97: =IF(J97=0, "00", VLOOKUP(J97,'Civil Level'!$D$2:$E$100,2,FALSE)) -> 5 | P97: =IF(K97=0,"00",VLOOKUP(K97,'Civil Level'!$G$2:$H$100,2,FALSE)) -> 04 | Q97: =IF(L97=0,"000",VLOOKUP(L97,'Civil Level'!$J$2:$K$200,2,FALSE)) -> 010 | R97: =IF(M97=0,"000",VLOOKUP(M97,'Civil Level'!$M$2:$N$172,2,FALSE)) -> 000 | T97: =O97&"."&P97&"."&Q97 -> 5.04.010
A98: 32 | B98: Ss_15_30_17 | C98: 15 | D98: 30 | E98: 17 | G98: Concrete repair and renovation systems | J98: Construction Costs (CC) | K98: Non-structural works | L98: Non-structural removal and alterations | O98: =IF(J98=0, "00", VLOOKUP(J98,'Civil Level'!$D$2:$E$100,2,FALSE)) -> 2 | P98: =IF(K98=0,"00",VLOOKUP(K98,'Civil Level'!$G$2:$H$100,2,FALSE)) -> 04 | Q98: =IF(L98=0,"000",VLOOKUP(L98,'Civil Level'!$J$2:$K$200,2,FALSE)) -> 010 | R98: =IF(M98=0,"000",VLOOKUP(M98,'Civil Level'!$M$2:$N$172,2,FALSE)) -> 000 | T98: =O98&"."&P98&"."&Q98 -> 2.04.010
A99: 32 | B99: Ss_15_30_17 | C99: 15 | D99: 30 | E99: 17 | G99: Concrete repair and renovation systems | J99: Renewal Costs (RC) | K99: Non-structural works | L99: Non-structural removal and alterations | O99: =IF(J99=0, "00", VLOOKUP(J99,'Civil Level'!$D$2:$E$100,2,FALSE)) -> 3 | P99: =IF(K99=0,"00",VLOOKUP(K99,'Civil Level'!$G$2:$H$100,2,FALSE)) -> 04 | Q99: =IF(L99=0,"000",VLOOKUP(L99,'Civil Level'!$J$2:$K$200,2,FALSE)) -> 010 | R99: =IF(M99=0,"000",VLOOKUP(M99,'Civil Level'!$M$2:$N$172,2,FALSE)) -> 000 | T99: =O99&"."&P99&"."&Q99 -> 3.04.010
A100: 32 | B100: Ss_15_30_17 | C100: 15 | D100: 30 | E100: 17 | G100: Concrete repair and renovation systems | J100: Maintenance Costs (MC) | K100: Non-structural works | L100: Non-structural removal and alterations | O100: =IF(J100=0, "00", VLOOKUP(J100,'Civil Level'!$D$2:$E$100,2,FALSE)) -> 5 | P100: =IF(K100=0,"00",VLOOKUP(K100,'Civil Level'!$G$2:$H$100,2,FALSE)) -> 04 | Q100: =IF(L100=0,"000",VLOOKUP(L100,'Civil Level'!$J$2:$K$200,2,FALSE)) -> 010 | R100: =IF(M100=0,"000",VLOOKUP(M100,'Civil Level'!$M$2:$N$172,2,FALSE)) -> 000 | T100: =O100&"."&P100&"."&Q100 -> 5.04.010
A101: 33 | B101: Ss_15_30_17_10 | C101: 15 | D101: 30 | E101: 17 | F101: 10 | G101: Bonded steel plate repair systems | J101: Construction Costs (CC) | K101: Non-structural works | L101: Non-structural removal and alterations | O101: =IF(J101=0, "00", VLOOKUP(J101,'Civil Level'!$D$2:$E$100,2,FALSE)) -> 2 | P101: =IF(K101=0,"00",VLOOKUP(K101,'Civil Level'!$G$2:$H$100,2,FALSE)) -> 04 | Q101: =IF(L101=0,"000",VLOOKUP(L101,'Civil Level'!$J$2:$K$200,2,FALSE)) -> 010 | R101: =IF(M101=0,"000",VLOOKUP(M101,'Civil Level'!$M$2:$N$172,2,FALSE)) -> 000 | T101: =O101&"."&P101&"."&Q101 -> 2.04.010
A102: 33 | B102: Ss_15_30_17_10 | C102: 15 | D102: 30 | E102: 17 | F102: 10 | G102: Bonded steel plate repair systems | J102: Renewal Costs (RC) | K102: Non-structural works | L102: Non-structural removal and alterations | O102: =IF(J102=0, "00", VLOOKUP(J102,'Civil Level'!$D$2:$E$100,2,FALSE)) -> 3 | P102: =IF(K102=0,"00",VLOOKUP(K102,'Civil Level'!$G$2:$H$100,2,FALSE)) -> 04 | Q102: =IF(L102=0,"000",VLOOKUP(L102,'Civil Level'!$J$2:$K$200,2,FALSE)) -> 010 | R102: =IF(M102=0,"000",VLOOKUP(M102,'Civil Level'!$M$2:$N$172,2,FALSE)) -> 000 | T102: =O102&"."&P102&"."&Q102 -> 3.04.010
A103: 33 | B103: Ss_15_30_17_10 | C103: 15 | D103: 30 | E103: 17 | F103: 10 | G103: Bonded steel plate repair systems | J103: Maintenance Costs (MC) | K103: Non-structural works | L103: Non-structural removal and alterations | O103: =IF(J103=0, "00", VLOOKUP(J103,'Civil Level'!$D$2:$E$100,2,FALSE)) -> 5 | P103: =IF(K103=0,"00",VLOOKUP(K103,'Civil Level'!$G$2:$H$100,2,FALSE)) -> 04 | Q103: =IF(L103=0,"000",VLOOKUP(L103,'Civil Level'!$J$2:$K$200,2,FALSE)) -> 010 | R103: =IF(M103=0,"000",VLOOKUP(M103,'Civil Level'!$M$2:$N$172,2,FALSE)) -> 000 | T103: =O103&"."&P103&"."&Q103 -> 5.04.010
A104: 34 | B104: Ss_15_30_17_12 | C104: 15 | D104: 30 | E104: 17 | F104: 12 | G104: Concrete crack repair or filling systems | J104: Construction Costs (CC) | K104: Non-structural works | L104: Non-structural removal and alterations | O104: =IF(J104=0, "00", VLOOKUP(J104,'Civil Level'!$D$2:$E$100,2,FALSE)) -> 2 | P104: =IF(K104=0,"00",VLOOKUP(K104,'Civil Level'!$G$2:$H$100,2,FALSE)) -> 04 | Q104: =IF(L104=0,"000",VLOOKUP(L104,'Civil Level'!$J$2:$K$200,2,FALSE)) -> 010 | R104: =IF(M104=0,"000",VLOOKUP(M104,'Civil Level'!$M$2:$N$172,2,FALSE)) -> 000 | T104: =O104&"."&P104&"."&Q104 -> 2.04.010
A105: 34 | B105: Ss_15_30_17_12 | C105: 15 | D105: 30 | E105: 17 | F105: 12 | G105: Concrete crack repair or filling systems | J105: Renewal Costs (RC) | K105: Non-structural works | L105: Non-structural removal and alterations | O105: =IF(J105=0, "00", VLOOKUP(J105,'Civil Level'!$D$2:$E$100,2,FALSE)) -> 3 | P105: =IF(K105=0,"00",VLOOKUP(K105,'Civil Level'!$G$2:$H$100,2,FALSE)) -> 04 | Q105: =IF(L105=0,"000",VLOOKUP(L105,'Civil Level'!$J$2:$K$200,2,FALSE)) -> 010 | R105: =IF(M105=0,"000",VLOOKUP(M105,'Civil Level'!$M$2:$N$172,2,FALSE)) -> 000 | T105: =O105&"."&P105&"."&Q105 -> 3.04.010
A106: 34 | B106: Ss_15_30_17_12 | C106: 15 | D106: 30 | E106: 17 | F106: 12 | G106: Concrete crack repair or filling systems | J106: Maintenance Costs (MC) | K106: Non-structural works | L106: Non-structural removal and alterations | O106: =IF(J106=0, "00", VLOOKUP(J106,'Civil Level'!$D$2:$E$100,2,FALSE)) -> 5 | P106: =IF(K106=0,"00",VLOOKUP(K106,'Civil Level'!$G$2:$H$100,2,FALSE)) -> 04 | Q106: =IF(L106=0,"000",VLOOKUP(L106,'Civil Level'!$J$2:$K$200,2,FALSE)) -> 010 | R106: =IF(M106=0,"000",VLOOKUP(M106,'Civil Level'!$M$2:$N$172,2,FALSE)) -> 000 | T106: =O106&"."&P106&"."&Q106 -> 5.04.010
A107: 35 | B107: Ss_15_30_17_14 | C107: 15 | D107: 30 | E107: 17 | F107: 14 | G107: Concrete mortar or overlay systems | J107: Construction Costs (CC) | K107: Non-structural works | L107: Non-structural removal and alterations | O107: =IF(J107=0, "00", VLOOKUP(J107,'Civil Level'!$D$2:$E$100,2,FALSE)) -> 2 | P107: =IF(K107=0,"00",VLOOKUP(K107,'Civil Level'!$G$2:$H$100,2,FALSE)) -> 04 | Q107: =IF(L107=0,"000",VLOOKUP(L107,'Civil Level'!$J$2:$K$200,2,FALSE)) -> 010 | R107: =IF(M107=0,"000",VLOOKUP(M107,'Civil Level'!$M$2:$N$172,2,FALSE)) -> 000 | T107: =O107&"."&P107&"."&Q107 -> 2.04.010
A108: 35 | B108: Ss_15_30_17_14 | C108: 15 | D108: 30 | E108: 17 | F108: 14 | G108: Concrete mortar or overlay systems | J108: Renewal Costs (RC) | K108: Non-structural works | L108: Non-structural removal and alterations | O108: =IF(J108=0, "00", VLOOKUP(J108,'Civil Level'!$D$2:$E$100,2,FALSE)) -> 3 | P108: =IF(K108=0,"00",VLOOKUP(K108,'Civil Level'!$G$2:$H$100,2,FALSE)) -> 04 | Q108: =IF(L108=0,"000",VLOOKUP(L108,'Civil Level'!$J$2:$K$200,2,FALSE)) -> 010 | R108: =IF(M108=0,"000",VLOOKUP(M108,'Civil Level'!$M$2:$N$172,2,FALSE)) -> 000 | T108: =O108&"."&P108&"."&Q108 -> 3.04.010
A109: 35 | B109: Ss_15_30_17_14 | C109: 15 | D109: 30 | E109: 17 | F109: 14 | G109: Concrete mortar or overlay systems | J109: Maintenance Costs (MC) | K109: Non-structural works | L109: Non-structural removal and alterations | O109: =IF(J109=0, "00", VLOOKUP(J109,'Civil Level'!$D$2:$E$100,2,FALSE)) -> 5 | P109: =IF(K109=0,"00",VLOOKUP(K109,'Civil Level'!$G$2:$H$100,2,FALSE)) -> 04 | Q109: =IF(L109=0,"000",VLOOKUP(L109,'Civil Level'!$J$2:$K$200,2,FALSE)) -> 010 | R109: =IF(M109=0,"000",VLOOKUP(M109,'Civil Level'!$M$2:$N$172,2,FALSE)) -> 000 | T109: =O109&"."&P109&"."&Q109 -> 5.04.010
A110: 36 | B110: Ss_15_30_17_16 | C110: 15 | D110: 30 | E110: 17 | F110: 16 | G110: Concrete protective coating systems | J110: Construction Costs (CC) | K110: Non-structural works | L110: Non-structural removal and alterations | O110: =IF(J110=0, "00", VLOOKUP(J110,'Civil Level'!$D$2:$E$100,2,FALSE)) -> 2 | P110: =IF(K110=0,"00",VLOOKUP(K110,'Civil Level'!$G$2:$H$100,2,FALSE)) -> 04 | Q110: =IF(L110=0,"000",VLOOKUP(L110,'Civil Level'!$J$2:$K$200,2,FALSE)) -> 010 | R110: =IF(M110=0,"000",VLOOKUP(M110,'Civil Level'!$M$2:$N$172,2,FALSE)) -> 000 | T110: =O110&"."&P110&"."&Q110 -> 2.04.010
...
